Workbook
Name __xlnm__FilterDatabase: 'BM - 01'!$A$5:$O$209
Name __xlnm_Print_Area: 'BM - 01'!$A$1:$O$209
Name __xlnm_Print_Titles: 'BM - 01'!$4:$5
Name _FilterDatabase_0: 'BM - 01'!$D$5:$N$209
Name Excel_BuiltIn__FilterDatabase: 'BM - 01'!$A$5:$O$209
Name Excel_BuiltIn_Print_Area: 'BM - 01'!$A$1:$O$209
Name Excel_BuiltIn_Print_Titles: 'BM - 01'!$4:$5
Name Print_Titles: 'BM - 01'!$4:$5
Name __xlnm__FilterDatabase: 'BM - 02'!$A$5:$O$209
Name __xlnm_Print_Area: 'BM - 02'!$A$1:$O$209
Name __xlnm_Print_Titles: 'BM - 02'!$4:$5
Name _FilterDatabase_0: 'BM - 02'!$D$5:$N$209
Name Excel_BuiltIn__FilterDatabase: 'BM - 02'!$A$5:$O$209
Name Excel_BuiltIn_Print_Area: 'BM - 02'!$A$1:$O$209
Name Excel_BuiltIn_Print_Titles: 'BM - 02'!$4:$5
Name Print_Titles: 'BM - 02'!$4:$5
Name __xlnm__FilterDatabase: 'BM - 001'!$A$5:$O$271
Name __xlnm_Print_Area: 'BM - 001'!$A$1:$O$271
Name __xlnm_Print_Titles: 'BM - 001'!$4:$5
Name _FilterDatabase_0: 'BM - 001'!$D$5:$N$271
Name Excel_BuiltIn__FilterDatabase: 'BM - 001'!$A$5:$O$271
Name Excel_BuiltIn_Print_Area: 'BM - 001'!$A$1:$O$271
Name Excel_BuiltIn_Print_Titles: 'BM - 001'!$4:$5
Name __xlnm__FilterDatabase: BMs_Acum!$A$5:$X$450
Name __xlnm_Print_Area: BMs_Acum!$A$1:$X$450
Name __xlnm_Print_Titles: BMs_Acum!$4:$5
Name _FilterDatabase_0: BMs_Acum!$D$5:$W$450
Name Excel_BuiltIn__FilterDatabase: BMs_Acum!$A$5:$X$450
Name Excel_BuiltIn_Print_Area: BMs_Acum!$A$1:$X$450
Name Excel_BuiltIn_Print_Titles: BMs_Acum!$4:$5
Name Print_Titles: BMs_Acum!$4:$5
Name __xlnm__FilterDatabase: BMs_Cronograma!$A$5:$X$450
Name __xlnm_Print_Area: BMs_Cronograma!$A$1:$X$450
Name __xlnm_Print_Titles: BMs_Cronograma!$4:$5
Name _FilterDatabase_0: BMs_Cronograma!$D$5:$W$450
Name Excel_BuiltIn__FilterDatabase: BMs_Cronograma!$A$5:$X$450
Name Excel_BuiltIn_Print_Area: BMs_Cronograma!$A$1:$X$450
Name Excel_BuiltIn_Print_Titles: BMs_Cronograma!$4:$5
Name Print_Titles: BMs_Cronograma!$4:$5
Name __xlnm__FilterDatabase: Avanço_FISICOxFINANCEIRO!$A$4:$I$186
Name __xlnm_Print_Area: Avanço_FISICOxFINANCEIRO!$A$1:$I$186
Name __xlnm_Print_Titles: NA()
Name _FilterDatabase_0: Avanço_FISICOxFINANCEIRO!$B$4:$I$186
Name Excel_BuiltIn__FilterDatabase: Avanço_FISICOxFINANCEIRO!$A$4:$I$186
Name Excel_BuiltIn_Print_Area: Avanço_FISICOxFINANCEIRO!$A$1:$I$186
Name Excel_BuiltIn_Print_Titles: NA()
Name Print_Titles: Avanço_FISICOxFINANCEIRO!$4:$4
Name Excel_BuiltIn_Print_Area: FOTOS!$B$1:$J$174
Name Excel_BuiltIn_Print_Area: CROQUI!$B$1:$J$174

Sheet BM - 01
A1: COMPLEMENTAÇÃO PARA A CONCLUSÃO DA CONSTRUÇÃO DA BARRAGEM DE CAPTAÇÃO NO RIACHO GUARAREMA. | D1: BOLETIM DE MEDIÇÃO | I1: CONTRATO Nº: | J1: 07/2026 | K1: ORDEM DE SERVIÇO: 00191/2026 | N1: 1
I2: DATA CONTR. | J2: 44975
D3: Período: | E3: 03/02/2026 a 31/03/2026 | I3: INICIO: | J3: 46056 | K3: TERM. PREV.: | L3: =J3+150 -> 46206
A4: ITEM | B4: DESCRIÇÃO | C4: UN | D4: Quantidades | J4: Valores ( R$ ) | O4: % med acum
D5: Contratada atualizada | E5: Acumulada Anterior | F5: No Período | G5: Acumulada Atual | H5: Saldo à Medir | I5: Preço Unitário (R$) | J5: Contratada atualizada | K5: Acumulada Anterior | L5: No Período | M5: Acumulada Atual | N5: Saldo à Medir
A6: 001 | B6: SERVIÇOS PRELIMINARES | P6: BM 01
A7: 001.001 | B7: RECURSOS HUMANOS
A8: 001.001.001 | B8: ENGENHEIRO CIVIL DE OBRA JUNIOR COM ENCARGOS COMPLEMENTARES | C8: H | D8: 176 | E8: 0 | F8: 126.28 | G8: =ROUND(E8+F8,2) -> 126.28 | H8: =ROUND(D8-G8,2) -> 49.72 | I8: 159.88 | J8: =ROUND(I8*D8,2) -> 28138.88 | K8: =ROUND(E8*I8,2) -> 0 | L8: =ROUND(F8*I8,2) -> 20189.65 | M8: =ROUND(G8*I8,2) -> 20189.65 | N8: =ROUND(J8-M8,2) -> 7949.23 | O8: =M8/J8 -> 0.71750013
A9: 001.001.002 | B9: MESTRE DE OBRAS COM ENCARGOS COMPLEMENTARES | C9: H | D9: 176 | E9: 0 | F9: 126.28 | G9: =ROUND(E9+F9,2) -> 126.28 | H9: =ROUND(D9-G9,2) -> 49.72 | I9: 81.82 | J9: =ROUND(I9*D9,2) -> 14400.32 | K9: =ROUND(E9*I9,2) -> 0 | L9: =ROUND(F9*I9,2) -> 10332.23 | M9: =ROUND(G9*I9,2) -> 10332.23 | N9: =ROUND(J9-M9,2) -> 4068.09 | O9: =M9/J9 -> 0.71750003
A10: 001.002 | B10: RECURSOS MATERIAIS
A11: 001.002.001 | B11: Veículo Novo, tipo pick-up 4x4, cabine dupla, motor dies el, inclusive combustível, sem motorista (rodagem média mensal 5.000Km), manutenção, seguro e despesas com licen ciamento | C11: h | D11: 176 | E11: 0 | F11: 126.28 | G11: =ROUND(E11+F11,2) -> 126.28 | H11: =ROUND(D11-G11,2) -> 49.72 | I11: 34.03 | J11: =ROUND(I11*D11,2) -> 5989.28 | K11: =ROUND(E11*I11,2) -> 0 | L11: =ROUND(F11*I11,2) -> 4297.31 | M11: =ROUND(G11*I11,2) -> 4297.31 | N11: =ROUND(J11-M11,2) -> 1691.97 | O11: =M11/J11 -> 0.71750027
A12: 002 | B12: DRENAGEM
A13: 002.001 | B13: DRENAGEM PLUVIAL ETA
A14: 002.001.001 | B14: LOCAÇÃO DE REDE DE ÁGUA OU ESGOTO. AF_03/2024 | C14: M | D14: 250 | E14: 0 | F14: 250 | G14: =ROUND(E14+F14,2) -> 250 | H14: =ROUND(D14-G14,2) -> 0 | I14: 10.64 | J14: =ROUND(I14*D14,2) -> 2660 | K14: =ROUND(E14*I14,2) -> 0 | L14: =ROUND(F14*I14,2) -> 2660 | M14: =ROUND(G14*I14,2) -> 2660 | N14: =ROUND(J14-M14,2) -> 0 | O14: =M14/J14 -> 1
A15: 002.001.002 | B15: SINALIZAÇÃO DIURNA COM TELA TAPUME EM PVC - 10 USOS | C15: M | D15: 120 | E15: 0 | F15: 120 | G15: =ROUND(E15+F15,2) -> 120 | H15: =ROUND(D15-G15,2) -> 0 | I15: 4.38 | J15: =ROUND(I15*D15,2) -> 525.6 | K15: =ROUND(E15*I15,2) -> 0 | L15: =ROUND(F15*I15,2) -> 525.6 | M15: =ROUND(G15*I15,2) -> 525.6 | N15: =ROUND(J15-M15,2) -> 0 | O15: =M15/J15 -> 1
A16: 002.001.003 | B16: ESCAVAÇÃO COM RETRO-ESCAVADEIRA DE PNEUS, DE VALAS, EM MATERIAL DE 2ª CATEGORIA ATÉ 1,50M DE PROFUNDIDADEESCAVAÇÃO COM RETRO-ESCAVADEIRA DE PNEUS, DE VALAS, EM MATERIAL DE 2ª CATEGORIA ATÉ 1,50M DE PROFUNDIDADE | C16: M3 | D16: 474.95 | E16: 0 | F16: 299.52 | G16: =ROUND(E16+F16,2) -> 299.52 | H16: =ROUND(D16-G16,2) -> 175.43 | I16: 13.11 | J16: =ROUND(I16*D16,2) -> 6226.59 | K16: =ROUND(E16*I16,2) -> 0 | L16: =ROUND(F16*I16,2) -> 3926.71 | M16: =ROUND(G16*I16,2) -> 3926.71 | N16: =ROUND(J16-M16,2) -> 2299.88 | O16: =M16/J16 -> 0.63063571
A17: 002.001.004 | B17: ESCAVAÇÃO DE VALA A FRIO, EM MATERIAL DE 3ª CATEGORIA, COM PERFURATRIZ MANUAL E COMPRESSOR | C17: M3 | D17: 150.25 | E17: 0 | F17: 0 | G17: =ROUND(E17+F17,2) -> 0 | H17: =ROUND(D17-G17,2) -> 150.25 | I17: 279.54 | J17: =ROUND(I17*D17,2) -> 42000.89 | K17: =ROUND(E17*I17,2) -> 0 | L17: =ROUND(F17*I17,2) -> 0 | M17: =ROUND(G17*I17,2) -> 0 | N17: =ROUND(J17-M17,2) -> 42000.89 | O17: =M17/J17 -> 0
A18: 002.001.005 | B18: REGULARIZAÇÃO MANUAL | C18: M2 | D18: 300 | E18: 0 | F18: 144 | G18: =ROUND(E18+F18,2) -> 144 | H18: =ROUND(D18-G18,2) -> 156 | I18: 6.95 | J18: =ROUND(I18*D18,2) -> 2085 | K18: =ROUND(E18*I18,2) -> 0 | L18: =ROUND(F18*I18,2) -> 1000.8 | M18: =ROUND(G18*I18,2) -> 1000.8 | N18: =ROUND(J18-M18,2) -> 1084.2 | O18: =M18/J18 -> 0.48
A19: 002.001.006 | B19: ESCORAMENTO DE VALAS TIPO CONTÍNUO ESPECIAL | C19: M2 | D19: 1100 | E19: 0 | F19: 499.2 | G19: =ROUND(E19+F19,2) -> 499.2 | H19: =ROUND(D19-G19,2) -> 600.8 | I19: 83.79 | J19: =ROUND(I19*D19,2) -> 92169 | K19: =ROUND(E19*I19,2) -> 0 | L19: =ROUND(F19*I19,2) -> 41827.97 | M19: =ROUND(G19*I19,2) -> 41827.97 | N19: =ROUND(J19-M19,2) -> 50341.03 | O19: =M19/J19 -> 0.4538182
A20: 002.001.007 | B20: COLCHÃO DE AREIA | C20: M3 | D20: 45 | E20: 0 | F20: 21.6 | G20: =ROUND(E20+F20,2) -> 21.6 | H20: =ROUND(D20-G20,2) -> 23.4 | I20: 149.01 | J20: =ROUND(I20*D20,2) -> 6705.45 | K20: =ROUND(E20*I20,2) -> 0 | L20: =ROUND(F20*I20,2) -> 3218.62 | M20: =ROUND(G20*I20,2) -> 3218.62 | N20: =ROUND(J20-M20,2) -> 3486.83 | O20: =M20/J20 -> 0.4800006
A21: 002.001.008 | B21: FORNECIMENTO E ASSENTAMENTO DE TUBO DE CONCRETO ARMADO CA2 D=0,60 M | C21: M | D21: 250 | E21: 0 | F21: 120 | G21: =ROUND(E21+F21,2) -> 120 | H21: =ROUND(D21-G21,2) -> 130 | I21: 296.89 | J21: =ROUND(I21*D21,2) -> 74222.5 | K21: =ROUND(E21*I21,2) -> 0 | L21: =ROUND(F21*I21,2) -> 35626.8 | M21: =ROUND(G21*I21,2) -> 35626.8 | N21: =ROUND(J21-M21,2) -> 38595.7 | O21: =M21/J21 -> 0.48
A22: 002.001.009 | B22: REATERRO MANUAL DE VALAS OU ÁREAS, COMPACTADO MANUALMENTE A 95% DO PN, COM PLACA VIBRATÓRIAREATERRO MANUAL DE VALAS OU ÁREAS, COMPACTADO MANUALMENTE A 95% DO PN, COM PLACA VIBRATÓRIA | C22: M3 | D22: 425.25 | E22: 0 | F22: 253.34 | G22: =ROUND(E22+F22,2) -> 253.34 | H22: =ROUND(D22-G22,2) -> 171.91 | I22: 25.59 | J22: =ROUND(I22*D22,2) -> 10882.15 | K22: =ROUND(E22*I22,2) -> 0 | L22: =ROUND(F22*I22,2) -> 6482.97 | M22: =ROUND(G22*I22,2) -> 6482.97 | N22: =ROUND(J22-M22,2) -> 4399.18 | O22: =M22/J22 -> 0.59574349
A23: 002.001.010 | B23: CAIXA DE PASSAGEM / POÇO DE VISITA EM CONCRETO ARMADO FCK=18 MPA, INCLUSIVE TAMPA, DIMENSÕES INTERNAS 1.00 X 1.00 X 1.50 M | C23: UN | D23: 10 | E23: 0 | F23: 4 | G23: =ROUND(E23+F23,2) -> 4 | H23: =ROUND(D23-G23,2) -> 6 | I23: 4405.39 | J23: =ROUND(I23*D23,2) -> 44053.9 | K23: =ROUND(E23*I23,2) -> 0 | L23: =ROUND(F23*I23,2) -> 17621.56 | M23: =ROUND(G23*I23,2) -> 17621.56 | N23: =ROUND(J23-M23,2) -> 26432.34 | O23: =M23/J23 -> 0.4
A24: 002.001.011 | B24: PONTA DE ALA EM CONCRETO CICLÓPICO, PARA TUBOS DE CONCRETO (SIMPLES) D=0.40 À 0.60 M | C24: UN | D24: 1 | E24: 0 | F24: 0 | G24: =ROUND(E24+F24,2) -> 0 | H24: =ROUND(D24-G24,2) -> 1 | I24: 2138.66 | J24: =ROUND(I24*D24,2) -> 2138.66 | K24: =ROUND(E24*I24,2) -> 0 | L24: =ROUND(F24*I24,2) -> 0 | M24: =ROUND(G24*I24,2) -> 0 | N24: =ROUND(J24-M24,2) -> 2138.66 | O24: =M24/J24 -> 0
A25: 002.002 | B25: ENTROCAMENTO REDE DE ABASTECIMENTO DN 400
A26: 002.002.001 | B26: SERVIÇOS PRELIMINARES
A27: 002.002.001.001 | B27: LOCAÇÃO DE REDE DE ÁGUA OU ESGOTO. AF_03/2024 | C27: M | D27: 100 | E27: 0 | F27: 0 | G27: =ROUND(E27+F27,2) -> 0 | H27: =ROUND(D27-G27,2) -> 100 | I27: 10.64 | J27: =ROUND(I27*D27,2) -> 1064 | K27: =ROUND(E27*I27,2) -> 0 | L27: =ROUND(F27*I27,2) -> 0 | M27: =ROUND(G27*I27,2) -> 0 | N27: =ROUND(J27-M27,2) -> 1064 | O27: =M27/J27 -> 0
A28: 002.002.001.002 | B28: SINALIZAÇÃO DIURNA COM TELA TAPUME EM PVC - 10 USOS | C28: M | D28: 100 | E28: 0 | F28: 0 | G28: =ROUND(E28+F28,2) -> 0 | H28: =ROUND(D28-G28,2) -> 100 | I28: 4.38 | J28: =ROUND(I28*D28,2) -> 438 | K28: =ROUND(E28*I28,2) -> 0 | L28: =ROUND(F28*I28,2) -> 0 | M28: =ROUND(G28*I28,2) -> 0 | N28: =ROUND(J28-M28,2) -> 438 | O28: =M28/J28 -> 0
A29: 002.002.001.003 | B29: SINALIZAÇÃO DE VALAS COM PLACAS INDICATIVAS | C29: M | D29: 100 | E29: 0 | F29: 0 | G29: =ROUND(E29+F29,2) -> 0 | H29: =ROUND(D29-G29,2) -> 100 | I29: 4.07 | J29: =ROUND(I29*D29,2) -> 407 | K29: =ROUND(E29*I29,2) -> 0 | L29: =ROUND(F29*I29,2) -> 0 | M29: =ROUND(G29*I29,2) -> 0 | N29: =ROUND(J29-M29,2) -> 407 | O29: =M29/J29 -> 0
A30: 002.002.002 | B30: REMOÇÃO DE PAVIMENTAÇÃO
A31: 002.002.002.001 | B31: DEMOLIÇÃO DE PAVIMENTAÇÃO (CAPA) ASFÁLTICA | C31: M2 | D31: 15.25 | E31: 0 | F31: 0 | G31: =ROUND(E31+F31,2) -> 0 | H31: =ROUND(D31-G31,2) -> 15.25 | I31: 6.27 | J31: =ROUND(I31*D31,2) -> 95.62 | K31: =ROUND(E31*I31,2) -> 0 | L31: =ROUND(F31*I31,2) -> 0 | M31: =ROUND(G31*I31,2) -> 0 | N31: =ROUND(J31-M31,2) -> 95.62 | O31: =M31/J31 -> 0
A32: 002.002.002.002 | B32: CARGA MANUAL DE MATERIAL DE 1ª CATEGORIA | C32: M3 | D32: 218.75 | E32: 0 | F32: 0 | G32: =ROUND(E32+F32,2) -> 0 | H32: =ROUND(D32-G32,2) -> 218.75 | I32: 13.87 | J32: =ROUND(I32*D32,2) -> 3034.06 | K32: =ROUND(E32*I32,2) -> 0 | L32: =ROUND(F32*I32,2) -> 0 | M32: =ROUND(G32*I32,2) -> 0 | N32: =ROUND(J32-M32,2) -> 3034.06 | O32: =M32/J32 -> 0
A33: 002.002.002.003 | B33: TRANSPORTE LOCAL COM CAMINHÃO BASCULANTE DE 10M³, EM RODOVIA NÃO PAVIMENTADA (CONSTRUÇÃO) DENSIDADE=1,5T/M³TRANSPORTE LOCAL COM CAMINHÃO BASCULANTE DE 10M³, EM RODOVIA NÃO PAVIMENTADA (CONSTRUÇÃO) DENSIDADE=1,5T/M³ | C33: TKM | D33: 178.75 | E33: 0 | F33: 0 | G33: =ROUND(E33+F33,2) -> 0 | H33: =ROUND(D33-G33,2) -> 178.75 | I33: 1.37 | J33: =ROUND(I33*D33,2) -> 244.89 | K33: =ROUND(E33*I33,2) -> 0 | L33: =ROUND(F33*I33,2) -> 0 | M33: =ROUND(G33*I33,2) -> 0 | N33: =ROUND(J33-M33,2) -> 244.89 | O33: =M33/J33 -> 0
A34: 002.002.002.004 | B34: Descarte de resíduos da construção civil em área licenci ada | C34: t | D34: 22.87 | E34: 0 | F34: 0 | G34: =ROUND(E34+F34,2) -> 0 | H34: =ROUND(D34-G34,2) -> 22.87 | I34: 37.45 | J34: =ROUND(I34*D34,2) -> 856.48 | K34: =ROUND(E34*I34,2) -> 0 | L34: =ROUND(F34*I34,2) -> 0 | M34: =ROUND(G34*I34,2) -> 0 | N34: =ROUND(J34-M34,2) -> 856.48 | O34: =M34/J34 -> 0
A35: 002.002.003 | B35: ABERTURA DE VALAS
A36: 002.002.003.001 | B36: ESCAVAÇÃO MECANIZADA DE VALA COM PROF. ATÉ 1,5 M (MÉDIA MONTANTE E JUSANTE/UMA COMPOSIÇÃO POR TRECHO), RETROESCAV. (0,26 M3), LARG. MENOR QUE 0,8 M, EM SOLO DE 1A CATEGORIA, EM LOCAIS COM ALTO NÍVEL DE INTERFERÊNCIA. AF_09/2024 | C36: M3 | D36: 300 | E36: 0 | F36: 0 | G36: =ROUND(E36+F36,2) -> 0 | H36: =ROUND(D36-G36,2) -> 300 | I36: 18.5 | J36: =ROUND(I36*D36,2) -> 5550 | K36: =ROUND(E36*I36,2) -> 0 | L36: =ROUND(F36*I36,2) -> 0 | M36: =ROUND(G36*I36,2) -> 0 | N36: =ROUND(J36-M36,2) -> 5550 | O36: =M36/J36 -> 0
A37: 002.002.003.002 | B37: CARGA MANUAL DE MATERIAL DE 1ª CATEGORIA | C37: M3 | D37: 218.75 | E37: 0 | F37: 0 | G37: =ROUND(E37+F37,2) -> 0 | H37: =ROUND(D37-G37,2) -> 218.75 | I37: 13.87 | J37: =ROUND(I37*D37,2) -> 3034.06 | K37: =ROUND(E37*I37,2) -> 0 | L37: =ROUND(F37*I37,2) -> 0 | M37: =ROUND(G37*I37,2) -> 0 | N37: =ROUND(J37-M37,2) -> 3034.06 | O37: =M37/J37 -> 0
A38: 002.002.003.003 | B38: TRANSPORTE LOCAL COM CAMINHÃO BASCULANTE DE 10M³, EM RODOVIA NÃO PAVIMENTADA (CONSTRUÇÃO) DENSIDADE=1,5T/M³TRANSPORTE LOCAL COM CAMINHÃO BASCULANTE DE 10M³, EM RODOVIA NÃO PAVIMENTADA (CONSTRUÇÃO) DENSIDADE=1,5T/M³ | C38: TKM | D38: 10500 | E38: 0 | F38: 0 | G38: =ROUND(E38+F38,2) -> 0 | H38: =ROUND(D38-G38,2) -> 10500 | I38: 1.37 | J38: =ROUND(I38*D38,2) -> 14385 | K38: =ROUND(E38*I38,2) -> 0 | L38: =ROUND(F38*I38,2) -> 0 | M38: =ROUND(G38*I38,2) -> 0 | N38: =ROUND(J38-M38,2) -> 14385 | O38: =M38/J38 -> 0
A39: 002.002.004 | B39: ASSENTAMENTO DE TUBOS
A40: 002.002.004.001 | B40: ASSENTAMENTO DE TUBOS EM FERRO FUNDIDO, JUNTA MECÂNICA, DIAM.= 400 MM | C40: M | D40: 100 | E40: 0 | F40: 0 | G40: =ROUND(E40+F40,2) -> 0 | H40: =ROUND(D40-G40,2) -> 100 | I40: 27.17 | J40: =ROUND(I40*D40,2) -> 2717 | K40: =ROUND(E40*I40,2) -> 0 | L40: =ROUND(F40*I40,2) -> 0 | M40: =ROUND(G40*I40,2) -> 0 | N40: =ROUND(J40-M40,2) -> 2717 | O40: =M40/J40 -> 0
A41: 002.002.005 | B41: FECHAMENTO DE VALA
A42: 002.002.005.001 | B42: REGULARIZAÇÃO MANUAL | C42: M2 | D42: 300 | E42: 0 | F42: 0 | G42: =ROUND(E42+F42,2) -> 0 | H42: =ROUND(D42-G42,2) -> 300 | I42: 6.95 | J42: =ROUND(I42*D42,2) -> 2085 | K42: =ROUND(E42*I42,2) -> 0 | L42: =ROUND(F42*I42,2) -> 0 | M42: =ROUND(G42*I42,2) -> 0 | N42: =ROUND(J42-M42,2) -> 2085 | O42: =M42/J42 -> 0
A43: 002.002.005.002 | B43: ATERRO DE ÁREAS,COM MATERIAL ADQUIRIDO EM DEPÓSITO, COM ESPALHAMENTO MANUAL, SEM COMPACTAÇÃO. | C43: M3 | D43: 248.5 | E43: 0 | F43: 0 | G43: =ROUND(E43+F43,2) -> 0 | H43: =ROUND(D43-G43,2) -> 248.5 | I43: 159.5 | J43: =ROUND(I43*D43,2) -> 39635.75 | K43: =ROUND(E43*I43,2) -> 0 | L43: =ROUND(F43*I43,2) -> 0 | M43: =ROUND(G43*I43,2) -> 0 | N43: =ROUND(J43-M43,2) -> 39635.75 | O43: =M43/J43 -> 0
A44: 002.002.005.003 | B44: TRANSPORTE LOCAL COM CAMINHÃO BASCULANTE DE 10M³, EM RODOVIA NÃO PAVIMENTADA (CONSTRUÇÃO) DENSIDADE=1,5T/M³TRANSPORTE LOCAL COM CAMINHÃO BASCULANTE DE 10M³, EM RODOVIA NÃO PAVIMENTADA (CONSTRUÇÃO) DENSIDADE=1,5T/M³ | C44: TKM | D44: 13046.25 | E44: 0 | F44: 0 | G44: =ROUND(E44+F44,2) -> 0 | H44: =ROUND(D44-G44,2) -> 13046.25 | I44: 1.37 | J44: =ROUND(I44*D44,2) -> 17873.36 | K44: =ROUND(E44*I44,2) -> 0 | L44: =ROUND(F44*I44,2) -> 0 | M44: =ROUND(G44*I44,2) -> 0 | N44: =ROUND(J44-M44,2) -> 17873.36 | O44: =M44/J44 -> 0
A45: 002.002.006 | B45: ROPOSIÇÃO DE PAVIMENTAÇÃO
A46: 002.002.006.001 | B46: REPOSIÇÃO DE PAVIMENTAÇÃO ASFÁLTICA, INCLUINDO PINTURA DE LIGAÇÃO, FORNECIMENTO E APLICAÇÃO DE CBUQ | C46: M2 | D46: 300 | E46: 0 | F46: 0 | G46: =ROUND(E46+F46,2) -> 0 | H46: =ROUND(D46-G46,2) -> 300 | I46: 85.62 | J46: =ROUND(I46*D46,2) -> 25686 | K46: =ROUND(E46*I46,2) -> 0 | L46: =ROUND(F46*I46,2) -> 0 | M46: =ROUND(G46*I46,2) -> 0 | N46: =ROUND(J46-M46,2) -> 25686 | O46: =M46/J46 -> 0
A47: 002.002.006.002 | B47: TRANSPORTE LOCAL COM CAMINHÃO BASCULANTE DE 10M³, EM RODOVIA NÃO PAVIMENTADA (CONSTRUÇÃO) DENSIDADE=1,5T/M³TRANSPORTE LOCAL COM CAMINHÃO BASCULANTE DE 10M³, EM RODOVIA NÃO PAVIMENTADA (CONSTRUÇÃO) DENSIDADE=1,5T/M³ | C47: TKM | D47: 2851.2 | E47: 0 | F47: 0 | G47: =ROUND(E47+F47,2) -> 0 | H47: =ROUND(D47-G47,2) -> 2851.2 | I47: 1.37 | J47: =ROUND(I47*D47,2) -> 3906.14 | K47: =ROUND(E47*I47,2) -> 0 | L47: =ROUND(F47*I47,2) -> 0 | M47: =ROUND(G47*I47,2) -> 0 | N47: =ROUND(J47-M47,2) -> 3906.14 | O47: =M47/J47 -> 0
A48: 002.002.006.003 | B48: Base com brita graduada reciclada - Faixa "C" - (exclusi ve transporte da brita) | C48: m3 | D48: 26.25 | E48: 0 | F48: 0 | G48: =ROUND(E48+F48,2) -> 0 | H48: =ROUND(D48-G48,2) -> 26.25 | I48: 301.03 | J48: =ROUND(I48*D48,2) -> 7902.04 | K48: =ROUND(E48*I48,2) -> 0 | L48: =ROUND(F48*I48,2) -> 0 | M48: =ROUND(G48*I48,2) -> 0 | N48: =ROUND(J48-M48,2) -> 7902.04 | O48: =M48/J48 -> 0
A49: 002.002.007 | B49: SERVIÇOS COMPLEMENTARES
A50: 002.002.007.001 | B50: CADASTRO DE REDES DE ÁGUA / ADUTORAS | C50: M | D50: 100 | E50: 0 | F50: 0 | G50: =ROUND(E50+F50,2) -> 0 | H50: =ROUND(D50-G50,2) -> 100 | I50: 1.77 | J50: =ROUND(I50*D50,2) -> 177 | K50: =ROUND(E50*I50,2) -> 0 | L50: =ROUND(F50*I50,2) -> 0 | M50: =ROUND(G50*I50,2) -> 0 | N50: =ROUND(J50-M50,2) -> 177 | O50: =M50/J50 -> 0
A51: 002.002.007.002 | B51: LIMPEZA GERAL | C51: M2 | D51: 490 | E51: 0 | F51: 0 | G51: =ROUND(E51+F51,2) -> 0 | H51: =ROUND(D51-G51,2) -> 490 | I51: 3.08 | J51: =ROUND(I51*D51,2) -> 1509.2 | K51: =ROUND(E51*I51,2) -> 0 | L51: =ROUND(F51*I51,2) -> 0 | M51: =ROUND(G51*I51,2) -> 0 | N51: =ROUND(J51-M51,2) -> 1509.2 | O51: =M51/J51 -> 0
A52: 002.002.008 | B52: ÓRGÕES E ACESSÓRIO
A53: 002.002.008.001 | B53: CAIXA PARA REGISTRO, TIPO IV, PARA DIÂMETROS DE 400 A 500MM | C53: UN | D53: 2 | E53: 0 | F53: 0 | G53: =ROUND(E53+F53,2) -> 0 | H53: =ROUND(D53-G53,2) -> 2 | I53: 4145.52 | J53: =ROUND(I53*D53,2) -> 8291.04 | K53: =ROUND(E53*I53,2) -> 0 | L53: =ROUND(F53*I53,2) -> 0 | M53: =ROUND(G53*I53,2) -> 0 | N53: =ROUND(J53-M53,2) -> 8291.04 | O53: =M53/J53 -> 0
A54: 002.002.009 | B54: EEAB 02
A55: 002.002.009.001 | B55: Perfil Aço Laminado, I - W310 x 38,7 kg/m ASTM A 572 Gra u 50 | C55: KG | D55: 700 | E55: 0 | F55: 0 | G55: =ROUND(E55+F55,2) -> 0 | H55: =ROUND(D55-G55,2) -> 700 | I55: 31.75 | J55: =ROUND(I55*D55,2) -> 22225 | K55: =ROUND(E55*I55,2) -> 0 | L55: =ROUND(F55*I55,2) -> 0 | M55: =ROUND(G55*I55,2) -> 0 | N55: =ROUND(J55-M55,2) -> 22225 | O55: =M55/J55 -> 0
A56: 002.002.009.002 | B56: CAIXA DE PASSAGEM EM ALVENARIA DE TIJOLOS MACIÇOS ESP. = 0,17M, DIM. INT. = 1.40 X 1.40 X 1,60M | C56: UN | D56: 4 | E56: 0 | F56: 0 | G56: =ROUND(E56+F56,2) -> 0 | H56: =ROUND(D56-G56,2) -> 4 | I56: 4608.62 | J56: =ROUND(I56*D56,2) -> 18434.48 | K56: =ROUND(E56*I56,2) -> 0 | L56: =ROUND(F56*I56,2) -> 0 | M56: =ROUND(G56*I56,2) -> 0 | N56: =ROUND(J56-M56,2) -> 18434.48 | O56: =M56/J56 -> 0
A57: 002.002.009.003 | B57: MONTAGEM DE EQUIPAMENTOS E MATERIAIS DIVERSOS EM FERRO FUNDIDO OU AÇO | C57: KG | D57: 2000 | E57: 0 | F57: 0 | G57: =ROUND(E57+F57,2) -> 0 | H57: =ROUND(D57-G57,2) -> 2000 | I57: 14.36 | J57: =ROUND(I57*D57,2) -> 28720 | K57: =ROUND(E57*I57,2) -> 0 | L57: =ROUND(F57*I57,2) -> 0 | M57: =ROUND(G57*I57,2) -> 0 | N57: =ROUND(J57-M57,2) -> 28720 | O57: =M57/J57 -> 0
A58: 001 | B58: FORNECIMENTO
A59: 001.001 | B59: COMPORTA
A60: 001.001.001 | B60: EEAB 01
A61: 001.001.001.001 | B61: Fornecimento de Comporta com sentido duplo de fluxo, tip o CQUAW, em ferro fundido, 1000 x 1000mm | C61: pc | D61: 4 | E61: 0 | F61: 4 | G61: =ROUND(E61+F61,2) -> 4 | H61: =ROUND(D61-G61,2) -> 0 | I61: 88830 | J61: =ROUND(I61*D61,2) -> 355320 | K61: =ROUND(E61*I61,2) -> 0 | L61: =ROUND(F61*I61,2) -> 355320 | M61: =ROUND(G61*I61,2) -> 355320 | N61: =ROUND(J61-M61,2) -> 0 | O61: =M61/J61 -> 1
A62: 001.001.002 | B62: MEDIDOR DE VAZÃO
A63: 001.001.002.001 | B63: Fornecimento de medidor de vazão eletromagnético, diam. 350mm | C63: PC | D63: 1 | E63: 0 | F63: 1 | G63: =ROUND(E63+F63,2) -> 1 | H63: =ROUND(D63-G63,2) -> 0 | I63: 38964.8 | J63: =ROUND(I63*D63,2) -> 38964.8 | K63: =ROUND(E63*I63,2) -> 0 | L63: =ROUND(F63*I63,2) -> 38964.8 | M63: =ROUND(G63*I63,2) -> 38964.8 | N63: =ROUND(J63-M63,2) -> 0 | O63: =M63/J63 -> 1
A64: 001.001.003 | B64: REGISTROS - EEAB 01/EEAB 02
A65: 001.001.003.001 | B65: Registro gaveta bruto, c/ volante, d = 150 | C65: PC | D65: 2 | E65: 0 | F65: 2 | G65: =ROUND(E65+F65,2) -> 2 | H65: =ROUND(D65-G65,2) -> 0 | I65: 2174.76 | J65: =ROUND(I65*D65,2) -> 4349.52 | K65: =ROUND(E65*I65,2) -> 0 | L65: =ROUND(F65*I65,2) -> 4349.52 | M65: =ROUND(G65*I65,2) -> 4349.52 | N65: =ROUND(J65-M65,2) -> 0 | O65: =M65/J65 -> 1
A66: 001.001.003.002 | B66: Registro chato flanges dn 300mm | C66: PC | D66: 6 | E66: 0 | F66: 6 | G66: =ROUND(E66+F66,2) -> 6 | H66: =ROUND(D66-G66,2) -> 0 | I66: 7953.68 | J66: =ROUND(I66*D66,2) -> 47722.08 | K66: =ROUND(E66*I66,2) -> 0 | L66: =ROUND(F66*I66,2) -> 47722.08 | M66: =ROUND(G66*I66,2) -> 47722.08 | N66: =ROUND(J66-M66,2) -> 0 | O66: =M66/J66 -> 1
A67: 001.001.003.003 | B67: Registro gaveta bruto, c/volante, d=20mm (3/4) | C67: PC | D67: 3 | E67: 0 | F67: 3 | G67: =ROUND(E67+F67,2) -> 3 | H67: =ROUND(D67-G67,2) -> 0 | I67: 71.18 | J67: =ROUND(I67*D67,2) -> 213.54 | K67: =ROUND(E67*I67,2) -> 0 | L67: =ROUND(F67*I67,2) -> 213.54 | M67: =ROUND(G67*I67,2) -> 213.54 | N67: =ROUND(J67-M67,2) -> 0 | O67: =M67/J67 -> 1
A68: 001.001.004 | B68: VÁLVULAS - EEAB 01/EEAB 02
A69: 001.001.004.001 | B69: Fornecimento de válvula de retenção e controladora de bo mba, com flanges, em ferro fundido, diam. 300mm | C69: PC | D69: 6 | E69: 0 | F69: 6 | G69: =ROUND(E69+F69,2) -> 6 | H69: =ROUND(D69-G69,2) -> 0 | I69: 42101.49 | J69: =ROUND(I69*D69,2) -> 252608.94 | K69: =ROUND(E69*I69,2) -> 0 | L69: =ROUND(F69*I69,2) -> 252608.94 | M69: =ROUND(G69*I69,2) -> 252608.94 | N69: =ROUND(J69-M69,2) -> 0 | O69: =M69/J69 -> 1
A70: 001.001.004.002 | B70: Fornecimento de válvula de retenção diam. 400mm | C70: PC | D70: 1 | E70: 0 | F70: 1 | G70: =ROUND(E70+F70,2) -> 1 | H70: =ROUND(D70-G70,2) -> 0 | I70: 20270.32 | J70: =ROUND(I70*D70,2) -> 20270.32 | K70: =ROUND(E70*I70,2) -> 0 | L70: =ROUND(F70*I70,2) -> 20270.32 | M70: =ROUND(G70*I70,2) -> 20270.32 | N70: =ROUND(J70-M70,2) -> 0 | O70: =M70/J70 -> 1
A71: 001.002 | B71: TUBOS E CONEXÕES - EEAB 01/EEAB 02
A72: 001.002.001 | B72: Arruela metálica p/ parafuso de 16mm | C72: un | D72: 128 | E72: 0 | F72: 128 | G72: =ROUND(E72+F72,2) -> 128 | H72: =ROUND(D72-G72,2) -> 0 | I72: 1.62 | J72: =ROUND(I72*D72,2) -> 207.36 | K72: =ROUND(E72*I72,2) -> 0 | L72: =ROUND(F72*I72,2) -> 207.36 | M72: =ROUND(G72*I72,2) -> 207.36 | N72: =ROUND(J72-M72,2) -> 0 | O72: =M72/J72 -> 1
A73: 001.002.002 | B73: Arruela metálica p/ parafuso de 20mm | C73: un | D73: 1984 | E73: 0 | F73: 1984 | G73: =ROUND(E73+F73,2) -> 1984 | H73: =ROUND(D73-G73,2) -> 0 | I73: 2.07 | J73: =ROUND(I73*D73,2) -> 4106.88 | K73: =ROUND(E73*I73,2) -> 0 | L73: =ROUND(F73*I73,2) -> 4106.88 | M73: =ROUND(G73*I73,2) -> 4106.88 | N73: =ROUND(J73-M73,2) -> 0 | O73: =M73/J73 -> 1
A74: 001.002.003 | B74: Arruela metálica p/ parafuso de 24mm | C74: un | D74: 1160 | E74: 0 | F74: 1160 | G74: =ROUND(E74+F74,2) -> 1160 | H74: =ROUND(D74-G74,2) -> 0 | I74: 2.8 | J74: =ROUND(I74*D74,2) -> 3248 | K74: =ROUND(E74*I74,2) -> 0 | L74: =ROUND(F74*I74,2) -> 3248 | M74: =ROUND(G74*I74,2) -> 3248 | N74: =ROUND(J74-M74,2) -> 0 | O74: =M74/J74 -> 1
A75: 001.002.004 | B75: Haste prolongamento c/ 2roscas 2'', L=1,30 | C75: un | D75: 4 | E75: 0 | F75: 4 | G75: =ROUND(E75+F75,2) -> 4 | H75: =ROUND(D75-G75,2) -> 0 | I75: 1229.76 | J75: =ROUND(I75*D75,2) -> 4919.04 | K75: =ROUND(E75*I75,2) -> 0 | L75: =ROUND(F75*I75,2) -> 4919.04 | M75: =ROUND(G75*I75,2) -> 4919.04 | N75: =ROUND(J75-M75,2) -> 0 | O75: =M75/J75 -> 1
A76: 001.002.005 | B76: Pedestal de suspensão com engrenagem PS49 | C76: un | D76: 4 | E76: 0 | F76: 4 | G76: =ROUND(E76+F76,2) -> 4 | H76: =ROUND(D76-G76,2) -> 0 | I76: 6167.18 | J76: =ROUND(I76*D76,2) -> 24668.72 | K76: =ROUND(E76*I76,2) -> 0 | L76: =ROUND(F76*I76,2) -> 24668.72 | M76: =ROUND(G76*I76,2) -> 24668.72 | N76: =ROUND(J76-M76,2) -> 0 | O76: =M76/J76 -> 1
A77: 001.002.006 | B77: Fornecimento de extremidade em ferro fundido, com aba de vedação, ponta / flange pn 10 / 16, diam. = 150mm | C77: un | D77: 1 | E77: 0 | F77: 1 | G77: =ROUND(E77+F77,2) -> 1 | H77: =ROUND(D77-G77,2) -> 0 | I77: 1381.69 | J77: =ROUND(I77*D77,2) -> 1381.69 | K77: =ROUND(E77*I77,2) -> 0 | L77: =ROUND(F77*I77,2) -> 1381.69 | M77: =ROUND(G77*I77,2) -> 1381.69 | N77: =ROUND(J77-M77,2) -> 0 | O77: =M77/J77 -> 1
A78: 001.002.007 | B78: TUBO EM FOFO, C/ FLANGES PN 10, D= 300MM, L=3,00M | C78: un | D78: 3 | E78: 0 | F78: 3 | G78: =ROUND(E78+F78,2) -> 3 | H78: =ROUND(D78-G78,2) -> 0 | I78: 10235.12 | J78: =ROUND(I78*D78,2) -> 30705.36 | K78: =ROUND(E78*I78,2) -> 0 | L78: =ROUND(F78*I78,2) -> 30705.36 | M78: =ROUND(G78*I78,2) -> 30705.36 | N78: =ROUND(J78-M78,2) -> 0 | O78: =M78/J78 -> 1
A79: 001.002.008 | B79: Mancal Intermediário FoFo p/ 1 1/8 | C79: un | D79: 4 | E79: 0 | F79: 4 | G79: =ROUND(E79+F79,2) -> 4 | H79: =ROUND(D79-G79,2) -> 0 | I79: 1347.36 | J79: =ROUND(I79*D79,2) -> 5389.44 | K79: =ROUND(E79*I79,2) -> 0 | L79: =ROUND(F79*I79,2) -> 5389.44 | M79: =ROUND(G79*I79,2) -> 5389.44 | N79: =ROUND(J79-M79,2) -> 0 | O79: =M79/J79 -> 1
A80: 001.002.009 | B80: Haste de Prolongamento quadrada e boca de chave p/1 1/8 x 4,00m | C80: un | D80: 2 | E80: 0 | F80: 2 | G80: =ROUND(E80+F80,2) -> 2 | H80: =ROUND(D80-G80,2) -> 0 | I80: 1085.4 | J80: =ROUND(I80*D80,2) -> 2170.8 | K80: =ROUND(E80*I80,2) -> 0 | L80: =ROUND(F80*I80,2) -> 2170.8 | M80: =ROUND(G80*I80,2) -> 2170.8 | N80: =ROUND(J80-M80,2) -> 0 | O80: =M80/J80 -> 1
A81: 001.002.010 | B81: TUBO EM FOFO, C/ FLANGES PN 10, D= 300MM, L=1,80M | C81: un | D81: 3 | E81: 0 | F81: 3 | G81: =ROUND(E81+F81,2) -> 3 | H81: =ROUND(D81-G81,2) -> 0 | I81: 6079.92 | J81: =ROUND(I81*D81,2) -> 18239.76 | K81: =ROUND(E81*I81,2) -> 0 | L81: =ROUND(F81*I81,2) -> 18239.76 | M81: =ROUND(G81*I81,2) -> 18239.76 | N81: =ROUND(J81-M81,2) -> 0 | O81: =M81/J81 -> 1
A82: 001.002.011 | B82: Colar de tomada 300 x 3/4 | C82: un | D82: 3 | E82: 0 | F82: 3 | G82: =ROUND(E82+F82,2) -> 3 | H82: =ROUND(D82-G82,2) -> 0 | I82: 51.52 | J82: =ROUND(I82*D82,2) -> 154.56 | K82: =ROUND(E82*I82,2) -> 0 | L82: =ROUND(F82*I82,2) -> 154.56 | M82: =ROUND(G82*I82,2) -> 154.56 | N82: =ROUND(J82-M82,2) -> 0 | O82: =M82/J82 -> 1
A83: 001.002.012 | B83: Niple duplo de ferro galvanizado d=3/4" | C83: un | D83: 6 | E83: 0 | F83: 6 | G83: =ROUND(E83+F83,2) -> 6 | H83: =ROUND(D83-G83,2) -> 0 | I83: 11.07 | J83: =ROUND(I83*D83,2) -> 66.42 | K83: =ROUND(E83*I83,2) -> 0 | L83: =ROUND(F83*I83,2) -> 66.42 | M83: =ROUND(G83*I83,2) -> 66.42 | N83: =ROUND(J83-M83,2) -> 0 | O83: =M83/J83 -> 1
A84: 001.002.013 | B84: TUBO EM FOFO, C/ FLANGES PN 10 / 16, D= 150MM, L=2,00M | C84: un | D84: 1 | E84: 0 | F84: 1 | G84: =ROUND(E84+F84,2) -> 1 | H84: =ROUND(D84-G84,2) -> 0 | I84: 3328.08 | J84: =ROUND(I84*D84,2) -> 3328.08 | K84: =ROUND(E84*I84,2) -> 0 | L84: =ROUND(F84*I84,2) -> 3328.08 | M84: =ROUND(G84*I84,2) -> 3328.08 | N84: =ROUND(J84-M84,2) -> 0 | O84: =M84/J84 -> 1
A85: 001.003 | B85: ENTROCAMENTO REDE DE ABASTECIMENTO DN 400
A86: 001.003.001 | B86: EXTREMIDADE EM FOFO, PONTA P/ JE, JM OU JTI / FLANGE PN 10/16, D= 100MM | C86: un | D86: 100 | E86: 0 | F86: 100 | G86: =ROUND(E86+F86,2) -> 100 | H86: =ROUND(D86-G86,2) -> 0 | I86: 1548.86 | J86: =ROUND(I86*D86,2) -> 154886 | K86: =ROUND(E86*I86,2) -> 0 | L86: =ROUND(F86*I86,2) -> 154886 | M86: =ROUND(G86*I86,2) -> 154886 | N86: =ROUND(J86-M86,2) -> 0 | O86: =M86/J86 -> 1
A87: TOTAL DOS SERVIÇOS | J87: =SUM(J6:J57) -> 540469.34 | K87: =SUM(K6:K57) -> 0 | L87: =SUM(L6:L57) -> 147710.22 | M87: =SUM(M6:M57) -> 147710.22 | N87: =SUM(N6:N57) -> 392759.12 | O87: =M87/J87 -> 0.27329991
A88: TOTAL DO FORNECIMENTO | J88: =SUM(J58:J86) -> 972921.31 | K88: =SUM(K58:K86) -> 0 | L88: =SUM(L58:L86) -> 972921.31 | M88: =SUM(M58:M86) -> 972921.31 | N88: =SUM(N58:N86) -> 0 | O88: =M88/J88 -> 1
A89: TOTAL GERAL | J89: =J87+J88 -> 1513390.6 | K89: =K87+K88 -> 0 | L89: =L87+L88 -> 1120631.5 | M89: =M87+M88 -> 1120631.5 | N89: =N87+N88 -> 392759.12 | O89: =M89/J89 -> 0.74047737 | P89: 176 | Q89: 1513390.6
P90: x | Q90: 1085812.3
P92: =P89*Q90 -> 1.9110297e+08 | Q92: =P92/Q89 -> 126.27471

Sheet BM - 02
A1: COMPLEMENTAÇÃO PARA A CONCLUSÃO DA CONSTRUÇÃO DA BARRAGEM DE CAPTAÇÃO NO RIACHO GUARAREMA. | D1: BOLETIM DE MEDIÇÃO | I1: CONTRATO Nº: | J1: 07/2026 | K1: ORDEM DE SERVIÇO: 00191/2026 | N1: 2
I2: DATA CONTR. | J2: 46050
D3: Período: | E3: 01/04/2026 a 31/05/2026 | I3: INICIO: | J3: 46056 | K3: TERM. PREV.: | L3: =J3+150 -> 46206
A4: ITEM | B4: DESCRIÇÃO | C4: UN | D4: Quantidades | J4: Valores ( R$ ) | O4: % med acum
D5: Contratada atualizada | E5: Acumulada Anterior | F5: No Período | G5: Acumulada Atual | H5: Saldo à Medir | I5: Preço Unitário (R$) | J5: Contratada atualizada | K5: Acumulada Anterior | L5: No Período | M5: Acumulada Atual | N5: Saldo à Medir
A6: 001 | B6: SERVIÇOS PRELIMINARES | P6: BM 01
A7: 001.001 | B7: RECURSOS HUMANOS
A8: 001.001.001 | B8: ENGENHEIRO CIVIL DE OBRA JUNIOR COM ENCARGOS COMPLEMENTARES | C8: H | D8: 176 | E8: 126.28 | F8: 36.96 | G8: =ROUND(E8+F8,2) -> 163.24 | H8: =ROUND(D8-G8,2) -> 12.76 | I8: 159.88 | J8: =ROUND(I8*D8,2) -> 28138.88 | K8: =ROUND(E8*I8,2) -> 20189.65 | L8: =ROUND(F8*I8,2) -> 5909.16 | M8: =ROUND(G8*I8,2) -> 26098.81 | N8: =ROUND(J8-M8,2) -> 2040.07 | O8: =M8/J8 -> 0.92749996
A9: 001.001.002 | B9: MESTRE DE OBRAS COM ENCARGOS COMPLEMENTARES | C9: H | D9: 176 | E9: 126.28 | F9: 36.96 | G9: =ROUND(E9+F9,2) -> 163.24 | H9: =ROUND(D9-G9,2) -> 12.76 | I9: 81.82 | J9: =ROUND(I9*D9,2) -> 14400.32 | K9: =ROUND(E9*I9,2) -> 10332.23 | L9: =ROUND(F9*I9,2) -> 3024.07 | M9: =ROUND(G9*I9,2) -> 13356.3 | N9: =ROUND(J9-M9,2) -> 1044.02 | O9: =M9/J9 -> 0.92750022
A10: 001.002 | B10: RECURSOS MATERIAIS
A11: 001.002.001 | B11: Veículo Novo, tipo pick-up 4x4, cabine dupla, motor dies el, inclusive combustível, sem motorista (rodagem média mensal 5.000Km), manutenção, seguro e despesas com licen ciamento | C11: h | D11: 176 | E11: 126.28 | F11: 36.96 | G11: =ROUND(E11+F11,2) -> 163.24 | H11: =ROUND(D11-G11,2) -> 12.76 | I11: 34.03 | J11: =ROUND(I11*D11,2) -> 5989.28 | K11: =ROUND(E11*I11,2) -> 4297.31 | L11: =ROUND(F11*I11,2) -> 1257.75 | M11: =ROUND(G11*I11,2) -> 5555.06 | N11: =ROUND(J11-M11,2) -> 434.22 | O11: =M11/J11 -> 0.92750047
A12: 002 | B12: DRENAGEM
A13: 002.001 | B13: DRENAGEM PLUVIAL ETA
A14: 002.001.001 | B14: LOCAÇÃO DE REDE DE ÁGUA OU ESGOTO. AF_03/2024 | C14: M | D14: 250 | E14: 250 | F14: 0 | G14: =ROUND(E14+F14,2) -> 250 | H14: =ROUND(D14-G14,2) -> 0 | I14: 10.64 | J14: =ROUND(I14*D14,2) -> 2660 | K14: =ROUND(E14*I14,2) -> 2660 | L14: =ROUND(F14*I14,2) -> 0 | M14: =ROUND(G14*I14,2) -> 2660 | N14: =ROUND(J14-M14,2) -> 0 | O14: =M14/J14 -> 1
A15: 002.001.002 | B15: SINALIZAÇÃO DIURNA COM TELA TAPUME EM PVC - 10 USOS | C15: M | D15: 120 | E15: 120 | F15: 0 | G15: =ROUND(E15+F15,2) -> 120 | H15: =ROUND(D15-G15,2) -> 0 | I15: 4.38 | J15: =ROUND(I15*D15,2) -> 525.6 | K15: =ROUND(E15*I15,2) -> 525.6 | L15: =ROUND(F15*I15,2) -> 0 | M15: =ROUND(G15*I15,2) -> 525.6 | N15: =ROUND(J15-M15,2) -> 0 | O15: =M15/J15 -> 1
A16: 002.001.003 | B16: ESCAVAÇÃO COM RETRO-ESCAVADEIRA DE PNEUS, DE VALAS, EM MATERIAL DE 2ª CATEGORIA ATÉ 1,50M DE PROFUNDIDADEESCAVAÇÃO COM RETRO-ESCAVADEIRA DE PNEUS, DE VALAS, EM MATERIAL DE 2ª CATEGORIA ATÉ 1,50M DE PROFUNDIDADE | C16: M3 | D16: 474.95 | E16: 299.52 | F16: 175.43 | G16: =ROUND(E16+F16,2) -> 474.95 | H16: =ROUND(D16-G16,2) -> 0 | I16: 13.11 | J16: =ROUND(I16*D16,2) -> 6226.59 | K16: =ROUND(E16*I16,2) -> 3926.71 | L16: =ROUND(F16*I16,2) -> 2299.89 | M16: =ROUND(G16*I16,2) -> 6226.59 | N16: =ROUND(J16-M16,2) -> 0 | O16: =M16/J16 -> 1
A17: 002.001.004 | B17: ESCAVAÇÃO DE VALA A FRIO, EM MATERIAL DE 3ª CATEGORIA, COM PERFURATRIZ MANUAL E COMPRESSOR | C17: M3 | D17: 150.25 | E17: 0 | F17: 150.25 | G17: =ROUND(E17+F17,2) -> 150.25 | H17: =ROUND(D17-G17,2) -> 0 | I17: 279.54 | J17: =ROUND(I17*D17,2) -> 42000.89 | K17: =ROUND(E17*I17,2) -> 0 | L17: =ROUND(F17*I17,2) -> 42000.89 | M17: =ROUND(G17*I17,2) -> 42000.89 | N17: =ROUND(J17-M17,2) -> 0 | O17: =M17/J17 -> 1
A18: 002.001.005 | B18: REGULARIZAÇÃO MANUAL | C18: M2 | D18: 300 | E18: 144 | F18: 156 | G18: =ROUND(E18+F18,2) -> 300 | H18: =ROUND(D18-G18,2) -> 0 | I18: 6.95 | J18: =ROUND(I18*D18,2) -> 2085 | K18: =ROUND(E18*I18,2) -> 1000.8 | L18: =ROUND(F18*I18,2) -> 1084.2 | M18: =ROUND(G18*I18,2) -> 2085 | N18: =ROUND(J18-M18,2) -> 0 | O18: =M18/J18 -> 1
A19: 002.001.006 | B19: ESCORAMENTO DE VALAS TIPO CONTÍNUO ESPECIAL | C19: M2 | D19: 1100 | E19: 499.2 | F19: 600.8 | G19: =ROUND(E19+F19,2) -> 1100 | H19: =ROUND(D19-G19,2) -> 0 | I19: 83.79 | J19: =ROUND(I19*D19,2) -> 92169 | K19: =ROUND(E19*I19,2) -> 41827.97 | L19: =ROUND(F19*I19,2) -> 50341.03 | M19: =ROUND(G19*I19,2) -> 92169 | N19: =ROUND(J19-M19,2) -> 0 | O19: =M19/J19 -> 1
A20: 002.001.007 | B20: COLCHÃO DE AREIA | C20: M3 | D20: 45 | E20: 21.6 | F20: 23.4 | G20: =ROUND(E20+F20,2) -> 45 | H20: =ROUND(D20-G20,2) -> 0 | I20: 149.01 | J20: =ROUND(I20*D20,2) -> 6705.45 | K20: =ROUND(E20*I20,2) -> 3218.62 | L20: =ROUND(F20*I20,2) -> 3486.83 | M20: =ROUND(G20*I20,2) -> 6705.45 | N20: =ROUND(J20-M20,2) -> 0 | O20: =M20/J20 -> 1
A21: 002.001.008 | B21: FORNECIMENTO E ASSENTAMENTO DE TUBO DE CONCRETO ARMADO CA2 D=0,60 M | C21: M | D21: 250 | E21: 120 | F21: 130 | G21: =ROUND(E21+F21,2) -> 250 | H21: =ROUND(D21-G21,2) -> 0 | I21: 296.89 | J21: =ROUND(I21*D21,2) -> 74222.5 | K21: =ROUND(E21*I21,2) -> 35626.8 | L21: =ROUND(F21*I21,2) -> 38595.7 | M21: =ROUND(G21*I21,2) -> 74222.5 | N21: =ROUND(J21-M21,2) -> 0 | O21: =M21/J21 -> 1
A22: 002.001.009 | B22: REATERRO MANUAL DE VALAS OU ÁREAS, COMPACTADO MANUALMENTE A 95% DO PN, COM PLACA VIBRATÓRIAREATERRO MANUAL DE VALAS OU ÁREAS, COMPACTADO MANUALMENTE A 95% DO PN, COM PLACA VIBRATÓRIA | C22: M3 | D22: 425.25 | E22: 253.34 | F22: 171.91 | G22: =ROUND(E22+F22,2) -> 425.25 | H22: =ROUND(D22-G22,2) -> 0 | I22: 25.59 | J22: =ROUND(I22*D22,2) -> 10882.15 | K22: =ROUND(E22*I22,2) -> 6482.97 | L22: =ROUND(F22*I22,2) -> 4399.18 | M22: =ROUND(G22*I22,2) -> 10882.15 | N22: =ROUND(J22-M22,2) -> 0 | O22: =M22/J22 -> 1
A23: 002.001.010 | B23: CAIXA DE PASSAGEM / POÇO DE VISITA EM CONCRETO ARMADO FCK=18 MPA, INCLUSIVE TAMPA, DIMENSÕES INTERNAS 1.00 X 1.00 X 1.50 M | C23: UN | D23: 10 | E23: 4 | F23: 6 | G23: =ROUND(E23+F23,2) -> 10 | H23: =ROUND(D23-G23,2) -> 0 | I23: 4405.39 | J23: =ROUND(I23*D23,2) -> 44053.9 | K23: =ROUND(E23*I23,2) -> 17621.56 | L23: =ROUND(F23*I23,2) -> 26432.34 | M23: =ROUND(G23*I23,2) -> 44053.9 | N23: =ROUND(J23-M23,2) -> 0 | O23: =M23/J23 -> 1
A24: 002.001.011 | B24: PONTA DE ALA EM CONCRETO CICLÓPICO, PARA TUBOS DE CONCRETO (SIMPLES) D=0.40 À 0.60 M | C24: UN | D24: 1 | E24: 0 | F24: 1 | G24: =ROUND(E24+F24,2) -> 1 | H24: =ROUND(D24-G24,2) -> 0 | I24: 2138.66 | J24: =ROUND(I24*D24,2) -> 2138.66 | K24: =ROUND(E24*I24,2) -> 0 | L24: =ROUND(F24*I24,2) -> 2138.66 | M24: =ROUND(G24*I24,2) -> 2138.66 | N24: =ROUND(J24-M24,2) -> 0 | O24: =M24/J24 -> 1
A25: 002.002 | B25: ENTROCAMENTO REDE DE ABASTECIMENTO DN 400
A26: 002.002.001 | B26: SERVIÇOS PRELIMINARES
A27: 002.002.001.001 | B27: LOCAÇÃO DE REDE DE ÁGUA OU ESGOTO. AF_03/2024 | C27: M | D27: 100 | E27: 0 | F27: 50 | G27: =ROUND(E27+F27,2) -> 50 | H27: =ROUND(D27-G27,2) -> 50 | I27: 10.64 | J27: =ROUND(I27*D27,2) -> 1064 | K27: =ROUND(E27*I27,2) -> 0 | L27: =ROUND(F27*I27,2) -> 532 | M27: =ROUND(G27*I27,2) -> 532 | N27: =ROUND(J27-M27,2) -> 532 | O27: =M27/J27 -> 0.5
A28: 002.002.001.002 | B28: SINALIZAÇÃO DIURNA COM TELA TAPUME EM PVC - 10 USOS | C28: M | D28: 100 | E28: 0 | F28: 50 | G28: =ROUND(E28+F28,2) -> 50 | H28: =ROUND(D28-G28,2) -> 50 | I28: 4.38 | J28: =ROUND(I28*D28,2) -> 438 | K28: =ROUND(E28*I28,2) -> 0 | L28: =ROUND(F28*I28,2) -> 219 | M28: =ROUND(G28*I28,2) -> 219 | N28: =ROUND(J28-M28,2) -> 219 | O28: =M28/J28 -> 0.5
A29: 002.002.001.003 | B29: SINALIZAÇÃO DE VALAS COM PLACAS INDICATIVAS | C29: M | D29: 100 | E29: 0 | F29: 50 | G29: =ROUND(E29+F29,2) -> 50 | H29: =ROUND(D29-G29,2) -> 50 | I29: 4.07 | J29: =ROUND(I29*D29,2) -> 407 | K29: =ROUND(E29*I29,2) -> 0 | L29: =ROUND(F29*I29,2) -> 203.5 | M29: =ROUND(G29*I29,2) -> 203.5 | N29: =ROUND(J29-M29,2) -> 203.5 | O29: =M29/J29 -> 0.5
A30: 002.002.002 | B30: REMOÇÃO DE PAVIMENTAÇÃO
A31: 002.002.002.001 | B31: DEMOLIÇÃO DE PAVIMENTAÇÃO (CAPA) ASFÁLTICA | C31: M3 | D31: 15.25 | E31: 0 | F31: 4.5 | G31: =ROUND(E31+F31,2) -> 4.5 | H31: =ROUND(D31-G31,2) -> 10.75 | I31: 6.27 | J31: =ROUND(I31*D31,2) -> 95.62 | K31: =ROUND(E31*I31,2) -> 0 | L31: =ROUND(F31*I31,2) -> 28.22 | M31: =ROUND(G31*I31,2) -> 28.22 | N31: =ROUND(J31-M31,2) -> 67.4 | O31: =M31/J31 -> 0.29512654
A32: 002.002.002.002 | B32: CARGA MANUAL DE MATERIAL DE 1ª CATEGORIA | C32: M3 | D32: 218.75 | E32: 0 | F32: 72.92 | G32: =ROUND(E32+F32,2) -> 72.92 | H32: =ROUND(D32-G32,2) -> 145.83 | I32: 13.87 | J32: =ROUND(I32*D32,2) -> 3034.06 | K32: =ROUND(E32*I32,2) -> 0 | L32: =ROUND(F32*I32,2) -> 1011.4 | M32: =ROUND(G32*I32,2) -> 1011.4 | N32: =ROUND(J32-M32,2) -> 2022.66 | O32: =M32/J32 -> 0.33334871
A33: 002.002.002.003 | B33: TRANSPORTE LOCAL COM CAMINHÃO BASCULANTE DE 10M³, EM RODOVIA NÃO PAVIMENTADA (CONSTRUÇÃO) DENSIDADE=1,5T/M³TRANSPORTE LOCAL COM CAMINHÃO BASCULANTE DE 10M³, EM RODOVIA NÃO PAVIMENTADA (CONSTRUÇÃO) DENSIDADE=1,5T/M³ | C33: TKM | D33: 178.75 | E33: 0 | F33: 52.79 | G33: =ROUND(E33+F33,2) -> 52.79 | H33: =ROUND(D33-G33,2) -> 125.96 | I33: 1.37 | J33: =ROUND(I33*D33,2) -> 244.89 | K33: =ROUND(E33*I33,2) -> 0 | L33: =ROUND(F33*I33,2) -> 72.32 | M33: =ROUND(G33*I33,2) -> 72.32 | N33: =ROUND(J33-M33,2) -> 172.57 | O33: =M33/J33 -> 0.29531626
A34: 002.002.002.004 | B34: Descarte de resíduos da construção civil em área licenci ada | C34: t | D34: 22.87 | E34: 0 | F34: 6.75 | G34: =ROUND(E34+F34,2) -> 6.75 | H34: =ROUND(D34-G34,2) -> 16.12 | I34: 37.45 | J34: =ROUND(I34*D34,2) -> 856.48 | K34: =ROUND(E34*I34,2) -> 0 | L34: =ROUND(F34*I34,2) -> 252.79 | M34: =ROUND(G34*I34,2) -> 252.79 | N34: =ROUND(J34-M34,2) -> 603.69 | O34: =M34/J34 -> 0.29514992
A35: 002.002.003 | B35: ABERTURA DE VALAS
A36: 002.002.003.001 | B36: ESCAVAÇÃO MECANIZADA DE VALA COM PROF. ATÉ 1,5 M (MÉDIA MONTANTE E JUSANTE/UMA COMPOSIÇÃO POR TRECHO), RETROESCAV. (0,26 M3), LARG. MENOR QUE 0,8 M, EM SOLO DE 1A CATEGORIA, EM LOCAIS COM ALTO NÍVEL DE INTERFERÊNCIA. AF_09/2024 | C36: M3 | D36: 300 | E36: 0 | F36: 90 | G36: =ROUND(E36+F36,2) -> 90 | H36: =ROUND(D36-G36,2) -> 210 | I36: 18.5 | J36: =ROUND(I36*D36,2) -> 5550 | K36: =ROUND(E36*I36,2) -> 0 | L36: =ROUND(F36*I36,2) -> 1665 | M36: =ROUND(G36*I36,2) -> 1665 | N36: =ROUND(J36-M36,2) -> 3885 | O36: =M36/J36 -> 0.3
A37: 002.002.003.002 | B37: CARGA MANUAL DE MATERIAL DE 1ª CATEGORIA | C37: M3 | D37: 218.75 | E37: 0 | F37: 109.37 | G37: =ROUND(E37+F37,2) -> 109.37 | H37: =ROUND(D37-G37,2) -> 109.38 | I37: 13.87 | J37: =ROUND(I37*D37,2) -> 3034.06 | K37: =ROUND(E37*I37,2) -> 0 | L37: =ROUND(F37*I37,2) -> 1516.96 | M37: =ROUND(G37*I37,2) -> 1516.96 | N37: =ROUND(J37-M37,2) -> 1517.1 | O37: =M37/J37 -> 0.49997693
A38: 002.002.003.003 | B38: TRANSPORTE LOCAL COM CAMINHÃO BASCULANTE DE 10M³, EM RODOVIA NÃO PAVIMENTADA (CONSTRUÇÃO) DENSIDADE=1,5T/M³TRANSPORTE LOCAL COM CAMINHÃO BASCULANTE DE 10M³, EM RODOVIA NÃO PAVIMENTADA (CONSTRUÇÃO) DENSIDADE=1,5T/M³ | C38: TKM | D38: 10500 | E38: 0 | F38: 5249.7 | G38: =ROUND(E38+F38,2) -> 5249.7 | H38: =ROUND(D38-G38,2) -> 5250.3 | I38: 1.37 | J38: =ROUND(I38*D38,2) -> 14385 | K38: =ROUND(E38*I38,2) -> 0 | L38: =ROUND(F38*I38,2) -> 7192.09 | M38: =ROUND(G38*I38,2) -> 7192.09 | N38: =ROUND(J38-M38,2) -> 7192.91 | O38: =M38/J38 -> 0.4999715
A39: 002.002.004 | B39: ASSENTAMENTO DE TUBOS
A40: 002.002.004.001 | B40: ASSENTAMENTO DE TUBOS EM FERRO FUNDIDO, JUNTA MECÂNICA, DIAM.= 400 MM | C40: M | D40: 100 | E40: 0 | F40: 30 | G40: =ROUND(E40+F40,2) -> 30 | H40: =ROUND(D40-G40,2) -> 70 | I40: 27.17 | J40: =ROUND(I40*D40,2) -> 2717 | K40: =ROUND(E40*I40,2) -> 0 | L40: =ROUND(F40*I40,2) -> 815.1 | M40: =ROUND(G40*I40,2) -> 815.1 | N40: =ROUND(J40-M40,2) -> 1901.9 | O40: =M40/J40 -> 0.3
A41: 002.002.005 | B41: FECHAMENTO DE VALA
A42: 002.002.005.001 | B42: REGULARIZAÇÃO MANUAL | C42: M2 | D42: 300 | E42: 0 | F42: 90 | G42: =ROUND(E42+F42,2) -> 90 | H42: =ROUND(D42-G42,2) -> 210 | I42: 6.95 | J42: =ROUND(I42*D42,2) -> 2085 | K42: =ROUND(E42*I42,2) -> 0 | L42: =ROUND(F42*I42,2) -> 625.5 | M42: =ROUND(G42*I42,2) -> 625.5 | N42: =ROUND(J42-M42,2) -> 1459.5 | O42: =M42/J42 -> 0.3
A43: 002.002.005.002 | B43: ATERRO DE ÁREAS,COM MATERIAL ADQUIRIDO EM DEPÓSITO, COM ESPALHAMENTO MANUAL, SEM COMPACTAÇÃO. | C43: M3 | D43: 248.5 | E43: 0 | F43: 124.25 | G43: =ROUND(E43+F43,2) -> 124.25 | H43: =ROUND(D43-G43,2) -> 124.25 | I43: 159.5 | J43: =ROUND(I43*D43,2) -> 39635.75 | K43: =ROUND(E43*I43,2) -> 0 | L43: =ROUND(F43*I43,2) -> 19817.88 | M43: =ROUND(G43*I43,2) -> 19817.88 | N43: =ROUND(J43-M43,2) -> 19817.87 | O43: =M43/J43 -> 0.50000013
A44: 002.002.005.003 | B44: TRANSPORTE LOCAL COM CAMINHÃO BASCULANTE DE 10M³, EM RODOVIA NÃO PAVIMENTADA (CONSTRUÇÃO) DENSIDADE=1,5T/M³TRANSPORTE LOCAL COM CAMINHÃO BASCULANTE DE 10M³, EM RODOVIA NÃO PAVIMENTADA (CONSTRUÇÃO) DENSIDADE=1,5T/M³ | C44: TKM | D44: 13046.25 | E44: 0 | F44: 6522.86 | G44: =ROUND(E44+F44,2) -> 6522.86 | H44: =ROUND(D44-G44,2) -> 6523.39 | I44: 1.37 | J44: =ROUND(I44*D44,2) -> 17873.36 | K44: =ROUND(E44*I44,2) -> 0 | L44: =ROUND(F44*I44,2) -> 8936.32 | M44: =ROUND(G44*I44,2) -> 8936.32 | N44: =ROUND(J44-M44,2) -> 8937.04 | O44: =M44/J44 -> 0.49997986
A45: 002.002.006 | B45: ROPOSIÇÃO DE PAVIMENTAÇÃO
A46: 002.002.006.001 | B46: REPOSIÇÃO DE PAVIMENTAÇÃO ASFÁLTICA, INCLUINDO PINTURA DE LIGAÇÃO, FORNECIMENTO E APLICAÇÃO DE CBUQ | C46: M2 | D46: 300 | E46: 0 | F46: 90 | G46: =ROUND(E46+F46,2) -> 90 | H46: =ROUND(D46-G46,2) -> 210 | I46: 85.62 | J46: =ROUND(I46*D46,2) -> 25686 | K46: =ROUND(E46*I46,2) -> 0 | L46: =ROUND(F46*I46,2) -> 7705.8 | M46: =ROUND(G46*I46,2) -> 7705.8 | N46: =ROUND(J46-M46,2) -> 17980.2 | O46: =M46/J46 -> 0.3
A47: 002.002.006.002 | B47: TRANSPORTE LOCAL COM CAMINHÃO BASCULANTE DE 10M³, EM RODOVIA NÃO PAVIMENTADA (CONSTRUÇÃO) DENSIDADE=1,5T/M³TRANSPORTE LOCAL COM CAMINHÃO BASCULANTE DE 10M³, EM RODOVIA NÃO PAVIMENTADA (CONSTRUÇÃO) DENSIDADE=1,5T/M³ | C47: TKM | D47: 2851.2 | E47: 0 | F47: 855.36 | G47: =ROUND(E47+F47,2) -> 855.36 | H47: =ROUND(D47-G47,2) -> 1995.84 | I47: 1.37 | J47: =ROUND(I47*D47,2) -> 3906.14 | K47: =ROUND(E47*I47,2) -> 0 | L47: =ROUND(F47*I47,2) -> 1171.84 | M47: =ROUND(G47*I47,2) -> 1171.84 | N47: =ROUND(J47-M47,2) -> 2734.3 | O47: =M47/J47 -> 0.29999949
A48: 002.002.006.003 | B48: Base com brita graduada reciclada - Faixa "C" - (exclusi ve transporte da brita) | C48: m3 | D48: 26.25 | E48: 0 | F48: 8.1 | G48: =ROUND(E48+F48,2) -> 8.1 | H48: =ROUND(D48-G48,2) -> 18.15 | I48: 301.03 | J48: =ROUND(I48*D48,2) -> 7902.04 | K48: =ROUND(E48*I48,2) -> 0 | L48: =ROUND(F48*I48,2) -> 2438.34 | M48: =ROUND(G48*I48,2) -> 2438.34 | N48: =ROUND(J48-M48,2) -> 5463.7 | O48: =M48/J48 -> 0.30857095
A49: 002.002.007 | B49: SERVIÇOS COMPLEMENTARES
A50: 002.002.007.001 | B50: CADASTRO DE REDES DE ÁGUA / ADUTORAS | C50: M | D50: 100 | E50: 0 | F50: 0 | G50: =ROUND(E50+F50,2) -> 0 | H50: =ROUND(D50-G50,2) -> 100 | I50: 1.77 | J50: =ROUND(I50*D50,2) -> 177 | K50: =ROUND(E50*I50,2) -> 0 | L50: =ROUND(F50*I50,2) -> 0 | M50: =ROUND(G50*I50,2) -> 0 | N50: =ROUND(J50-M50,2) -> 177 | O50: =M50/J50 -> 0
A51: 002.002.007.002 | B51: LIMPEZA GERAL | C51: M2 | D51: 490 | E51: 0 | F51: 0 | G51: =ROUND(E51+F51,2) -> 0 | H51: =ROUND(D51-G51,2) -> 490 | I51: 3.08 | J51: =ROUND(I51*D51,2) -> 1509.2 | K51: =ROUND(E51*I51,2) -> 0 | L51: =ROUND(F51*I51,2) -> 0 | M51: =ROUND(G51*I51,2) -> 0 | N51: =ROUND(J51-M51,2) -> 1509.2 | O51: =M51/J51 -> 0
A52: 002.002.008 | B52: ÓRGÕES E ACESSÓRIO
A53: 002.002.008.001 | B53: CAIXA PARA REGISTRO, TIPO IV, PARA DIÂMETROS DE 400 A 500MM | C53: UN | D53: 2 | E53: 0 | F53: 1 | G53: =ROUND(E53+F53,2) -> 1 | H53: =ROUND(D53-G53,2) -> 1 | I53: 4145.52 | J53: =ROUND(I53*D53,2) -> 8291.04 | K53: =ROUND(E53*I53,2) -> 0 | L53: =ROUND(F53*I53,2) -> 4145.52 | M53: =ROUND(G53*I53,2) -> 4145.52 | N53: =ROUND(J53-M53,2) -> 4145.52 | O53: =M53/J53 -> 0.5
A54: 002.002.009 | B54: EEAB 02
A55: 002.002.009.001 | B55: Perfil Aço Laminado, I - W310 x 38,7 kg/m ASTM A 572 Gra u 50 | C55: KG | D55: 700 | E55: 0 | F55: 700 | G55: =ROUND(E55+F55,2) -> 700 | H55: =ROUND(D55-G55,2) -> 0 | I55: 31.75 | J55: =ROUND(I55*D55,2) -> 22225 | K55: =ROUND(E55*I55,2) -> 0 | L55: =ROUND(F55*I55,2) -> 22225 | M55: =ROUND(G55*I55,2) -> 22225 | N55: =ROUND(J55-M55,2) -> 0 | O55: =M55/J55 -> 1
A56: 002.002.009.002 | B56: CAIXA DE PASSAGEM EM ALVENARIA DE TIJOLOS MACIÇOS ESP. = 0,17M, DIM. INT. = 1.40 X 1.40 X 1,60M | C56: UN | D56: 4 | E56: 0 | F56: 4 | G56: =ROUND(E56+F56,2) -> 4 | H56: =ROUND(D56-G56,2) -> 0 | I56: 4608.62 | J56: =ROUND(I56*D56,2) -> 18434.48 | K56: =ROUND(E56*I56,2) -> 0 | L56: =ROUND(F56*I56,2) -> 18434.48 | M56: =ROUND(G56*I56,2) -> 18434.48 | N56: =ROUND(J56-M56,2) -> 0 | O56: =M56/J56 -> 1
A57: 002.002.009.003 | B57: MONTAGEM DE EQUIPAMENTOS E MATERIAIS DIVERSOS EM FERRO FUNDIDO OU AÇO | C57: KG | D57: 2000 | E57: 0 | F57: 2000 | G57: =ROUND(E57+F57,2) -> 2000 | H57: =ROUND(D57-G57,2) -> 0 | I57: 14.36 | J57: =ROUND(I57*D57,2) -> 28720 | K57: =ROUND(E57*I57,2) -> 0 | L57: =ROUND(F57*I57,2) -> 28720 | M57: =ROUND(G57*I57,2) -> 28720 | N57: =ROUND(J57-M57,2) -> 0 | O57: =M57/J57 -> 1
A58: 001 | B58: FORNECIMENTO
A59: 001.001 | B59: COMPORTA
A60: 001.001.001 | B60: EEAB 01
A61: 001.001.001.001 | B61: Fornecimento de Comporta com sentido duplo de fluxo, tip o CQUAW, em ferro fundido, 1000 x 1000mm | C61: pc | D61: 4 | E61: 4 | F61: 0 | G61: =ROUND(E61+F61,2) -> 4 | H61: =ROUND(D61-G61,2) -> 0 | I61: 88830 | J61: =ROUND(I61*D61,2) -> 355320 | K61: =ROUND(E61*I61,2) -> 355320 | L61: =ROUND(F61*I61,2) -> 0 | M61: =ROUND(G61*I61,2) -> 355320 | N61: =ROUND(J61-M61,2) -> 0 | O61: =M61/J61 -> 1
A62: 001.001.002 | B62: MEDIDOR DE VAZÃO
A63: 001.001.002.001 | B63: Fornecimento de medidor de vazão eletromagnético, diam. 350mm | C63: PC | D63: 1 | E63: 1 | F63: 0 | G63: =ROUND(E63+F63,2) -> 1 | H63: =ROUND(D63-G63,2) -> 0 | I63: 38964.8 | J63: =ROUND(I63*D63,2) -> 38964.8 | K63: =ROUND(E63*I63,2) -> 38964.8 | L63: =ROUND(F63*I63,2) -> 0 | M63: =ROUND(G63*I63,2) -> 38964.8 | N63: =ROUND(J63-M63,2) -> 0 | O63: =M63/J63 -> 1
A64: 001.001.003 | B64: REGISTROS - EEAB 01/EEAB 02
A65: 001.001.003.001 | B65: Registro gaveta bruto, c/ volante, d = 150 | C65: PC | D65: 2 | E65: 2 | F65: 0 | G65: =ROUND(E65+F65,2) -> 2 | H65: =ROUND(D65-G65,2) -> 0 | I65: 2174.76 | J65: =ROUND(I65*D65,2) -> 4349.52 | K65: =ROUND(E65*I65,2) -> 4349.52 | L65: =ROUND(F65*I65,2) -> 0 | M65: =ROUND(G65*I65,2) -> 4349.52 | N65: =ROUND(J65-M65,2) -> 0 | O65: =M65/J65 -> 1
A66: 001.001.003.002 | B66: Registro chato flanges dn 300mm | C66: PC | D66: 6 | E66: 6 | F66: 0 | G66: =ROUND(E66+F66,2) -> 6 | H66: =ROUND(D66-G66,2) -> 0 | I66: 7953.68 | J66: =ROUND(I66*D66,2) -> 47722.08 | K66: =ROUND(E66*I66,2) -> 47722.08 | L66: =ROUND(F66*I66,2) -> 0 | M66: =ROUND(G66*I66,2) -> 47722.08 | N66: =ROUND(J66-M66,2) -> 0 | O66: =M66/J66 -> 1
A67: 001.001.003.003 | B67: Registro gaveta bruto, c/volante, d=20mm (3/4) | C67: PC | D67: 3 | E67: 3 | F67: 0 | G67: =ROUND(E67+F67,2) -> 3 | H67: =ROUND(D67-G67,2) -> 0 | I67: 71.18 | J67: =ROUND(I67*D67,2) -> 213.54 | K67: =ROUND(E67*I67,2) -> 213.54 | L67: =ROUND(F67*I67,2) -> 0 | M67: =ROUND(G67*I67,2) -> 213.54 | N67: =ROUND(J67-M67,2) -> 0 | O67: =M67/J67 -> 1
A68: 001.001.004 | B68: VÁLVULAS - EEAB 01/EEAB 02
A69: 001.001.004.001 | B69: Fornecimento de válvula de retenção e controladora de bo mba, com flanges, em ferro fundido, diam. 300mm | C69: PC | D69: 6 | E69: 6 | F69: 0 | G69: =ROUND(E69+F69,2) -> 6 | H69: =ROUND(D69-G69,2) -> 0 | I69: 42101.49 | J69: =ROUND(I69*D69,2) -> 252608.94 | K69: =ROUND(E69*I69,2) -> 252608.94 | L69: =ROUND(F69*I69,2) -> 0 | M69: =ROUND(G69*I69,2) -> 252608.94 | N69: =ROUND(J69-M69,2) -> 0 | O69: =M69/J69 -> 1
A70: 001.001.004.002 | B70: Fornecimento de válvula de retenção diam. 400mm | C70: PC | D70: 1 | E70: 1 | F70: 0 | G70: =ROUND(E70+F70,2) -> 1 | H70: =ROUND(D70-G70,2) -> 0 | I70: 20270.32 | J70: =ROUND(I70*D70,2) -> 20270.32 | K70: =ROUND(E70*I70,2) -> 20270.32 | L70: =ROUND(F70*I70,2) -> 0 | M70: =ROUND(G70*I70,2) -> 20270.32 | N70: =ROUND(J70-M70,2) -> 0 | O70: =M70/J70 -> 1
A71: 001.002 | B71: TUBOS E CONEXÕES - EEAB 01/EEAB 02
A72: 001.002.001 | B72: Arruela metálica p/ parafuso de 16mm | C72: un | D72: 128 | E72: 128 | F72: 0 | G72: =ROUND(E72+F72,2) -> 128 | H72: =ROUND(D72-G72,2) -> 0 | I72: 1.62 | J72: =ROUND(I72*D72,2) -> 207.36 | K72: =ROUND(E72*I72,2) -> 207.36 | L72: =ROUND(F72*I72,2) -> 0 | M72: =ROUND(G72*I72,2) -> 207.36 | N72: =ROUND(J72-M72,2) -> 0 | O72: =M72/J72 -> 1
A73: 001.002.002 | B73: Arruela metálica p/ parafuso de 20mm | C73: un | D73: 1984 | E73: 1984 | F73: 0 | G73: =ROUND(E73+F73,2) -> 1984 | H73: =ROUND(D73-G73,2) -> 0 | I73: 2.07 | J73: =ROUND(I73*D73,2) -> 4106.88 | K73: =ROUND(E73*I73,2) -> 4106.88 | L73: =ROUND(F73*I73,2) -> 0 | M73: =ROUND(G73*I73,2) -> 4106.88 | N73: =ROUND(J73-M73,2) -> 0 | O73: =M73/J73 -> 1
A74: 001.002.003 | B74: Arruela metálica p/ parafuso de 24mm | C74: un | D74: 1160 | E74: 1160 | F74: 0 | G74: =ROUND(E74+F74,2) -> 1160 | H74: =ROUND(D74-G74,2) -> 0 | I74: 2.8 | J74: =ROUND(I74*D74,2) -> 3248 | K74: =ROUND(E74*I74,2) -> 3248 | L74: =ROUND(F74*I74,2) -> 0 | M74: =ROUND(G74*I74,2) -> 3248 | N74: =ROUND(J74-M74,2) -> 0 | O74: =M74/J74 -> 1
A75: 001.002.004 | B75: Haste prolongamento c/ 2roscas 2'', L=1,30 | C75: un | D75: 4 | E75: 4 | F75: 0 | G75: =ROUND(E75+F75,2) -> 4 | H75: =ROUND(D75-G75,2) -> 0 | I75: 1229.76 | J75: =ROUND(I75*D75,2) -> 4919.04 | K75: =ROUND(E75*I75,2) -> 4919.04 | L75: =ROUND(F75*I75,2) -> 0 | M75: =ROUND(G75*I75,2) -> 4919.04 | N75: =ROUND(J75-M75,2) -> 0 | O75: =M75/J75 -> 1
A76: 001.002.005 | B76: Pedestal de suspensão com engrenagem PS49 | C76: un | D76: 4 | E76: 4 | F76: 0 | G76: =ROUND(E76+F76,2) -> 4 | H76: =ROUND(D76-G76,2) -> 0 | I76: 6167.18 | J76: =ROUND(I76*D76,2) -> 24668.72 | K76: =ROUND(E76*I76,2) -> 24668.72 | L76: =ROUND(F76*I76,2) -> 0 | M76: =ROUND(G76*I76,2) -> 24668.72 | N76: =ROUND(J76-M76,2) -> 0 | O76: =M76/J76 -> 1
A77: 001.002.006 | B77: Fornecimento de extremidade em ferro fundido, com aba de vedação, ponta / flange pn 10 / 16, diam. = 150mm | C77: un | D77: 1 | E77: 1 | F77: 0 | G77: =ROUND(E77+F77,2) -> 1 | H77: =ROUND(D77-G77,2) -> 0 | I77: 1381.69 | J77: =ROUND(I77*D77,2) -> 1381.69 | K77: =ROUND(E77*I77,2) -> 1381.69 | L77: =ROUND(F77*I77,2) -> 0 | M77: =ROUND(G77*I77,2) -> 1381.69 | N77: =ROUND(J77-M77,2) -> 0 | O77: =M77/J77 -> 1
A78: 001.002.007 | B78: TUBO EM FOFO, C/ FLANGES PN 10, D= 300MM, L=3,00M | C78: un | D78: 3 | E78: 3 | F78: 0 | G78: =ROUND(E78+F78,2) -> 3 | H78: =ROUND(D78-G78,2) -> 0 | I78: 10235.12 | J78: =ROUND(I78*D78,2) -> 30705.36 | K78: =ROUND(E78*I78,2) -> 30705.36 | L78: =ROUND(F78*I78,2) -> 0 | M78: =ROUND(G78*I78,2) -> 30705.36 | N78: =ROUND(J78-M78,2) -> 0 | O78: =M78/J78 -> 1
A79: 001.002.008 | B79: Mancal Intermediário FoFo p/ 1 1/8 | C79: un | D79: 4 | E79: 4 | F79: 0 | G79: =ROUND(E79+F79,2) -> 4 | H79: =ROUND(D79-G79,2) -> 0 | I79: 1347.36 | J79: =ROUND(I79*D79,2) -> 5389.44 | K79: =ROUND(E79*I79,2) -> 5389.44 | L79: =ROUND(F79*I79,2) -> 0 | M79: =ROUND(G79*I79,2) -> 5389.44 | N79: =ROUND(J79-M79,2) -> 0 | O79: =M79/J79 -> 1
A80: 001.002.009 | B80: Haste de Prolongamento quadrada e boca de chave p/1 1/8 x 4,00m | C80: un | D80: 2 | E80: 2 | F80: 0 | G80: =ROUND(E80+F80,2) -> 2 | H80: =ROUND(D80-G80,2) -> 0 | I80: 1085.4 | J80: =ROUND(I80*D80,2) -> 2170.8 | K80: =ROUND(E80*I80,2) -> 2170.8 | L80: =ROUND(F80*I80,2) -> 0 | M80: =ROUND(G80*I80,2) -> 2170.8 | N80: =ROUND(J80-M80,2) -> 0 | O80: =M80/J80 -> 1
A81: 001.002.010 | B81: TUBO EM FOFO, C/ FLANGES PN 10, D= 300MM, L=1,80M | C81: un | D81: 3 | E81: 3 | F81: 0 | G81: =ROUND(E81+F81,2) -> 3 | H81: =ROUND(D81-G81,2) -> 0 | I81: 6079.92 | J81: =ROUND(I81*D81,2) -> 18239.76 | K81: =ROUND(E81*I81,2) -> 18239.76 | L81: =ROUND(F81*I81,2) -> 0 | M81: =ROUND(G81*I81,2) -> 18239.76 | N81: =ROUND(J81-M81,2) -> 0 | O81: =M81/J81 -> 1
A82: 001.002.011 | B82: Colar de tomada 300 x 3/4 | C82: un | D82: 3 | E82: 3 | F82: 0 | G82: =ROUND(E82+F82,2) -> 3 | H82: =ROUND(D82-G82,2) -> 0 | I82: 51.52 | J82: =ROUND(I82*D82,2) -> 154.56 | K82: =ROUND(E82*I82,2) -> 154.56 | L82: =ROUND(F82*I82,2) -> 0 | M82: =ROUND(G82*I82,2) -> 154.56 | N82: =ROUND(J82-M82,2) -> 0 | O82: =M82/J82 -> 1
A83: 001.002.012 | B83: Niple duplo de ferro galvanizado d=3/4" | C83: un | D83: 6 | E83: 6 | F83: 0 | G83: =ROUND(E83+F83,2) -> 6 | H83: =ROUND(D83-G83,2) -> 0 | I83: 11.07 | J83: =ROUND(I83*D83,2) -> 66.42 | K83: =ROUND(E83*I83,2) -> 66.42 | L83: =ROUND(F83*I83,2) -> 0 | M83: =ROUND(G83*I83,2) -> 66.42 | N83: =ROUND(J83-M83,2) -> 0 | O83: =M83/J83 -> 1
A84: 001.002.013 | B84: TUBO EM FOFO, C/ FLANGES PN 10 / 16, D= 150MM, L=2,00M | C84: un | D84: 1 | E84: 1 | F84: 0 | G84: =ROUND(E84+F84,2) -> 1 | H84: =ROUND(D84-G84,2) -> 0 | I84: 3328.08 | J84: =ROUND(I84*D84,2) -> 3328.08 | K84: =ROUND(E84*I84,2) -> 3328.08 | L84: =ROUND(F84*I84,2) -> 0 | M84: =ROUND(G84*I84,2) -> 3328.08 | N84: =ROUND(J84-M84,2) -> 0 | O84: =M84/J84 -> 1
A85: 001.003 | B85: ENTROCAMENTO REDE DE ABASTECIMENTO DN 400
A86: 001.003.001 | B86: EXTREMIDADE EM FOFO, PONTA P/ JE, JM OU JTI / FLANGE PN 10/16, D= 100MM | C86: un | D86: 100 | E86: 100 | F86: 0 | G86: =ROUND(E86+F86,2) -> 100 | H86: =ROUND(D86-G86,2) -> 0 | I86: 1548.86 | J86: =ROUND(I86*D86,2) -> 154886 | K86: =ROUND(E86*I86,2) -> 154886 | L86: =ROUND(F86*I86,2) -> 0 | M86: =ROUND(G86*I86,2) -> 154886 | N86: =ROUND(J86-M86,2) -> 0 | O86: =M86/J86 -> 1
A87: TOTAL DOS SERVIÇOS | J87: =SUM(J6:J57) -> 540469.34 | K87: =SUM(K6:K57) -> 147710.22 | L87: =SUM(L6:L57) -> 308698.76 | M87: =SUM(M6:M57) -> 456408.97 | N87: =SUM(N6:N57) -> 84060.37 | O87: =M87/J87 -> 0.84446783
A88: TOTAL DO FORNECIMENTO | J88: =SUM(J58:J86) -> 972921.31 | K88: =SUM(K58:K86) -> 972921.31 | L88: =SUM(L58:L86) -> 0 | M88: =SUM(M58:M86) -> 972921.31 | N88: =SUM(N58:N86) -> 0 | O88: =M88/J88 -> 1
A89: TOTAL GERAL | J89: =J87+J88 -> 1513390.6 | K89: =K87+K88 -> 1120631.5 | L89: =L87+L88 -> 308698.76 | M89: =M87+M88 -> 1429330.3 | N89: =N87+N88 -> 84060.37 | O89: =M89/J89 -> 0.9444556 | P89: 176 | Q89: 1513390.6
P90: x | Q90: 1085812.3
P92: =P89*Q90 -> 1.9110297e+08 | Q92: =P92/Q89 -> 126.27471

Sheet BM - 001
A1: EXECUÇÃO DA INFRAESTRUTURA PARA O BAIRRO DIVINEIA, NO MUNICÍPIO DE SÃO CRISTÓVÃO/SE | D1: BOLETIM DE MEDIÇÃO | I1: CONTRATO Nº: | J1: 0049/2026 | K1: CONCORRÊNCIA PUBLICA N° CP0009/2026 | N1: 1
I2: DATA CONTR.: 17/08/26
D3: Período: | E3: 17/08/2026 a 31/08/2026 | I3: INICIO: | J3: 46251 | K3: TERM. PREV.: | L3: 46491
A4: ITEM | B4: DESCRIÇÃO | C4: UN | D4: Quantidades | J4: Valores ( R$ ) | O4: % med acum
D5: Contratada atualizada | E5: Acumulada Anterior | F5: No Período | G5: Acumulada Atual | H5: Saldo à Medir | I5: Preço Unitário (R$) | J5: Contratada atualizada | K5: Acumulada Anterior | L5: No Período | M5: Acumulada Atual | N5: Saldo à Medir
B6: SERVIÇOS
A7: 01. | B7: ADMINISTRAÇÃO DA OBRA | J7: =SUBTOTAL(9,J8:J11) -> 212163.23 | K7: =SUBTOTAL(9,K8:K11) -> 0 | L7: =SUBTOTAL(9,L8:L11) -> 8486.53 | M7: =SUBTOTAL(9,M8:M11) -> 8486.53 | N7: =SUBTOTAL(9,N8:N11) -> 203676.7 | Q7: BM 01
A8: 01.01 | B8: ADMINISTRAÇÃO LOCAL | J8: =SUBTOTAL(9,J9:J11) -> 212163.23 | K8: =SUBTOTAL(9,K9:K11) -> 0 | L8: =SUBTOTAL(9,L9:L11) -> 8486.53 | M8: =SUBTOTAL(9,M9:M11) -> 8486.53 | N8: =SUBTOTAL(9,N9:N11) -> 203676.7 | Q8: 0.24
A9: 01.01.001 | B9: Equipe Dirigente | C9: un | D9: 1 | F9: =MC!T8 -> 0.04 | G9: =ROUND(E9+F9,2) -> 0.04 | H9: =ROUND(D9-G9,2) -> 0.96 | I9: 189331.77 | J9: =ROUND(I9*D9,2) -> 189331.77 | K9: =ROUND(E9*I9,2) -> 0 | L9: =ROUND(F9*I9,2) -> 7573.27 | M9: =ROUND(G9*I9,2) -> 7573.27 | N9: =ROUND(J9-M9,2) -> 181758.5 | O9: =M9/J9 -> 0.039999996 | P9: =L9-M9 -> 0 | Q9: 94.5
A10: 01.01.002 | B10: Manutenção do Canteiro | C10: un | D10: 1 | F10: =MC!T14 -> 0.04 | G10: =ROUND(E10+F10,2) -> 0.04 | H10: =ROUND(D10-G10,2) -> 0.96 | I10: 18359.18 | J10: =ROUND(I10*D10,2) -> 18359.18 | K10: =ROUND(E10*I10,2) -> 0 | L10: =ROUND(F10*I10,2) -> 734.37 | M10: =ROUND(G10*I10,2) -> 734.37 | N10: =ROUND(J10-M10,2) -> 17624.81 | O10: =M10/J10 -> 0.040000153 | P10: =L10-M10 -> 0 | Q10: 132
A11: 01.01.003 | B11: Equipamentos de Apoio à Produção | C11: un | D11: 1 | F11: =MC!T20 -> 0.04 | G11: =ROUND(E11+F11,2) -> 0.04 | H11: =ROUND(D11-G11,2) -> 0.96 | I11: 4472.28 | J11: =ROUND(I11*D11,2) -> 4472.28 | K11: =ROUND(E11*I11,2) -> 0 | L11: =ROUND(F11*I11,2) -> 178.89 | M11: =ROUND(G11*I11,2) -> 178.89 | N11: =ROUND(J11-M11,2) -> 4293.39 | O11: =M11/J11 -> 0.039999732 | P11: =L11-M11 -> 0 | Q11: 63
A12: 02. | B12: CANTEIRO DE OBRAS | J12: =SUBTOTAL(9,J13:J39) -> 110340.22 | K12: =SUBTOTAL(9,K13:K39) -> 0 | L12: =SUBTOTAL(9,L13:L39) -> 39161.16 | M12: =SUBTOTAL(9,M13:M39) -> 39161.16 | N12: =SUBTOTAL(9,N13:N39) -> 71179.06 | P12: =L12-M12 -> 0 | Q12: 40
A13: 02.01 | B13: TERRAPLENAGEM E PAVIMENTAÇÃO | J13: =SUBTOTAL(9,J14:J21) -> 8997.08 | K13: =SUBTOTAL(9,K14:K21) -> 0 | L13: =SUBTOTAL(9,L14:L21) -> 8738.88 | M13: =SUBTOTAL(9,M14:M21) -> 8738.88 | N13: =SUBTOTAL(9,N14:N21) -> 258.2 | P13: =L13-M13 -> 0 | Q13: 132
A14: 02.01.001 | B14: Desmatamento, destocamento e limpeza de área com árvores de diâmetro até 0,15 m (SICRO - 5501700) | C14: m² | D14: 660 | F14: =MC!T28 -> 660 | G14: =ROUND(E14+F14,2) -> 660 | H14: =ROUND(D14-G14,2) -> 0 | I14: 0.91 | J14: =ROUND(I14*D14,2) -> 600.6 | K14: =ROUND(E14*I14,2) -> 0 | L14: =ROUND(F14*I14,2) -> 600.6 | M14: =ROUND(G14*I14,2) -> 600.6 | N14: =ROUND(J14-M14,2) -> 0 | O14: =M14/J14 -> 1 | P14: =L14-M14 -> 0 | Q14: #VALUE!
A15: 02.01.002 | B15: Carga, manobra e descarga de agregados ou solos em caminhão basculante de 14 m³ - carga com carregadeira de 3,40 m³ e descarga livre (SICRO - 5914351) | C15: t | D15: 128.7 | F15: =MC!T34 -> 128.7 | G15: =ROUND(E15+F15,2) -> 128.7 | H15: =ROUND(D15-G15,2) -> 0 | I15: 2.76 | J15: =ROUND(I15*D15,2) -> 355.21 | K15: =ROUND(E15*I15,2) -> 0 | L15: =ROUND(F15*I15,2) -> 355.21 | M15: =ROUND(G15*I15,2) -> 355.21 | N15: =ROUND(J15-M15,2) -> 0 | O15: =M15/J15 -> 1 | P15: =L15-M15 -> 0 | Q15: 132
A16: 02.01.003 | B16: Transporte com caminhão basculante de 14 m³ - rodovia pavimentada (SICRO - 5915321) | C16: tkm | D16: 1544.4 | F16: =MC!T40 -> 1544.4 | G16: =ROUND(E16+F16,2) -> 1544.4 | H16: =ROUND(D16-G16,2) -> 0 | I16: 0.66 | J16: =ROUND(I16*D16,2) -> 1019.3 | K16: =ROUND(E16*I16,2) -> 0 | L16: =ROUND(F16*I16,2) -> 1019.3 | M16: =ROUND(G16*I16,2) -> 1019.3 | N16: =ROUND(J16-M16,2) -> 0 | O16: =M16/J16 -> 1 | P16: =L16-M16 -> 0
A17: 02.01.004 | B17: Descarte de resíduos da construção civil em área licenciada | C17: t | D17: 158.33 | F17: =MC!T46 -> 158.33 | G17: =ROUND(E17+F17,2) -> 158.33 | H17: =ROUND(D17-G17,2) -> 0 | I17: 29.07 | J17: =ROUND(I17*D17,2) -> 4602.65 | K17: =ROUND(E17*I17,2) -> 0 | L17: =ROUND(F17*I17,2) -> 4602.65 | M17: =ROUND(G17*I17,2) -> 4602.65 | N17: =ROUND(J17-M17,2) -> 0 | O17: =M17/J17 -> 1 | P17: =L17-M17 -> 0
A18: 02.01.005 | B18: Regularização do subleito - 100% Proctor intermediário (SICRO - 4011209) | C18: m² | D18: 600 | F18: =MC!T52 -> 600 | G18: =ROUND(E18+F18,2) -> 600 | H18: =ROUND(D18-G18,2) -> 0 | I18: 2.17 | J18: =ROUND(I18*D18,2) -> 1302 | K18: =ROUND(E18*I18,2) -> 0 | L18: =ROUND(F18*I18,2) -> 1302 | M18: =ROUND(G18*I18,2) -> 1302 | N18: =ROUND(J18-M18,2) -> 0 | O18: =M18/J18 -> 1 | P18: =L18-M18 -> 0
A19: 02.01.006 | B19: Material para sub-base (adquirido e medido pelo corte na jazida), exclusive limpeza da área, escavação e carga - Mineração Sta Maria - Terra Dura | C19: m3 | D19: 36.18 | F19: =MC!T58 -> 36.18 | G19: =ROUND(E19+F19,2) -> 36.18 | H19: =ROUND(D19-G19,2) -> 0 | I19: 13.06 | J19: =ROUND(I19*D19,2) -> 472.51 | K19: =ROUND(E19*I19,2) -> 0 | L19: =ROUND(F19*I19,2) -> 472.51 | M19: =ROUND(G19*I19,2) -> 472.51 | N19: =ROUND(J19-M19,2) -> 0 | O19: =M19/J19 -> 1 | P19: =L19-M19 -> 0
A20: 02.01.007 | B20: Transporte com caminhão basculante de 14 m³ - rodovia pavimentada (SICRO - 5915321) | C20: tkm | D20: 586.13 | F20: =MC!T64 -> 585.78 | G20: =ROUND(E20+F20,2) -> 585.78 | H20: =ROUND(D20-G20,2) -> 0.35 | I20: 0.66 | J20: =ROUND(I20*D20,2) -> 386.85 | K20: =ROUND(E20*I20,2) -> 0 | L20: =ROUND(F20*I20,2) -> 386.61 | M20: =ROUND(G20*I20,2) -> 386.61 | N20: =ROUND(J20-M20,2) -> 0.24 | O20: =M20/J20 -> 0.9993796 | P20: =L20-M20 -> 0
A21: 02.01.008 | B21: Compactação de aterros a 100% do Proctor normal (SICRO - 5502978) | C21: m³ | D21: 36.18 | F21: 0 | G21: =ROUND(E21+F21,2) -> 0 | H21: =ROUND(D21-G21,2) -> 36.18 | I21: 7.13 | J21: =ROUND(I21*D21,2) -> 257.96 | K21: =ROUND(E21*I21,2) -> 0 | L21: =ROUND(F21*I21,2) -> 0 | M21: =ROUND(G21*I21,2) -> 0 | N21: =ROUND(J21-M21,2) -> 257.96 | O21: =M21/J21 -> 0 | P21: =L21-M21 -> 0
A22: 02.02 | B22: FECHAMENTO | J22: =SUBTOTAL(9,J23) -> 16449 | K22: =SUBTOTAL(9,K23) -> 0 | L22: =SUBTOTAL(9,L23) -> 16449 | M22: =SUBTOTAL(9,M23) -> 16449 | N22: =SUBTOTAL(9,N23) -> 0 | P22: =L22-M22 -> 0
A23: 02.02.001 | B23: Tapume em chapa galvanizada nº30, esp=0,35mm, h=2,00m, exclusive pintura | C23: m | D23: 100 | F23: =MC!T71 -> 100 | G23: =ROUND(E23+F23,2) -> 100 | H23: =ROUND(D23-G23,2) -> 0 | I23: 164.49 | J23: =ROUND(I23*D23,2) -> 16449 | K23: =ROUND(E23*I23,2) -> 0 | L23: =ROUND(F23*I23,2) -> 16449 | M23: =ROUND(G23*I23,2) -> 16449 | N23: =ROUND(J23-M23,2) -> 0 | O23: =M23/J23 -> 1 | P23: =L23-M23 -> 0
A24: 02.03 | B24: BARRACÕES | J24: =SUBTOTAL(9,J25:J28) -> 54884.88 | K24: =SUBTOTAL(9,K25:K28) -> 0 | L24: =SUBTOTAL(9,L25:L28) -> 12500.4 | M24: =SUBTOTAL(9,M25:M28) -> 12500.4 | N24: =SUBTOTAL(9,N25:N28) -> 42384.48 | P24: =L24-M24 -> 0
A25: 02.03.001 | B25: Barracão para Obras de Médio Porte Reaproveitamento 2 vezes | C25: m2 | D25: 108.8 | F25: =MC!T78 -> 0 | G25: =ROUND(E25+F25,2) -> 0 | H25: =ROUND(D25-G25,2) -> 108.8 | I25: 249.99 | J25: =ROUND(I25*D25,2) -> 27198.91 | K25: =ROUND(E25*I25,2) -> 0 | L25: =ROUND(F25*I25,2) -> 0 | M25: =ROUND(G25*I25,2) -> 0 | N25: =ROUND(J25-M25,2) -> 27198.91 | O25: =M25/J25 -> 0 | P25: =L25-M25 -> 0
A26: 02.03.002 | B26: Barracão aberto para apoio à produção (carpintaria, central de armação, oficina, etc.) c/ tesouras, telha 4mm, piso em concreto desempolado | C26: m2 | D26: 75.24 | F26: =MC!T84 -> 55 | G26: =ROUND(E26+F26,2) -> 55 | H26: =ROUND(D26-G26,2) -> 20.24 | I26: 227.28 | J26: =ROUND(I26*D26,2) -> 17100.55 | K26: =ROUND(E26*I26,2) -> 0 | L26: =ROUND(F26*I26,2) -> 12500.4 | M26: =ROUND(G26*I26,2) -> 12500.4 | N26: =ROUND(J26-M26,2) -> 4600.15 | O26: =M26/J26 -> 0.73099403 | P26: =L26-M26 -> 0
A27: 02.03.003 | B27: Reservatorio elevado c/ caixa d'agua em fibra de vidro de 5.000 litros apoiado em estrutura pre-moldada concreto, composta de capitel p/apoio da caixa e pilar cilindrico c/altura util = 6,00m, incluso frete e montagem no local, exceto inst.hidraulica | C27: un | D27: 1 | F27: 0 | G27: =ROUND(E27+F27,2) -> 0 | H27: =ROUND(D27-G27,2) -> 1 | I27: 9343.39 | J27: =ROUND(I27*D27,2) -> 9343.39 | K27: =ROUND(E27*I27,2) -> 0 | L27: =ROUND(F27*I27,2) -> 0 | M27: =ROUND(G27*I27,2) -> 0 | N27: =ROUND(J27-M27,2) -> 9343.39 | O27: =M27/J27 -> 0 | P27: =L27-M27 -> 0
A28: 02.03.004 | B28: Caixa d´água em fibra de vidro - instalada, sem estrutura de suporte cap. 1.000 litros | C28: un | D28: 1 | F28: 0 | G28: =ROUND(E28+F28,2) -> 0 | H28: =ROUND(D28-G28,2) -> 1 | I28: 1242.03 | J28: =ROUND(I28*D28,2) -> 1242.03 | K28: =ROUND(E28*I28,2) -> 0 | L28: =ROUND(F28*I28,2) -> 0 | M28: =ROUND(G28*I28,2) -> 0 | N28: =ROUND(J28-M28,2) -> 1242.03 | O28: =M28/J28 -> 0 | P28: =L28-M28 -> 0
A29: 02.04 | B29: LIGAÇÕES PROVISÓRIAS | J29: =SUBTOTAL(9,J30:J33) -> 25633.01 | K29: =SUBTOTAL(9,K30:K33) -> 0 | L29: =SUBTOTAL(9,L30:L33) -> 1472.88 | M29: =SUBTOTAL(9,M30:M33) -> 1472.88 | N29: =SUBTOTAL(9,N30:N33) -> 24160.13 | P29: =L29-M29 -> 0
A30: 02.04.001 | B30: Ligação Predial de Água em Mureta de Concreto, Provisória ou Definitiva, com Fornecimento de Material, inclusive Mureta e Hidrômetro, Rede DN 50mm - Rev 03_10/2022 | C30: UN | D30: 1 | F30: =MC!T91 -> 0.5 | G30: =ROUND(E30+F30,2) -> 0.5 | H30: =ROUND(D30-G30,2) -> 0.5 | I30: 730.26 | J30: =ROUND(I30*D30,2) -> 730.26 | K30: =ROUND(E30*I30,2) -> 0 | L30: =ROUND(F30*I30,2) -> 365.13 | M30: =ROUND(G30*I30,2) -> 365.13 | N30: =ROUND(J30-M30,2) -> 365.13 | O30: =M30/J30 -> 0.5 | P30: =L30-M30 -> 0
A31: 02.04.002 | B31: Instalação provisória de energia elétrica, aerea, trifasica, em poste galvanizado, exclusive fornecimento do medidor | C31: un | D31: 1 | F31: =MC!T97 -> 0.5 | G31: =ROUND(E31+F31,2) -> 0.5 | H31: =ROUND(D31-G31,2) -> 0.5 | I31: 2215.49 | J31: =ROUND(I31*D31,2) -> 2215.49 | K31: =ROUND(E31*I31,2) -> 0 | L31: =ROUND(F31*I31,2) -> 1107.75 | M31: =ROUND(G31*I31,2) -> 1107.75 | N31: =ROUND(J31-M31,2) -> 1107.74 | O31: =M31/J31 -> 0.50000226 | P31: =L31-M31 -> 0
A32: 02.04.003 | B32: Tanque séptico retangular, em alvenaria com tijolos cerâmicos maciços, dimensões internas: 1,4 x 3,2 x h=1,8 m, volume útil: 6272 l (para 32 contribuintes). af_12/2020 | C32: un | D32: 1 | F32: 0 | G32: =ROUND(E32+F32,2) -> 0 | H32: =ROUND(D32-G32,2) -> 1 | I32: 8184.35 | J32: =ROUND(I32*D32,2) -> 8184.35 | K32: =ROUND(E32*I32,2) -> 0 | L32: =ROUND(F32*I32,2) -> 0 | M32: =ROUND(G32*I32,2) -> 0 | N32: =ROUND(J32-M32,2) -> 8184.35 | O32: =M32/J32 -> 0 | P32: =L32-M32 -> 0
A33: 02.04.004 | B33: Limpeza de fossa acima de 5m3 | C33: m3 | D33: 307.2 | F33: =MC!T103 -> 0 | G33: =ROUND(E33+F33,2) -> 0 | H33: =ROUND(D33-G33,2) -> 307.2 | I33: 47.21 | J33: =ROUND(I33*D33,2) -> 14502.91 | K33: =ROUND(E33*I33,2) -> 0 | L33: =ROUND(F33*I33,2) -> 0 | M33: =ROUND(G33*I33,2) -> 0 | N33: =ROUND(J33-M33,2) -> 14502.91 | O33: =M33/J33 -> 0 | P33: =L33-M33 -> 0
A34: 02.05 | B34: DESMOBILIZAÇÃO DO CANTEIRO | J34: =SUBTOTAL(9,J35:J39) -> 4376.25 | K34: =SUBTOTAL(9,K35:K39) -> 0 | L34: =SUBTOTAL(9,L35:L39) -> 0 | M34: =SUBTOTAL(9,M35:M39) -> 0 | N34: =SUBTOTAL(9,N35:N39) -> 4376.25 | P34: =L34-M34 -> 0
A35: 02.05.001 | B35: Demolição de Barracão de Obra | C35: m2 | D35: 184.04 | F35: =MC!T105 -> 0 | G35: =ROUND(E35+F35,2) -> 0 | H35: =ROUND(D35-G35,2) -> 184.04 | I35: 7.11 | J35: =ROUND(I35*D35,2) -> 1308.52 | K35: =ROUND(E35*I35,2) -> 0 | L35: =ROUND(F35*I35,2) -> 0 | M35: =ROUND(G35*I35,2) -> 0 | N35: =ROUND(J35-M35,2) -> 1308.52 | O35: =M35/J35 -> 0 | P35: =L35-M35 -> 0 | Q35: =D35*0.8 -> 147.232
A36: 02.05.002 | B36: Remoção de tapume | C36: m2 | D36: 210 | F36: =MC!T106 -> 0 | G36: =ROUND(E36+F36,2) -> 0 | H36: =ROUND(D36-G36,2) -> 210 | I36: 12.35 | J36: =ROUND(I36*D36,2) -> 2593.5 | K36: =ROUND(E36*I36,2) -> 0 | L36: =ROUND(F36*I36,2) -> 0 | M36: =ROUND(G36*I36,2) -> 0 | N36: =ROUND(J36-M36,2) -> 2593.5 | O36: =M36/J36 -> 0 | P36: =L36-M36 -> 0 | Q36: =D36*0.8 -> 168
A37: 02.05.003 | B37: Carga, manobra e descarga de entulho em caminhão basculante 10 m³ - carga com escavadeira hidráulica (caçamba de 0,80 m³ / 111 hp) e descarga livre (unidade: m3). af_07/2020 | C37: m3 | D37: 19.75 | F37: =MC!T107 -> 0 | G37: =ROUND(E37+F37,2) -> 0 | H37: =ROUND(D37-G37,2) -> 19.75 | I37: 8.78 | J37: =ROUND(I37*D37,2) -> 173.41 | K37: =ROUND(E37*I37,2) -> 0 | L37: =ROUND(F37*I37,2) -> 0 | M37: =ROUND(G37*I37,2) -> 0 | N37: =ROUND(J37-M37,2) -> 173.41 | O37: =M37/J37 -> 0 | P37: =L37-M37 -> 0 | Q37: =D37*0.8 -> 15.8
A38: 02.05.004 | B38: Transporte com caminhão basculante de 14 m³ - rodovia pavimentada (SICRO - 5915321) | C38: tkm | D38: 355.55 | F38: =MC!T108 -> 0 | G38: =ROUND(E38+F38,2) -> 0 | H38: =ROUND(D38-G38,2) -> 355.55 | I38: 0.66 | J38: =ROUND(I38*D38,2) -> 234.66 | K38: =ROUND(E38*I38,2) -> 0 | L38: =ROUND(F38*I38,2) -> 0 | M38: =ROUND(G38*I38,2) -> 0 | N38: =ROUND(J38-M38,2) -> 234.66 | O38: =M38/J38 -> 0 | P38: =L38-M38 -> 0 | Q38: =D38*0.8 -> 284.44
A39: 02.05.005 | B39: Espalhamento de material em bota-fora (SICRO - 4413942) | C39: m³ | D39: 19.75 | F39: =MC!T109 -> 0 | G39: =ROUND(E39+F39,2) -> 0 | H39: =ROUND(D39-G39,2) -> 19.75 | I39: 3.35 | J39: =ROUND(I39*D39,2) -> 66.16 | K39: =ROUND(E39*I39,2) -> 0 | L39: =ROUND(F39*I39,2) -> 0 | M39: =ROUND(G39*I39,2) -> 0 | N39: =ROUND(J39-M39,2) -> 66.16 | O39: =M39/J39 -> 0 | P39: =L39-M39 -> 0 | Q39: =D39*0.8 -> 15.8
A40: 03. | B40: MOBILIZAÇÃO E DESMOBILIZAÇÃO DE MÁQUINAS E EQUIPAMENTOS | J40: =SUBTOTAL(9,J41:J46) -> 9420.96 | K40: =SUBTOTAL(9,K41:K46) -> 0 | L40: =SUBTOTAL(9,L41:L46) -> 3310.17 | M40: =SUBTOTAL(9,M41:M46) -> 3310.17 | N40: =SUBTOTAL(9,N41:N46) -> 6110.79 | P40: =L40-M40 -> 0
A41: 03.01 | B41: MOBILIZAÇÃO | J41: =SUBTOTAL(9,J42:J43) -> 4710.48 | K41: =SUBTOTAL(9,K42:K43) -> 0 | L41: =SUBTOTAL(9,L42:L43) -> 3310.17 | M41: =SUBTOTAL(9,M42:M43) -> 3310.17 | N41: =SUBTOTAL(9,N42:N43) -> 1400.31 | P41: =L41-M41 -> 0
A42: 03.01.001 | B42: Transportes de máquinas e equipamentos por caminhão munck | C42: km | D42: 200 | F42: =MC!T112 -> 148 | G42: =ROUND(E42+F42,2) -> 148 | H42: =ROUND(D42-G42,2) -> 52 | I42: 6.83 | J42: =ROUND(I42*D42,2) -> 1366 | K42: =ROUND(E42*I42,2) -> 0 | L42: =ROUND(F42*I42,2) -> 1010.84 | M42: =ROUND(G42*I42,2) -> 1010.84 | N42: =ROUND(J42-M42,2) -> 355.16 | O42: =M42/J42 -> 0.74 | P42: =L42-M42 -> 0
A43: 03.01.002 | B43: Caminhão toco, pbt 16.000 kg, carga útil máx. 10.685 kg, dist. entre eixos 4,8 m, potência 189 cv, inclusive carroceria fixa aberta de madeira p/ transporte geral de carga seca, dimen. aprox. 2,5 x 7,00 x 0,50 m - chp diurno. af_06/2014 | C43: chp | D43: 16 | F43: =MC!T119 -> 11 | G43: =ROUND(E43+F43,2) -> 11 | H43: =ROUND(D43-G43,2) -> 5 | I43: 209.03 | J43: =ROUND(I43*D43,2) -> 3344.48 | K43: =ROUND(E43*I43,2) -> 0 | L43: =ROUND(F43*I43,2) -> 2299.33 | M43: =ROUND(G43*I43,2) -> 2299.33 | N43: =ROUND(J43-M43,2) -> 1045.15 | O43: =M43/J43 -> 0.6875 | P43: =L43-M43 -> 0
A44: 03.02 | B44: DESMOBILIZAÇÃO | J44: =SUBTOTAL(9,J45:J46) -> 4710.48 | K44: =SUBTOTAL(9,K45:K46) -> 0 | L44: =SUBTOTAL(9,L45:L46) -> 0 | M44: =SUBTOTAL(9,M45:M46) -> 0 | N44: =SUBTOTAL(9,N45:N46) -> 4710.48 | P44: =L44-M44 -> 0
A45: 03.02.001 | B45: Transportes de máquinas e equipamentos por caminhão munck | C45: km | D45: 200 | F45: =MC!T127 -> 0 | G45: =ROUND(E45+F45,2) -> 0 | H45: =ROUND(D45-G45,2) -> 200 | I45: 6.83 | J45: =ROUND(I45*D45,2) -> 1366 | K45: =ROUND(E45*I45,2) -> 0 | L45: =ROUND(F45*I45,2) -> 0 | M45: =ROUND(G45*I45,2) -> 0 | N45: =ROUND(J45-M45,2) -> 1366 | O45: =M45/J45 -> 0 | P45: =L45-M45 -> 0
A46: 03.02.002 | B46: Caminhão toco, pbt 16.000 kg, carga útil máx. 10.685 kg, dist. entre eixos 4,8 m, potência 189 cv, inclusive carroceria fixa aberta de madeira p/ transporte geral de carga seca, dimen. aprox. 2,5 x 7,00 x 0,50 m - chp diurno. af_06/2014 | C46: chp | D46: 16 | F46: =MC!T128 -> 0 | G46: =ROUND(E46+F46,2) -> 0 | H46: =ROUND(D46-G46,2) -> 16 | I46: 209.03 | J46: =ROUND(I46*D46,2) -> 3344.48 | K46: =ROUND(E46*I46,2) -> 0 | L46: =ROUND(F46*I46,2) -> 0 | M46: =ROUND(G46*I46,2) -> 0 | N46: =ROUND(J46-M46,2) -> 3344.48 | O46: =M46/J46 -> 0 | P46: =L46-M46 -> 0
A47: 04. | B47: SERVIÇOS PRELIMINARES | J47: =SUBTOTAL(9,J48:J57) -> 27292.85 | K47: =SUBTOTAL(9,K48:K57) -> 0 | L47: =SUBTOTAL(9,L48:L57) -> 6134.73 | M47: =SUBTOTAL(9,M48:M57) -> 6134.73 | N47: =SUBTOTAL(9,N48:N57) -> 21158.12 | P47: =L47-M47 -> 0
A48: 04.01 | B48: PLACA DA OBRA | J48: =SUBTOTAL(9,J49:J50) -> 7411.32 | K48: =SUBTOTAL(9,K49:K50) -> 0 | L48: =SUBTOTAL(9,L49:L50) -> 4799.48 | M48: =SUBTOTAL(9,M49:M50) -> 4799.48 | N48: =SUBTOTAL(9,N49:N50) -> 2611.84 | P48: =L48-M48 -> 0
A49: 04.01.001 | B49: Placa de obra em chapa aço galvanizado, instalada - Rev 02_01/2022 | C49: m2 | D49: 18 | F49: =MC!T131 -> 12.96 | G49: =ROUND(E49+F49,2) -> 12.96 | H49: =ROUND(D49-G49,2) -> 5.04 | I49: 370.33 | J49: =ROUND(I49*D49,2) -> 6665.94 | K49: =ROUND(E49*I49,2) -> 0 | L49: =ROUND(F49*I49,2) -> 4799.48 | M49: =ROUND(G49*I49,2) -> 4799.48 | N49: =ROUND(J49-M49,2) -> 1866.46 | O49: =M49/J49 -> 0.72000048 | P49: =L49-M49 -> 0
A50: 04.01.002 | B50: Placa de obra em lona com impressão digital 1,50 x 2,00m, inclusive estrutura em metalon 20 x 20cm e escoramento, instalada - Rev 02 - 09/2021 | C50: un | D50: 1 | F50: =MC!T137 -> 0 | G50: =ROUND(E50+F50,2) -> 0 | H50: =ROUND(D50-G50,2) -> 1 | I50: 745.38 | J50: =ROUND(I50*D50,2) -> 745.38 | K50: =ROUND(E50*I50,2) -> 0 | L50: =ROUND(F50*I50,2) -> 0 | M50: =ROUND(G50*I50,2) -> 0 | N50: =ROUND(J50-M50,2) -> 745.38 | O50: =M50/J50 -> 0 | P50: =L50-M50 -> 0
A51: 04.02 | B51: SINALIZAÇÃO PROVISÓRIA | J51: =SUBTOTAL(9,J52:J55) -> 11902.97 | K51: =SUBTOTAL(9,K52:K55) -> 0 | L51: =SUBTOTAL(9,L52:L55) -> 836.59 | M51: =SUBTOTAL(9,M52:M55) -> 836.59 | N51: =SUBTOTAL(9,N52:N55) -> 11066.38 | P51: =L51-M51 -> 0
A52: 04.02.001 | B52: Cone plástico para canalizaçao de trânsito - utilização 5 vezes | C52: un | D52: 184 | F52: =MC!T144 -> 51 | G52: =ROUND(E52+F52,2) -> 51 | H52: =ROUND(D52-G52,2) -> 133 | I52: 11.01 | J52: =ROUND(I52*D52,2) -> 2025.84 | K52: =ROUND(E52*I52,2) -> 0 | L52: =ROUND(F52*I52,2) -> 561.51 | M52: =ROUND(G52*I52,2) -> 561.51 | N52: =ROUND(J52-M52,2) -> 1464.33 | O52: =M52/J52 -> 0.27717391 | P52: =L52-M52 -> 0
A53: 04.02.002 | B53: Sinalização de vias com placas indicativas refletiva(0,30 x 0,40)m, porta peso, suporte tubo fºgº 2", reuso 25 vezes | C53: und | D53: 92 | F53: =MC!T156 -> 26 | G53: =ROUND(E53+F53,2) -> 26 | H53: =ROUND(D53-G53,2) -> 66 | I53: 10.58 | J53: =ROUND(I53*D53,2) -> 973.36 | K53: =ROUND(E53*I53,2) -> 0 | L53: =ROUND(F53*I53,2) -> 275.08 | M53: =ROUND(G53*I53,2) -> 275.08 | N53: =ROUND(J53-M53,2) -> 698.28 | O53: =M53/J53 -> 0.2826087 | P53: =L53-M53 -> 0
A54: 04.02.003 | B54: Sinalização noturna com tela tapume pvc, balde plástico fiação e lâmpada, reutilização 7 vezes | C54: m | D54: 92.13 | F54: =MC!T168 -> 0 | G54: =ROUND(E54+F54,2) -> 0 | H54: =ROUND(D54-G54,2) -> 92.13 | I54: 3.64 | J54: =ROUND(I54*D54,2) -> 335.35 | K54: =ROUND(E54*I54,2) -> 0 | L54: =ROUND(F54*I54,2) -> 0 | M54: =ROUND(G54*I54,2) -> 0 | N54: =ROUND(J54-M54,2) -> 335.35 | O54: =M54/J54 -> 0 | P54: =L54-M54 -> 0
A55: 04.02.004 | B55: Sinalização Diurna com Tela tapume em pvc - 10 usos | C55: m | D55: 1842.67 | F55: =MC!T169 -> 0 | G55: =ROUND(E55+F55,2) -> 0 | H55: =ROUND(D55-G55,2) -> 1842.67 | I55: 4.65 | J55: =ROUND(I55*D55,2) -> 8568.42 | K55: =ROUND(E55*I55,2) -> 0 | L55: =ROUND(F55*I55,2) -> 0 | M55: =ROUND(G55*I55,2) -> 0 | N55: =ROUND(J55-M55,2) -> 8568.42 | O55: =M55/J55 -> 0 | P55: =L55-M55 -> 0
A56: 04.03 | B56: LOCAÇÕES | J56: =SUBTOTAL(9,J57) -> 7978.56 | K56: =SUBTOTAL(9,K57) -> 0 | L56: =SUBTOTAL(9,L57) -> 498.66 | M56: =SUBTOTAL(9,M57) -> 498.66 | N56: =SUBTOTAL(9,N57) -> 7479.9 | P56: =L56-M56 -> 0
A57: 04.03.001 | B57: Aluguel de banheiro químico, com 03 limpezas semanais | C57: mês | D57: 16 | F57: =MC!T176 -> 1 | G57: =ROUND(E57+F57,2) -> 1 | H57: =ROUND(D57-G57,2) -> 15 | I57: 498.66 | J57: =ROUND(I57*D57,2) -> 7978.56 | K57: =ROUND(E57*I57,2) -> 0 | L57: =ROUND(F57*I57,2) -> 498.66 | M57: =ROUND(G57*I57,2) -> 498.66 | N57: =ROUND(J57-M57,2) -> 7479.9 | O57: =M57/J57 -> 0.0625 | P57: =L57-M57 -> 0
A58: 05. | B58: EXECUÇÃO DE SERVIÇOS - TERRAPLENAGEM, PAVIMENTAÇÃO, SINALIZAÇÃO E DRENAGEM | J58: =SUBTOTAL(9,J59:J150) -> 3830757 | K58: =SUBTOTAL(9,K59:K150) -> 0 | L58: =SUBTOTAL(9,L59:L150) -> 93109.71 | M58: =SUBTOTAL(9,M59:M150) -> 93109.71 | N58: =SUBTOTAL(9,N59:N150) -> 3737647.2 | P58: =L58-M58 -> 0
A59: 05.01 | B59: SERVIÇOS PRELIMINARES | J59: =SUBTOTAL(9,J60:J62) -> 97767.92 | K59: =SUBTOTAL(9,K60:K62) -> 0 | L59: =SUBTOTAL(9,L60:L62) -> 0 | M59: =SUBTOTAL(9,M60:M62) -> 0 | N59: =SUBTOTAL(9,N60:N62) -> 97767.92 | P59: =L59-M59 -> 0
A60: 05.01.001 | B60: Demolição de concreto com martelete e compressor | C60: m3 | D60: 224.05 | F60: =MC!T184 -> 0 | G60: =ROUND(E60+F60,2) -> 0 | H60: =ROUND(D60-G60,2) -> 224.05 | I60: 422.38 | J60: =ROUND(I60*D60,2) -> 94634.24 | K60: =ROUND(E60*I60,2) -> 0 | L60: =ROUND(F60*I60,2) -> 0 | M60: =ROUND(G60*I60,2) -> 0 | N60: =ROUND(J60-M60,2) -> 94634.24 | O60: =M60/J60 -> 0 | P60: =L60-M60 -> 0
A61: 05.01.002 | B61: Carga, manobra e descarga de entulho em caminhão basculante 10 m³ - carga com escavadeira hidráulica (caçamba de 0,80 m³ / 111 hp) e descarga livre (unidade: m3). af_07/2020 | C61: m3 | D61: 336.07 | F61: =MC!T185 -> 0 | G61: =ROUND(E61+F61,2) -> 0 | H61: =ROUND(D61-G61,2) -> 336.07 | I61: 8.78 | J61: =ROUND(I61*D61,2) -> 2950.69 | K61: =ROUND(E61*I61,2) -> 0 | L61: =ROUND(F61*I61,2) -> 0 | M61: =ROUND(G61*I61,2) -> 0 | N61: =ROUND(J61-M61,2) -> 2950.69 | O61: =M61/J61 -> 0 | P61: =L61-M61 -> 0
A62: 05.01.003 | B62: Transporte com caminhão basculante de 14 m³ - rodovia pavimentada (SICRO - 5915321) | C62: tkm | D62: 277.26 | F62: =MC!T186 -> 0 | G62: =ROUND(E62+F62,2) -> 0 | H62: =ROUND(D62-G62,2) -> 277.26 | I62: 0.66 | J62: =ROUND(I62*D62,2) -> 182.99 | K62: =ROUND(E62*I62,2) -> 0 | L62: =ROUND(F62*I62,2) -> 0 | M62: =ROUND(G62*I62,2) -> 0 | N62: =ROUND(J62-M62,2) -> 182.99 | O62: =M62/J62 -> 0 | P62: =L62-M62 -> 0
A63: 05.02 | B63: TERRAPLENAGEM - CORTE E ATERRO | J63: =SUBTOTAL(9,J64:J66) -> 58017.16 | K63: =SUBTOTAL(9,K64:K66) -> 0 | L63: =SUBTOTAL(9,L64:L66) -> 0 | M63: =SUBTOTAL(9,M64:M66) -> 0 | N63: =SUBTOTAL(9,N64:N66) -> 58017.16 | P63: =L63-M63 -> 0
A64: 05.02.001 | B64: Locação de serviços de terraplenagem de obras civis | C64: m2 | D64: 25615.23 | F64: =MC!T188 -> 0 | G64: =ROUND(E64+F64,2) -> 0 | H64: =ROUND(D64-G64,2) -> 25615.23 | I64: 1.24 | J64: =ROUND(I64*D64,2) -> 31762.89 | K64: =ROUND(E64*I64,2) -> 0 | L64: =ROUND(F64*I64,2) -> 0 | M64: =ROUND(G64*I64,2) -> 0 | N64: =ROUND(J64-M64,2) -> 31762.89 | O64: =M64/J64 -> 0 | P64: =L64-M64 -> 0
A65: 05.02.002 | B65: Escavação, carga e transporte de material de 1ª categoria, com trator de esteira com lâmina, dmt até 50m | C65: m3 | D65: 8035.69 | F65: =MC!T189 -> 0 | G65: =ROUND(E65+F65,2) -> 0 | H65: =ROUND(D65-G65,2) -> 8035.69 | I65: 2.34 | J65: =ROUND(I65*D65,2) -> 18803.51 | K65: =ROUND(E65*I65,2) -> 0 | L65: =ROUND(F65*I65,2) -> 0 | M65: =ROUND(G65*I65,2) -> 0 | N65: =ROUND(J65-M65,2) -> 18803.51 | O65: =M65/J65 -> 0 | P65: =L65-M65 -> 0
A66: 05.02.003 | B66: Carga mecânica de material de 1ª categoria | C66: m3 | D66: 7602.82 | F66: =MC!T190 -> 0 | G66: =ROUND(E66+F66,2) -> 0 | H66: =ROUND(D66-G66,2) -> 7602.82 | I66: 0.98 | J66: =ROUND(I66*D66,2) -> 7450.76 | K66: =ROUND(E66*I66,2) -> 0 | L66: =ROUND(F66*I66,2) -> 0 | M66: =ROUND(G66*I66,2) -> 0 | N66: =ROUND(J66-M66,2) -> 7450.76 | O66: =M66/J66 -> 0 | P66: =L66-M66 -> 0
A67: 05.02.004 | B67: Transporte comercial com caminhão basculante de 10m³, em rodovia pavimentada (densidade=1,5t/m³) | C67: tkm | D67: 4181.55 | F67: =MC!T191 -> 0 | G67: =ROUND(E67+F67,2) -> 0 | H67: =ROUND(D67-G67,2) -> 4181.55 | I67: 0.98 | J67: =ROUND(I67*D67,2) -> 4097.92 | K67: =ROUND(E67*I67,2) -> 0 | L67: =ROUND(F67*I67,2) -> 0 | M67: =ROUND(G67*I67,2) -> 0 | N67: =ROUND(J67-M67,2) -> 4097.92 | O67: =M67/J67 -> 0 | P67: =L67-M67 -> 0
A68: 05.02.005 | B68: Espalhamento de material de 1ª categoria c/ trator esteira Cat - D-6 ou similar | C68: m3 | D68: 4407.43 | F68: =MC!T192 -> 0 | G68: =ROUND(E68+F68,2) -> 0 | H68: =ROUND(D68-G68,2) -> 4407.43 | I68: 0.58 | J68: =ROUND(I68*D68,2) -> 2556.31 | K68: =ROUND(E68*I68,2) -> 0 | L68: =ROUND(F68*I68,2) -> 0 | M68: =ROUND(G68*I68,2) -> 0 | N68: =ROUND(J68-M68,2) -> 2556.31 | O68: =M68/J68 -> 0 | P68: =L68-M68 -> 0
A69: 05.02.006 | B69: Regularização e compactação de subleito de solo predominantemente arenoso, para obras de construção de pavimentos. af_09/2024 | C69: m2 | D69: 18426.66 | F69: =MC!T193 -> 0 | G69: =ROUND(E69+F69,2) -> 0 | H69: =ROUND(D69-G69,2) -> 18426.66 | I69: 1.44 | J69: =ROUND(I69*D69,2) -> 26534.39 | K69: =ROUND(E69*I69,2) -> 0 | L69: =ROUND(F69*I69,2) -> 0 | M69: =ROUND(G69*I69,2) -> 0 | N69: =ROUND(J69-M69,2) -> 26534.39 | O69: =M69/J69 -> 0 | P69: =L69-M69 -> 0
A70: 05.02.007 | B70: Compactação de aterros, com rolo vibratório pé de carneiro, a 100% do proctor normal | C70: m3 | D70: 1286.58 | F70: =MC!T194 -> 0 | G70: =ROUND(E70+F70,2) -> 0 | H70: =ROUND(D70-G70,2) -> 1286.58 | I70: 5.83 | J70: =ROUND(I70*D70,2) -> 7500.76 | K70: =ROUND(E70*I70,2) -> 0 | L70: =ROUND(F70*I70,2) -> 0 | M70: =ROUND(G70*I70,2) -> 0 | N70: =ROUND(J70-M70,2) -> 7500.76 | O70: =M70/J70 -> 0 | P70: =L70-M70 -> 0
A71: 05.03 | B71: PAVIMENTAÇÃO | J71: =SUBTOTAL(9,J72:J84) -> 3081184.3 | K71: =SUBTOTAL(9,K72:K84) -> 0 | L71: =SUBTOTAL(9,L72:L84) -> 0 | M71: =SUBTOTAL(9,M72:M84) -> 0 | N71: =SUBTOTAL(9,N72:N84) -> 3081184.3 | P71: =L71-M71 -> 0
A72: 05.03.001 | B72: SUB-BASE SOLO BRITA (70% - 30%) | J72: =SUBTOTAL(9,J73:J75) -> 312761.09 | K72: =SUBTOTAL(9,K73:K75) -> 0 | L72: =SUBTOTAL(9,L73:L75) -> 0 | M72: =SUBTOTAL(9,M73:M75) -> 0 | N72: =SUBTOTAL(9,N73:N75) -> 312761.09 | P72: =L72-M72 -> 0
A73: 05.03.001.001 | B73: Base ou sub-base estabilizada granulometricamente com mistura solo brita (70%-30%) na pista com material de jazida e brita comercial - 100% Proctor modificado (SICRO - 4011320) | C73: m³ | D73: 2763.99 | F73: =MC!T197 -> 0 | G73: =ROUND(E73+F73,2) -> 0 | H73: =ROUND(D73-G73,2) -> 2763.99 | I73: 74.59 | J73: =ROUND(I73*D73,2) -> 206166.01 | K73: =ROUND(E73*I73,2) -> 0 | L73: =ROUND(F73*I73,2) -> 0 | M73: =ROUND(G73*I73,2) -> 0 | N73: =ROUND(J73-M73,2) -> 206166.01 | O73: =M73/J73 -> 0 | P73: =L73-M73 -> 0 | Q73: 2177.91 | R73: =Q73/I73 -> 29.198418
A74: 05.03.001.002 | B74: Carga, manobra e descarga de agregados ou solos em caminhão basculante de 14 m³ - carga com carregadeira de 3,40 m³ e descarga livre (SICRO - 5914351) | C74: t | D74: 2520.34 | F74: =MC!T198 -> 0 | G74: =ROUND(E74+F74,2) -> 0 | H74: =ROUND(D74-G74,2) -> 2520.34 | I74: 2.76 | J74: =ROUND(I74*D74,2) -> 6956.14 | K74: =ROUND(E74*I74,2) -> 0 | L74: =ROUND(F74*I74,2) -> 0 | M74: =ROUND(G74*I74,2) -> 0 | N74: =ROUND(J74-M74,2) -> 6956.14 | O74: =M74/J74 -> 0 | P74: =L74-M74 -> 0
A75: 05.03.001.003 | B75: Transporte com caminhão basculante de 14 m³ - rodovia pavimentada (SICRO - 5915321) | C75: tkm | D75: 150968.09 | F75: =MC!T199 -> 0 | G75: =ROUND(E75+F75,2) -> 0 | H75: =ROUND(D75-G75,2) -> 150968.09 | I75: 0.66 | J75: =ROUND(I75*D75,2) -> 99638.94 | K75: =ROUND(E75*I75,2) -> 0 | L75: =ROUND(F75*I75,2) -> 0 | M75: =ROUND(G75*I75,2) -> 0 | N75: =ROUND(J75-M75,2) -> 99638.94 | O75: =M75/J75 -> 0 | P75: =L75-M75 -> 0
A76: 05.03.002 | B76: PAVIMENTO EM PARALELEPÍPEDOS | J76: =SUBTOTAL(9,J77:J78) -> 2145600.3 | K76: =SUBTOTAL(9,K77:K78) -> 0 | L76: =SUBTOTAL(9,L77:L78) -> 0 | M76: =SUBTOTAL(9,M77:M78) -> 0 | N76: =SUBTOTAL(9,N77:N78) -> 2145600.3 | P76: =L76-M76 -> 0
A77: 05.03.002.001 | B77: Locação de serviços de pavimentação | C77: m2 | D77: 18426.66 | F77: =MC!T201 -> 0 | G77: =ROUND(E77+F77,2) -> 0 | H77: =ROUND(D77-G77,2) -> 18426.66 | I77: 1.4 | J77: =ROUND(I77*D77,2) -> 25797.32 | K77: =ROUND(E77*I77,2) -> 0 | L77: =ROUND(F77*I77,2) -> 0 | M77: =ROUND(G77*I77,2) -> 0 | N77: =ROUND(J77-M77,2) -> 25797.32 | O77: =M77/J77 -> 0 | P77: =L77-M77 -> 0 | Q77: 979.2
A78: 05.03.002.002 | B78: Pavimentação em paralelepípedo granítico sobre colchão de areia, rejuntado com argamassa de cimento e areia traço 1:3, inclusive frete do paralelepípedo granítico | C78: m2 | D78: 18426.66 | F78: =MC!T202 -> 0 | G78: =ROUND(E78+F78,2) -> 0 | H78: =ROUND(D78-G78,2) -> 18426.66 | I78: 115.04 | J78: =ROUND(I78*D78,2) -> 2119803 | K78: =ROUND(E78*I78,2) -> 0 | L78: =ROUND(F78*I78,2) -> 0 | M78: =ROUND(G78*I78,2) -> 0 | N78: =ROUND(J78-M78,2) -> 2119803 | O78: =M78/J78 -> 0 | P78: =L78-M78 -> 0 | Q78: 240.96
A79: 05.03.003 | B79: CALÇADAS | J79: =SUBTOTAL(9,J80:J84) -> 622822.92 | K79: =SUBTOTAL(9,K80:K84) -> 0 | L79: =SUBTOTAL(9,L80:L84) -> 0 | M79: =SUBTOTAL(9,M80:M84) -> 0 | N79: =SUBTOTAL(9,N80:N84) -> 622822.92 | P79: =L79-M79 -> 0 | Q79: 470.4
A80: 05.03.003.001 | B80: Regularização manual e compactação com placa vibratória | C80: m2 | D80: 7188.57 | F80: =MC!T204 -> 0 | G80: =ROUND(E80+F80,2) -> 0 | H80: =ROUND(D80-G80,2) -> 7188.57 | I80: 7.44 | J80: =ROUND(I80*D80,2) -> 53482.96 | K80: =ROUND(E80*I80,2) -> 0 | L80: =ROUND(F80*I80,2) -> 0 | M80: =ROUND(G80*I80,2) -> 0 | N80: =ROUND(J80-M80,2) -> 53482.96 | O80: =M80/J80 -> 0 | P80: =L80-M80 -> 0 | Q80: 337.34
A81: 05.03.003.002 | B81: Lona plástica preta | C81: m2 | D81: 7188.57 | F81: =MC!T205 -> 0 | G81: =ROUND(E81+F81,2) -> 0 | H81: =ROUND(D81-G81,2) -> 7188.57 | I81: 5.49 | J81: =ROUND(I81*D81,2) -> 39465.25 | K81: =ROUND(E81*I81,2) -> 0 | L81: =ROUND(F81*I81,2) -> 0 | M81: =ROUND(G81*I81,2) -> 0 | N81: =ROUND(J81-M81,2) -> 39465.25 | O81: =M81/J81 -> 0 | P81: =L81-M81 -> 0 | Q81: 71133.98
A82: 05.03.003.003 | B82: Execução de passeio (calçada) ou piso de concreto com concreto moldado in loco, feito em obra, acabamento convencional, não armado. af_08/2022 | C82: m3 | D82: 503.2 | F82: =MC!T206 -> 0 | G82: =ROUND(E82+F82,2) -> 0 | H82: =ROUND(D82-G82,2) -> 503.2 | I82: 797.64 | J82: =ROUND(I82*D82,2) -> 401372.45 | K82: =ROUND(E82*I82,2) -> 0 | L82: =ROUND(F82*I82,2) -> 0 | M82: =ROUND(G82*I82,2) -> 0 | N82: =ROUND(J82-M82,2) -> 401372.45 | O82: =M82/J82 -> 0 | P82: =L82-M82 -> 0
A83: 05.03.003.004 | B83: Meio-fio de concreto - MFC 05 moldado no local com extrusora e concreto usinado - areia e brita comerciais (SICRO - 2003947) | C83: m | D83: 5515 | F83: =MC!T207 -> 0 | G83: =ROUND(E83+F83,2) -> 0 | H83: =ROUND(D83-G83,2) -> 5515 | I83: 22.36 | J83: =ROUND(I83*D83,2) -> 123315.4 | K83: =ROUND(E83*I83,2) -> 0 | L83: =ROUND(F83*I83,2) -> 0 | M83: =ROUND(G83*I83,2) -> 0 | N83: =ROUND(J83-M83,2) -> 123315.4 | O83: =M83/J83 -> 0 | P83: =L83-M83 -> 0 | Q83: 124.8
A84: 05.03.003.005 | B84: Caiação mecanizada com fixador de cal (SICRO - 4915724) | C84: m² | D84: 2481.75 | F84: =MC!T208 -> 0 | G84: =ROUND(E84+F84,2) -> 0 | H84: =ROUND(D84-G84,2) -> 2481.75 | I84: 2.09 | J84: =ROUND(I84*D84,2) -> 5186.86 | K84: =ROUND(E84*I84,2) -> 0 | L84: =ROUND(F84*I84,2) -> 0 | M84: =ROUND(G84*I84,2) -> 0 | N84: =ROUND(J84-M84,2) -> 5186.86 | O84: =M84/J84 -> 0 | P84: =L84-M84 -> 0 | Q84: 748.8
A85: 05.04 | B85: SINALIZAÇÃO | J85: =SUBTOTAL(9,J86:J90) -> 81276.55 | K85: =SUBTOTAL(9,K86:K90) -> 0 | L85: =SUBTOTAL(9,L86:L90) -> 0 | M85: =SUBTOTAL(9,M86:M90) -> 0 | N85: =SUBTOTAL(9,N86:N90) -> 81276.55 | P85: =L85-M85 -> 0
A86: 05.04.001 | B86: Pintura de setas e zebrados com tinta acrílica emulsionada em água - espessura de 0,4mm (SICRO - 5213406) | C86: m² | D86: 874 | F86: =MC!T210 -> 0 | G86: =ROUND(E86+F86,2) -> 0 | H86: =ROUND(D86-G86,2) -> 874 | I86: 29.59 | J86: =ROUND(I86*D86,2) -> 25861.66 | K86: =ROUND(E86*I86,2) -> 0 | L86: =ROUND(F86*I86,2) -> 0 | M86: =ROUND(G86*I86,2) -> 0 | N86: =ROUND(J86-M86,2) -> 25861.66 | O86: =M86/J86 -> 0 | P86: =L86-M86 -> 0 | Q86: 1200
A87: 05.04.002 | B87: Placa de regulamentação em fibra, R1 lado 0,331 m - película retrorrefletiva tipo I + SI - fornecimento e implantação (SICRO - 5213457) | C87: un | D87: 11 | F87: =MC!T211 -> 0 | G87: =ROUND(E87+F87,2) -> 0 | H87: =ROUND(D87-G87,2) -> 11 | I87: 450.28 | J87: =ROUND(I87*D87,2) -> 4953.08 | K87: =ROUND(E87*I87,2) -> 0 | L87: =ROUND(F87*I87,2) -> 0 | M87: =ROUND(G87*I87,2) -> 0 | N87: =ROUND(J87-M87,2) -> 4953.08 | O87: =M87/J87 -> 0 | P87: =L87-M87 -> 0 | Q87: 0
A88: 05.04.003 | B88: Placa de regulamentação em fibra, D = 0,60 m - película retrorrefletiva tipo I + SI - fornecimento e implantação (SICRO - 5213452) | C88: un | D88: 23 | F88: =MC!T212 -> 0 | G88: =ROUND(E88+F88,2) -> 0 | H88: =ROUND(D88-G88,2) -> 23 | I88: 263.21 | J88: =ROUND(I88*D88,2) -> 6053.83 | K88: =ROUND(E88*I88,2) -> 0 | L88: =ROUND(F88*I88,2) -> 0 | M88: =ROUND(G88*I88,2) -> 0 | N88: =ROUND(J88-M88,2) -> 6053.83 | O88: =M88/J88 -> 0 | P88: =L88-M88 -> 0
A89: 05.04.004 | B89: Placa de advertência em fibra, lado de 0,60m - película retrorreflexiva tipo I + SI - fornecimento e implantação (SICRO - 5213468) | C89: un | D89: 59 | F89: =MC!T213 -> 0 | G89: =ROUND(E89+F89,2) -> 0 | H89: =ROUND(D89-G89,2) -> 59 | I89: 263.22 | J89: =ROUND(I89*D89,2) -> 15529.98 | K89: =ROUND(E89*I89,2) -> 0 | L89: =ROUND(F89*I89,2) -> 0 | M89: =ROUND(G89*I89,2) -> 0 | N89: =ROUND(J89-M89,2) -> 15529.98 | O89: =M89/J89 -> 0 | P89: =L89-M89 -> 0 | Q89: 960
A90: 05.04.005 | B90: Rampa padrão (trapezoidal) para acesso de deficientes em passeio público, em concreto simples Fck=25MPa, desempolada, pintada em novacor, 02 demãos e piso tátil de alerta/direcional. Rev 01_07/2025 | C90: un | D90: 60 | F90: =MC!T214 -> 0 | G90: =ROUND(E90+F90,2) -> 0 | H90: =ROUND(D90-G90,2) -> 60 | I90: 481.3 | J90: =ROUND(I90*D90,2) -> 28878 | K90: =ROUND(E90*I90,2) -> 0 | L90: =ROUND(F90*I90,2) -> 0 | M90: =ROUND(G90*I90,2) -> 0 | N90: =ROUND(J90-M90,2) -> 28878 | O90: =M90/J90 -> 0 | P90: =L90-M90 -> 0 | Q90: 336
A91: 05.05 | B91: REDE COLETORA DE DRENAGEM | J91: =SUBTOTAL(9,J92:J150) -> 471821.64 | K91: =SUBTOTAL(9,K92:K150) -> 0 | L91: =SUBTOTAL(9,L92:L150) -> 93109.71 | M91: =SUBTOTAL(9,M92:M150) -> 93109.71 | N91: =SUBTOTAL(9,N92:N150) -> 378711.93 | P91: =L91-M91 -> 0 | Q91: 883.2
A92: 05.05.001 | B92: SERVIÇOS PRELIMINARES | J92: =SUBTOTAL(9,J93:J97) -> 16971.65 | K92: =SUBTOTAL(9,K93:K97) -> 0 | L92: =SUBTOTAL(9,L93:L97) -> 2931.81 | M92: =SUBTOTAL(9,M93:M97) -> 2931.81 | N92: =SUBTOTAL(9,N93:N97) -> 14039.84 | P92: =L92-M92 -> 0 | Q92: 705
A93: 05.05.001.001 | B93: Locação de rede de drenagem | C93: m | D93: 893 | F93: =MC!T236 -> 256 | G93: =ROUND(E93+F93,2) -> 256 | H93: =ROUND(D93-G93,2) -> 637 | I93: 1.57 | J93: =ROUND(I93*D93,2) -> 1402.01 | K93: =ROUND(E93*I93,2) -> 0 | L93: =ROUND(F93*I93,2) -> 401.92 | M93: =ROUND(G93*I93,2) -> 401.92 | N93: =ROUND(J93-M93,2) -> 1000.09 | O93: =M93/J93 -> 0.28667413 | P93: =L93-M93 -> 0 | Q93: 4752
A94: 05.05.001.002 | B94: Sinalização Diurna com Tela tapume em pvc - 10 usos | C94: m | D94: 1786 | F94: =MC!T251 -> 512 | G94: =ROUND(E94+F94,2) -> 512 | H94: =ROUND(D94-G94,2) -> 1274 | I94: 4.65 | J94: =ROUND(I94*D94,2) -> 8304.9 | K94: =ROUND(E94*I94,2) -> 0 | L94: =ROUND(F94*I94,2) -> 2380.8 | M94: =ROUND(G94*I94,2) -> 2380.8 | N94: =ROUND(J94-M94,2) -> 5924.1 | O94: =M94/J94 -> 0.28667413 | P94: =L94-M94 -> 0
A95: 05.05.001.003 | B95: Sinalização noturna com tela tapume pvc, balde plástico fiação e lâmpada, reutilização 7 vezes | C95: m | D95: 146 | F95: =MC!T266 -> 40.96 | G95: =ROUND(E95+F95,2) -> 40.96 | H95: =ROUND(D95-G95,2) -> 105.04 | I95: 3.64 | J95: =ROUND(I95*D95,2) -> 531.44 | K95: =ROUND(E95*I95,2) -> 0 | L95: =ROUND(F95*I95,2) -> 149.09 | M95: =ROUND(G95*I95,2) -> 149.09 | N95: =ROUND(J95-M95,2) -> 382.35 | O95: =M95/J95 -> 0.28053967 | P95: =L95-M95 -> 0
A96: 05.05.001.004 | B96: Sinalização de Valas com Placas Indicativas | C96: m | D96: 893 | F96: 0 | G96: =ROUND(E96+F96,2) -> 0 | H96: =ROUND(D96-G96,2) -> 893 | I96: 3.04 | J96: =ROUND(I96*D96,2) -> 2714.72 | K96: =ROUND(E96*I96,2) -> 0 | L96: =ROUND(F96*I96,2) -> 0 | M96: =ROUND(G96*I96,2) -> 0 | N96: =ROUND(J96-M96,2) -> 2714.72 | O96: =M96/J96 -> 0 | P96: =L96-M96 -> 0
A97: 05.05.001.005 | B97: Tapume com compensado de madeira. af_03/2024 | C97: m2 | D97: 39.29 | F97: 0 | G97: =ROUND(E97+F97,2) -> 0 | H97: =ROUND(D97-G97,2) -> 39.29 | I97: 102.28 | J97: =ROUND(I97*D97,2) -> 4018.58 | K97: =ROUND(E97*I97,2) -> 0 | L97: =ROUND(F97*I97,2) -> 0 | M97: =ROUND(G97*I97,2) -> 0 | N97: =ROUND(J97-M97,2) -> 4018.58 | O97: =M97/J97 -> 0 | P97: =L97-M97 -> 0
A98: 05.05.002 | B98: SONDAGEM DE INTERFERÊNCIA | J98: =SUBTOTAL(9,J99:J101) -> 1891.26 | K98: =SUBTOTAL(9,K99:K101) -> 0 | L98: =SUBTOTAL(9,L99:L101) -> 1714.03 | M98: =SUBTOTAL(9,M99:M101) -> 1714.03 | N98: =SUBTOTAL(9,N99:N101) -> 177.23 | P98: =L98-M98 -> 0
A99: 05.05.002.001 | B99: Escavação manual de vala em material de 1° categoria (SICRO - 4805749) | C99: m³ | D99: 13.4 | F99: =MC!T288 -> 11.52 | G99: =ROUND(E99+F99,2) -> 11.52 | H99: =ROUND(D99-G99,2) -> 1.88 | I99: 94.27 | J99: =ROUND(I99*D99,2) -> 1263.22 | K99: =ROUND(E99*I99,2) -> 0 | L99: =ROUND(F99*I99,2) -> 1085.99 | M99: =ROUND(G99*I99,2) -> 1085.99 | N99: =ROUND(J99-M99,2) -> 177.23 | O99: =M99/J99 -> 0.85969981 | P99: =L99-M99 -> 0
A100: 05.05.002.002 | B100: Reaterro e compactação com soquete vibratório (SICRO - 4815671) | C100: m³ | D100: 13.4 | F100: =MC!T303 -> 13.4 | G100: =ROUND(E100+F100,2) -> 13.4 | H100: =ROUND(D100-G100,2) -> 0 | I100: 18.78 | J100: =ROUND(I100*D100,2) -> 251.65 | K100: =ROUND(E100*I100,2) -> 0 | L100: =ROUND(F100*I100,2) -> 251.65 | M100: =ROUND(G100*I100,2) -> 251.65 | N100: =ROUND(J100-M100,2) -> 0 | O100: =M100/J100 -> 1 | P100: =L100-M100 -> 0
...

Sheet MC
A1: CONTRATADA: INOVE - Construções e Locações Ltda. | U1: OK
A2: CONTRATO: 049/2026 | O2: PERIODO | P2: ='BM - 001'!E3 -> 17/08/2026 a 31/08/2026 | U2: OK
A3: CONTRATANTE: Prefeitura Municipal de São Cristóvão | O3: BM | P3: ='BM - 001'!N1 -> 1 | U3: OK
H4: MEMÓRIA DE CALCULO | U4: BM 01
A5: ITEM | B5: DESCRIMINAÇÃO DO CÁLCULO | N5: UND | O5: EXECUTADO NO PERÍODO | P5: ACUMULADO ANTERIOR | Q5: ACUMULADO ATUAL | R5: SALDO A MEDIR | S5: DESCONTO POR FALTA DE SALDO (REMANESCENTE) | T5: À MEDIR NO PERÍODO | U5: OK
A6: 01. | B6: ADMINISTRAÇÃO DA OBRA | U6: OK
A7: 01.01 | B7: ADMINISTRAÇÃO LOCAL | U7: OK
A8: 01.01.001 | B8: Equipe Dirigente | N8: un | O8: =R12 -> 0.040780311 | P8: =VLOOKUP($A8,'BM - 001'!$A$8:$O$115,5,FALSE) -> 0 | Q8: =VLOOKUP($A8,'BM - 001'!$A$8:$O$115,7,FALSE) -> 0.04 | R8: =VLOOKUP($A8,'BM - 001'!$A$8:$O$59,4,FALSE)-P8 -> 1 | S8: =IF(O8>R8,O8-R8,0) -> 0 | T8: =ROUND(IF(O8<R8,O8,R8),2) -> 0.04 | U8: OK
U9: OK
B10: MEDIÇÃO ACUMULADA SEM ADM LOCAL | D10: VALOR DO CONTRATO SEM ADM LOCAL | F10: PERCENTUAL DE AVANÇO - EXCLUÍDO MEDIÇÃO DA ADM LOCAL | H10: VALOR CONTRATUAL DA TX ADM LOCAL | J10: VALOR ADM ACUMULADO ANTERIOR | L10: VALOR ADM CALCULADO ACUMULADO ATUAL | N10: VALOR DE ADM LOCAL A MEDIR NA MEDIÇÃO | P10: PERCENTUAL | Q10: QTD DE CONTRATO | R10: TOTAL(un) | U10: OK
B11: ='BM - 001'!L153 -> 141715.77 | D11: ='BM - 001'!J153 -> 3977811 | F11: 0.064 | H11: ='BM - 001'!J8 -> 212163.23 | J11: 0 | L11: =N11+J11 -> 8652.0826 | N11: =H11*P11 -> 8652.0826 | P11: 0.040780311 | Q11: 1 | R11: =P11 -> 0.040780311 | U11: OK
B12: MEDIÇÃO 01 | R12: =R11 -> 0.040780311
U13: OK
A14: 01.01.002 | B14: Manutenção do Canteiro | N14: un | O14: =R18 -> 0.040780311 | P14: =VLOOKUP($A14,'BM - 001'!$A$8:$O$115,5,FALSE) -> 0 | Q14: =VLOOKUP($A14,'BM - 001'!$A$8:$O$115,7,FALSE) -> 0.04 | R14: =VLOOKUP($A14,'BM - 001'!$A$8:$O$59,4,FALSE)-P14 -> 1 | S14: =IF(O14>R14,O14-R14,0) -> 0 | T14: =ROUND(IF(O14<R14,O14,R14),2) -> 0.04 | U14: OK
U15: OK
B16: MEDIÇÃO ACUMULADA SEM ADM LOCAL | D16: VALOR DO CONTRATO SEM ADM LOCAL | F16: PERCENTUAL DE AVANÇO - EXCLUÍDO MEDIÇÃO DA ADM LOCAL | H16: VALOR CONTRATUAL DA TX ADM LOCAL | J16: VALOR ADM ACUMULADO ANTERIOR | L16: VALOR ADM CALCULADO ACUMULADO ATUAL | N16: VALOR DE ADM LOCAL A MEDIR NA MEDIÇÃO | P16: PERCENTUAL | Q16: QTD DE CONTRATO | R16: TOTAL(un) | U16: OK
B17: =B11 -> 141715.77 | D17: =D11 -> 3977811 | F17: =F11 -> 0.064 | H17: =H11 -> 212163.23 | J17: =J11 -> 0 | L17: =L11 -> 8652.0826 | N17: =N11 -> 8652.0826 | P17: =P11 -> 0.040780311 | Q17: =Q11 -> 1 | R17: =R11 -> 0.040780311 | U17: OK
B18: MEDIÇÃO 01 | R18: =R17 -> 0.040780311 | U18: OK
U19: OK
A20: 01.01.003 | B20: Equipamentos de Apoio à Produção | N20: un | O20: =R24 -> 0.040780311 | P20: =VLOOKUP($A20,'BM - 001'!$A$8:$O$115,5,FALSE) -> 0 | Q20: =VLOOKUP($A20,'BM - 001'!$A$8:$O$115,7,FALSE) -> 0.04 | R20: =VLOOKUP($A20,'BM - 001'!$A$8:$O$59,4,FALSE)-P20 -> 1 | S20: =IF(O20>R20,O20-R20,0) -> 0 | T20: =ROUND(IF(O20<R20,O20,R20),2) -> 0.04 | U20: OK
U21: OK
B22: MEDIÇÃO ACUMULADA SEM ADM LOCAL | D22: VALOR DO CONTRATO SEM ADM LOCAL | F22: PERCENTUAL DE AVANÇO - EXCLUÍDO MEDIÇÃO DA ADM LOCAL | H22: VALOR CONTRATUAL DA TX ADM LOCAL | J22: VALOR ADM ACUMULADO ANTERIOR | L22: VALOR ADM CALCULADO ACUMULADO ATUAL | N22: VALOR DE ADM LOCAL A MEDIR NA MEDIÇÃO | P22: PERCENTUAL | Q22: QTD DE CONTRATO | R22: TOTAL(un) | U22: OK
B23: =B17 -> 141715.77 | D23: =D17 -> 3977811 | F23: =F17 -> 0.064 | H23: =H17 -> 212163.23 | J23: =J17 -> 0 | L23: =L17 -> 8652.0826 | N23: =N17 -> 8652.0826 | P23: =P17 -> 0.040780311 | Q23: =Q17 -> 1 | R23: =R17 -> 0.040780311 | U23: OK
B24: MEDIÇÃO 01 | R24: =R23 -> 0.040780311 | U24: OK
U25: OK
A26: 02. | B26: CANTEIRO DE OBRAS | U26: OK
A27: 02.01 | B27: TERRAPLENAGEM E PAVIMENTAÇÃO | U27: OK
A28: 02.01.001 | B28: Desmatamento, destocamento e limpeza de área com árvores de diâmetro até 0,15 m (SICRO - 5501700) | N28: m² | O28: =I32 -> 660 | P28: =VLOOKUP($A28,'BM - 001'!$A$8:$O$115,5,FALSE) -> 0 | Q28: =VLOOKUP($A28,'BM - 001'!$A$8:$O$115,7,FALSE) -> 660 | R28: =VLOOKUP($A28,'BM - 001'!$A$8:$O$59,4,FALSE)-P28 -> 660 | S28: =IF(O28>R28,O28-R28,0) -> 0 | T28: =ROUND(IF(O28<R28,O28,R28),2) -> 660 | U28: OK
U29: OK
B30: LOCAL | E30: COMPRIMENTO (m) | G30: LARGURA (m) | I30: TOTAL (m2) | U30: OK
B31: CANTEIRO | F31: 30 | H31: 22 | J31: =H31*F31 -> 660 | U31: OK
B32: MEDIÇÃO 01 | I32: =J31 -> 660 | U32: OK
U33: OK
A34: 02.01.002 | B34: Carga, manobra e descarga de agregados ou solos em caminhão basculante de 14 m³ - carga com carregadeira de 3,40 m³ e descarga livre (SICRO - 5914351) | N34: t | O34: =O38 -> 128.7 | P34: =VLOOKUP($A34,'BM - 001'!$A$8:$O$115,5,FALSE) -> 0 | Q34: =VLOOKUP($A34,'BM - 001'!$A$8:$O$115,7,FALSE) -> 128.7 | R34: =VLOOKUP($A34,'BM - 001'!$A$8:$O$59,4,FALSE)-P34 -> 128.7 | S34: =IF(O34>R34,O34-R34,0) -> 0 | T34: =ROUND(IF(O34<R34,O34,R34),2) -> 128.7 | U34: OK
U35: OK
B36: LOCAL | E36: COMPRIMENTO (m) | G36: LARGURA (m) | I36: ESPESSURA (m) | K36: DENSIDADE | M36: EMPOLAMENTO | O36: TOTAL (T) | U36: OK
B37: CANTEIRO | F37: 30 | H37: 22 | J37: 0.104 | L37: 1.5 | N37: 1.25 | P37: =N37*L37*J37*H37*F37 -> 128.7 | U37: OK
B38: MEDIÇÃO 01 | O38: =P37 -> 128.7 | U38: OK
U39: OK
A40: 02.01.003 | B40: Transporte com caminhão basculante de 14 m³ - rodovia pavimentada (SICRO - 5915321) | N40: tkm | O40: =I44 -> 1930.5 | P40: =VLOOKUP($A40,'BM - 001'!$A$8:$O$115,5,FALSE) -> 0 | Q40: =VLOOKUP($A40,'BM - 001'!$A$8:$O$115,7,FALSE) -> 1544.4 | R40: =VLOOKUP($A40,'BM - 001'!$A$8:$O$59,4,FALSE)-P40 -> 1544.4 | S40: =IF(O40>R40,O40-R40,0) -> 386.1 | T40: =ROUND(IF(O40<R40,O40,R40),2) -> 1544.4 | U40: OK
U41: OK
B42: LOCAL | E42: TONELADA | G42: DMT | I42: TOTAL (m2) | U42: OK
B43: CANTEIRO | F43: =O38 -> 128.7 | H43: 15 | J43: =H43*F43 -> 1930.5 | U43: OK
B44: MEDIÇÃO 01 | I44: =J43 -> 1930.5 | U44: OK
U45: OK
A46: 02.01.004 | B46: Descarte de resíduos da construção civil em área licenciada | N46: t | O46: =I50 -> 160.875 | P46: =VLOOKUP($A46,'BM - 001'!$A$8:$O$115,5,FALSE) -> 0 | Q46: =VLOOKUP($A46,'BM - 001'!$A$8:$O$115,7,FALSE) -> 158.33 | R46: =VLOOKUP($A46,'BM - 001'!$A$8:$O$59,4,FALSE)-P46 -> 158.33 | S46: =IF(O46>R46,O46-R46,0) -> 2.545 | T46: =ROUND(IF(O46<R46,O46,R46),2) -> 158.33 | U46: OK
U47: OK
B48: LOCAL | E48: TONELADA | G48: EMPOLAMENTO | I48: TOTAL (m2) | U48: OK
B49: CANTEIRO | F49: =P37 -> 128.7 | H49: 1.25 | J49: =H49*F49 -> 160.875 | U49: OK
B50: MEDIÇÃO 01 | I50: =J49 -> 160.875 | U50: OK
U51: OK
A52: 02.01.005 | B52: Regularização do subleito - 100% Proctor intermediário (SICRO - 4011209) | N52: m² | O52: =I56 -> 600 | P52: =VLOOKUP($A52,'BM - 001'!$A$8:$O$115,5,FALSE) -> 0 | Q52: =VLOOKUP($A52,'BM - 001'!$A$8:$O$115,7,FALSE) -> 600 | R52: =VLOOKUP($A52,'BM - 001'!$A$8:$O$59,4,FALSE)-P52 -> 600 | S52: =IF(O52>R52,O52-R52,0) -> 0 | T52: =ROUND(IF(O52<R52,O52,R52),2) -> 600 | U52: OK
U53: OK
B54: LOCAL | E54: COMPRIMENTO (m) | G54: LARGURA (m) | I54: TOTAL (m2) | U54: OK
B55: CANTEIRO | F55: 30 | H55: 20 | J55: =H55*F55 -> 600 | U55: OK
B56: MEDIÇÃO 01 | I56: =J55 -> 600 | U56: OK
U57: OK
A58: 02.01.006 | B58: Material para sub-base (adquirido e medido pelo corte na jazida), exclusive limpeza da área, escavação e carga - Mineração Sta Maria - Terra Dura | N58: m3 | O58: =K62 -> 36.6 | P58: =VLOOKUP($A58,'BM - 001'!$A$8:$O$115,5,FALSE) -> 0 | Q58: =VLOOKUP($A58,'BM - 001'!$A$8:$O$115,7,FALSE) -> 36.18 | R58: =VLOOKUP($A58,'BM - 001'!$A$8:$O$59,4,FALSE)-P58 -> 36.18 | S58: =IF(O58>R58,O58-R58,0) -> 0.42 | T58: =ROUND(IF(O58<R58,O58,R58),2) -> 36.18 | U58: OK
U59: OK
B60: LOCAL | E60: COMPRIMENTO (m) | G60: LARGURA (m) | I60: ESPESSURA (m) | K60: TOTAL (m3) | U60: OK
B61: CANTEIRO | F61: 30 | H61: 20 | J61: 0.061 | L61: =J61*H61*F61 -> 36.6 | U61: OK
B62: MEDIÇÃO 01 | K62: =L61 -> 36.6 | U62: OK
U63: OK
A64: 02.01.007 | B64: Transporte com caminhão basculante de 14 m³ - rodovia pavimentada (SICRO - 5915321) | N64: tkm | O64: =K68 -> 585.783 | P64: =VLOOKUP($A64,'BM - 001'!$A$8:$O$115,5,FALSE) -> 0 | Q64: =VLOOKUP($A64,'BM - 001'!$A$8:$O$115,7,FALSE) -> 585.78 | R64: =VLOOKUP($A64,'BM - 001'!$A$8:$O$59,4,FALSE)-P64 -> 586.13 | S64: =IF(O64>R64,O64-R64,0) -> 0 | T64: =ROUND(IF(O64<R64,O64,R64),2) -> 585.78 | U64: OK
U65: OK
B66: LOCAL | E66: VOLUME (m3) | G66: EMPOLAMENTO | I66: DMT | K66: TOTAL (m3) | U66: OK
B67: CANTEIRO | F67: =K62 -> 36.6 | H67: 1.5 | J67: 10.67 | L67: =J67*H67*F67 -> 585.783 | U67: OK
B68: MEDIÇÃO 01 | K68: =L67 -> 585.783 | U68: OK
U69: OK
A70: 02.02 | B70: FECHAMENTO | U70: OK
A71: 02.02.001 | B71: Tapume em chapa galvanizada nº30, esp=0,35mm, h=2,00m, exclusive pintura | N71: m | O71: =K75 -> 100 | P71: =VLOOKUP($A71,'BM - 001'!$A$8:$O$115,5,FALSE) -> 0 | Q71: =VLOOKUP($A71,'BM - 001'!$A$8:$O$115,7,FALSE) -> 100 | R71: =VLOOKUP($A71,'BM - 001'!$A$8:$O$59,4,FALSE)-P71 -> 100 | S71: =IF(O71>R71,O71-R71,0) -> 0 | T71: =ROUND(IF(O71<R71,O71,R71),2) -> 100 | U71: OK
U72: OK
B73: LOCAL | E73: COMPRIMENTO (m) | G73: LARGURA (m) | I73: QUANTIDADE | K73: TOTAL (m) | U73: OK
B74: CANTEIRO | F74: 25 | H74: 25 | J74: 2 | L74: =J74*(H74+F74) -> 100 | U74: OK
B75: MEDIÇÃO 01 | K75: =L74 -> 100 | U75: OK
U76: OK
A77: 02.03 | B77: BARRACÕES | U77: OK
A78: 02.03.001 | B78: Barracão para Obras de Médio Porte Reaproveitamento 2 vezes | N78: m2 | O78: =I82 -> 0 | P78: =VLOOKUP($A78,'BM - 001'!$A$8:$O$115,5,FALSE) -> 0 | Q78: =VLOOKUP($A78,'BM - 001'!$A$8:$O$115,7,FALSE) -> 0 | R78: =VLOOKUP($A78,'BM - 001'!$A$8:$O$59,4,FALSE)-P78 -> 108.8 | S78: =IF(O78>R78,O78-R78,0) -> 0 | T78: =ROUND(IF(O78<R78,O78,R78),2) -> 0
B80: LOCAL | E80: COMPRIMENTO (m) | G80: LARGURA (m) | I80: TOTAL (m2)
B81: CANTEIRO | F81: 10.88 | H81: 10 | J81: =H81*F81 -> 108.8
B82: MEDIÇÃO 01
A84: 02.03.002 | B84: Barracão aberto para apoio à produção (carpintaria, central de armação, oficina, etc.) c/ tesouras, telha 4mm, piso em concreto desempolado | N84: m2 | O84: =I88 -> 55 | P84: =VLOOKUP($A84,'BM - 001'!$A$8:$O$115,5,FALSE) -> 0 | Q84: =VLOOKUP($A84,'BM - 001'!$A$8:$O$115,7,FALSE) -> 55 | R84: =VLOOKUP($A84,'BM - 001'!$A$8:$O$59,4,FALSE)-P84 -> 75.24 | S84: =IF(O84>R84,O84-R84,0) -> 0 | T84: =ROUND(IF(O84<R84,O84,R84),2) -> 55 | U84: OK
U85: OK
B86: LOCAL | E86: COMPRIMENTO (m) | G86: LARGURA (m) | I86: TOTAL (m2) | U86: OK
B87: CANTEIRO | F87: 11 | H87: 5 | J87: =H87*F87 -> 55 | U87: OK
B88: MEDIÇÃO 01 | I88: =J87 -> 55 | U88: OK
U89: OK
A90: 02.04 | B90: LIGAÇÕES PROVISÓRIAS | U90: OK
A91: 02.04.001 | B91: Ligação Predial de Água em Mureta de Concreto, Provisória ou Definitiva, com Fornecimento de Material, inclusive Mureta e Hidrômetro, Rede DN 50mm - Rev 03_10/2022 | N91: un | O91: =F95 -> 0.5 | P91: =VLOOKUP($A91,'BM - 001'!$A$8:$O$115,5,FALSE) -> 0 | Q91: =VLOOKUP($A91,'BM - 001'!$A$8:$O$115,7,FALSE) -> 0.5 | R91: =VLOOKUP($A91,'BM - 001'!$A$8:$O$59,4,FALSE)-P91 -> 1 | S91: =IF(O91>R91,O91-R91,0) -> 0 | T91: =ROUND(IF(O91<R91,O91,R91),2) -> 0.5 | U91: OK
U92: OK
B93: LOCAL | E93: QUANTIDADE (un) | U93: OK
B94: CANTEIRO | F94: 0.5 | U94: OK
B95: MEDIÇÃO 01 | F95: =F94 -> 0.5 | U95: OK
U96: OK
A97: 02.04.002 | B97: Instalação provisória de energia elétrica, aerea, trifasica, em poste galvanizado, exclusive fornecimento do medidor | N97: un | O97: =F101 -> 0.5 | P97: =VLOOKUP($A97,'BM - 001'!$A$8:$O$115,5,FALSE) -> 0 | Q97: =VLOOKUP($A97,'BM - 001'!$A$8:$O$115,7,FALSE) -> 0.5 | R97: =VLOOKUP($A97,'BM - 001'!$A$8:$O$59,4,FALSE)-P97 -> 1 | S97: =IF(O97>R97,O97-R97,0) -> 0 | T97: =ROUND(IF(O97<R97,O97,R97),2) -> 0.5 | U97: OK
U98: OK
B99: LOCAL | E99: QUANTIDADE (un) | U99: OK
B100: CANTEIRO | F100: 0.5 | U100: OK
B101: MEDIÇÃO 01 | F101: =F100 -> 0.5 | U101: OK
U102: OK
...

Sheet Planilha2
A1: OBRA: EXECUÇÃO DOS SERVIÇOS PARA IMPLANTAÇÃO E SUBSTITUIÇÃO DE DOIS TRECHOS DE ADUTORAS NO MUNICÍPIO DE TOBIAS BARRETO / SE, A PARTIR DOS POÇOS DE ITAPICURU, POVOADO CATU / BA.
A4: BOLETIM DE MEDIÇÃO 1
I47: AREIA

Sheet BMs_Acum
A1: COMPLEMENTAÇÃO DA CONSTRUÇÃO DE BARRAGEM DE CAPTAÇÃO NO RIACHO GUARAREMA E DAS ESTAÇÕES ELEVATÓRIAS DE ÁGUA BRUTA 01 E 02, NO MUNICÍPIO DE SANTA LUZIA DO ITANHY, ESTADO DE SERGIPE. | D1: BOLETIM DE MEDIÇÃO – HISTORICO | M1: CONTRATO Nº: | N1: =#REF! -> #REF! | W1: GERAL
M2: DATA CONTR. | N2: =#REF! -> #REF!
M3: INICIO: | N3: =#REF! -> #REF! | O3: =#REF! -> #REF!
A4: ITEM | B4: DESCRIÇÃO | C4: UN | D4: Quantidades | N4: Valores ( R$ ) | X4: % med acum
D5: Contratada atualizada | E5: BM01 | F5: BM02 | G5: BM03 | H5: BM04 | I5: BM05 | J5: BM06 | K5: BM07 | L5: QNT ACUM MED | M5: Preço Unitário (R$) | N5: Contratada atualizada | O5: BM01 | P5: BM02 | Q5: BM03 | R5: BM04 | S5: BM05 | T5: BM06 | U5: BM07 | V5: Acumulada Atual | W5: Saldo à Medir
A6: . | B6: GERAL | N6: =SUM(N8:N260) -> 2005906.2 | O6: =SUM(O7,O154) -> 457056.11 | P6: =SUM(P7,P154) -> 661251.95 | Q6: =SUM(Q7,Q154) -> 0 | R6: =SUM(R7,R154) -> 0 | S6: =SUM(S7,S154) -> 0 | T6: =SUM(T7,T154) -> 0 | U6: =SUM(U8:U260) -> 0 | V6: =SUM(O6:U6) -> 1118308.1 | W6: =SUM(W8:W260) -> 887598.11 | X6: =V6/N6 -> 0.55750766
A7: 001. . . . . . | B7: SERVIÇOS | O7: =SUM(O10:O153) -> 457056.11 | P7: =SUM(P10:P153) -> 607217.98 | Q7: =SUM(Q10:Q153) -> 0 | R7: =SUM(R10:R153) -> 0 | S7: =SUM(S10:S153) -> 0 | T7: =SUM(T10:T153) -> 0 | U7: =SUM(U10:U153) -> 0
A8: 001.001. . . . . | B8: INSTALAÇÃO E MANUTENÇÃO DO CANTEIRO DE OBRAS
A9: 001.001.001. . . . | B9: CANTEIRO DE OBRA
A10: 001.001.001.001. . . | B10: Locação de container - Escritório com banheiro - 6,20 x 2,20m | C10: mês | D10: 6 | E10: 0 | L10: =IF(D10="","",SUM(E10:K10)) -> 0 | M10: 1480.68 | N10: =IF(L10="","",ROUND(D10*M10,2)) -> 8884.08 | O10: =IF(E10="","",ROUND(E10*M10,2)) -> 0 | P10: =IF(F10="","",ROUND(F10*M10,2)) | Q10: =IF(G10="","",ROUND(G10*M10,2)) | R10: =IF(H10="","",ROUND(H10*M10,2)) | S10: =IF(I10="","",ROUND(I10*M10,2)) | T10: =IF(J10="","",ROUND(J10*M10,2)) | U10: =IF(K10="","",ROUND(K10*M10,2)) | V10: =IF(N10="","",SUM(O10:U10)) -> 0 | W10: =IF(N10="","",N10-V10) -> 8884.08
A11: 001.001.001.002. . . | B11: Conjunto de tenda plástica com 3 mesas, 12 cadeiras e 3 garrafas térmicas | C11: un | D11: 1 | E11: 1 | L11: =IF(D11="","",SUM(E11:K11)) -> 1 | M11: 1214.45 | N11: =IF(L11="","",ROUND(D11*M11,2)) -> 1214.45 | O11: =IF(E11="","",ROUND(E11*M11,2)) -> 1214.45 | P11: =IF(F11="","",ROUND(F11*M11,2)) | Q11: =IF(G11="","",ROUND(G11*M11,2)) | R11: =IF(H11="","",ROUND(H11*M11,2)) | S11: =IF(I11="","",ROUND(I11*M11,2)) | T11: =IF(J11="","",ROUND(J11*M11,2)) | U11: =IF(K11="","",ROUND(K11*M11,2)) | V11: =IF(N11="","",SUM(O11:U11)) -> 1214.45 | W11: =IF(N11="","",N11-V11) -> 0
A12: 001.001.001.003. . . | B12: Demolição de Barracão de Obra | C12: m2 | D12: 100 | E12: 0 | L12: =IF(D12="","",SUM(E12:K12)) -> 0 | M12: 5.7 | N12: =IF(L12="","",ROUND(D12*M12,2)) -> 570 | O12: =IF(E12="","",ROUND(E12*M12,2)) -> 0 | P12: =IF(F12="","",ROUND(F12*M12,2)) | Q12: =IF(G12="","",ROUND(G12*M12,2)) | R12: =IF(H12="","",ROUND(H12*M12,2)) | S12: =IF(I12="","",ROUND(I12*M12,2)) | T12: =IF(J12="","",ROUND(J12*M12,2)) | U12: =IF(K12="","",ROUND(K12*M12,2)) | V12: =IF(N12="","",SUM(O12:U12)) -> 0 | W12: =IF(N12="","",N12-V12) -> 570
A13: 001.001.001.004. . . | B13: Placa de obra em chapa aço galvanizado, instalada | C13: m2 | D13: 6 | E13: 6 | L13: =IF(D13="","",SUM(E13:K13)) -> 6 | M13: 453.32 | N13: =IF(L13="","",ROUND(D13*M13,2)) -> 2719.92 | O13: =IF(E13="","",ROUND(E13*M13,2)) -> 2719.92 | P13: =IF(F13="","",ROUND(F13*M13,2)) | Q13: =IF(G13="","",ROUND(G13*M13,2)) | R13: =IF(H13="","",ROUND(H13*M13,2)) | S13: =IF(I13="","",ROUND(I13*M13,2)) | T13: =IF(J13="","",ROUND(J13*M13,2)) | U13: =IF(K13="","",ROUND(K13*M13,2)) | V13: =IF(N13="","",SUM(O13:U13)) -> 2719.92 | W13: =IF(N13="","",N13-V13) -> 0
A14: 001.001.001.005. . . | B14: Barracão aberto para apoio à produção (carpintaria, central de armação, oficina, etc.) c/ tesouras, telha 4mm, piso em concreto desempolado | C14: m2 | D14: 50 | E14: 50 | L14: =IF(D14="","",SUM(E14:K14)) -> 50 | M14: 210.21 | N14: =IF(L14="","",ROUND(D14*M14,2)) -> 10510.5 | O14: =IF(E14="","",ROUND(E14*M14,2)) -> 10510.5 | P14: =IF(F14="","",ROUND(F14*M14,2)) | Q14: =IF(G14="","",ROUND(G14*M14,2)) | R14: =IF(H14="","",ROUND(H14*M14,2)) | S14: =IF(I14="","",ROUND(I14*M14,2)) | T14: =IF(J14="","",ROUND(J14*M14,2)) | U14: =IF(K14="","",ROUND(K14*M14,2)) | V14: =IF(N14="","",SUM(O14:U14)) -> 10510.5 | W14: =IF(N14="","",N14-V14) -> 0
A15: 001.001.002. . . . | B15: MANUTENÇÃO DO CANTEIRO | E15: . | L15: =IF(D15="","",SUM(E15:K15)) | N15: =IF(L15="","",ROUND(D15*M15,2)) | U15: =IF(K15="","",ROUND(K15*M15,2)) | V15: =IF(N15="","",SUM(O15:U15)) | W15: =IF(N15="","",N15-V15)
A16: 001.001.002.001. . . | B16: Água - dispêndio mensal | C16: mês | D16: 6 | E16: 1 | F16: 1 | L16: =IF(D16="","",SUM(E16:K16)) -> 2 | M16: 487.38 | N16: =IF(L16="","",ROUND(D16*M16,2)) -> 2924.28 | O16: =IF(E16="","",ROUND(E16*M16,2)) -> 487.38 | P16: =IF(F16="","",ROUND(F16*M16,2)) -> 487.38 | Q16: =IF(G16="","",ROUND(G16*M16,2)) | R16: =IF(H16="","",ROUND(H16*M16,2)) | S16: =IF(I16="","",ROUND(I16*M16,2)) | T16: =IF(J16="","",ROUND(J16*M16,2)) | U16: =IF(K16="","",ROUND(K16*M16,2)) | V16: =IF(N16="","",SUM(O16:U16)) -> 974.76 | W16: =IF(N16="","",N16-V16) -> 1949.52
A17: 001.001.002.002. . . | B17: Consumo de energia elétrica | C17: mês | D17: 6 | E17: 1 | F17: 1 | L17: =IF(D17="","",SUM(E17:K17)) -> 2 | M17: 222.1 | N17: =IF(L17="","",ROUND(D17*M17,2)) -> 1332.6 | O17: =IF(E17="","",ROUND(E17*M17,2)) -> 222.1 | P17: =IF(F17="","",ROUND(F17*M17,2)) -> 222.1 | Q17: =IF(G17="","",ROUND(G17*M17,2)) | R17: =IF(H17="","",ROUND(H17*M17,2)) | S17: =IF(I17="","",ROUND(I17*M17,2)) | T17: =IF(J17="","",ROUND(J17*M17,2)) | U17: =IF(K17="","",ROUND(K17*M17,2)) | V17: =IF(N17="","",SUM(O17:U17)) -> 444.2 | W17: =IF(N17="","",N17-V17) -> 888.4
A18: 001.001.002.003. . . | B18: Material de limpeza | C18: mês | D18: 6 | E18: 1 | F18: 1 | L18: =IF(D18="","",SUM(E18:K18)) -> 2 | M18: 140.85 | N18: =IF(L18="","",ROUND(D18*M18,2)) -> 845.1 | O18: =IF(E18="","",ROUND(E18*M18,2)) -> 140.85 | P18: =IF(F18="","",ROUND(F18*M18,2)) -> 140.85 | Q18: =IF(G18="","",ROUND(G18*M18,2)) | R18: =IF(H18="","",ROUND(H18*M18,2)) | S18: =IF(I18="","",ROUND(I18*M18,2)) | T18: =IF(J18="","",ROUND(J18*M18,2)) | U18: =IF(K18="","",ROUND(K18*M18,2)) | V18: =IF(N18="","",SUM(O18:U18)) -> 281.7 | W18: =IF(N18="","",N18-V18) -> 563.4
A19: 001.001.002.004. . . | B19: Transportes de máquinas e equipamentos por caminhão munck | C19: km | D19: 400 | E19: 200 | L19: =IF(D19="","",SUM(E19:K19)) -> 200 | M19: 12.34 | N19: =IF(L19="","",ROUND(D19*M19,2)) -> 4936 | O19: =IF(E19="","",ROUND(E19*M19,2)) -> 2468 | P19: =IF(F19="","",ROUND(F19*M19,2)) | Q19: =IF(G19="","",ROUND(G19*M19,2)) | R19: =IF(H19="","",ROUND(H19*M19,2)) | S19: =IF(I19="","",ROUND(I19*M19,2)) | T19: =IF(J19="","",ROUND(J19*M19,2)) | U19: =IF(K19="","",ROUND(K19*M19,2)) | V19: =IF(N19="","",SUM(O19:U19)) -> 2468 | W19: =IF(N19="","",N19-V19) -> 2468
A20: 001.001.002.005. . . | B20: Transporte de máquinas e equipamentos por prancha rebaixada | C20: km | D20: 300 | E20: 150 | L20: =IF(D20="","",SUM(E20:K20)) -> 150 | M20: 12.34 | N20: =IF(L20="","",ROUND(D20*M20,2)) -> 3702 | O20: =IF(E20="","",ROUND(E20*M20,2)) -> 1851 | P20: =IF(F20="","",ROUND(F20*M20,2)) | Q20: =IF(G20="","",ROUND(G20*M20,2)) | R20: =IF(H20="","",ROUND(H20*M20,2)) | S20: =IF(I20="","",ROUND(I20*M20,2)) | T20: =IF(J20="","",ROUND(J20*M20,2)) | U20: =IF(K20="","",ROUND(K20*M20,2)) | V20: =IF(N20="","",SUM(O20:U20)) -> 1851 | W20: =IF(N20="","",N20-V20) -> 1851
A21: 001.002. . . . . | B21: ADMINISTRAÇÃO LOCAL DE OBRA | L21: =IF(D21="","",SUM(E21:K21)) | N21: =IF(L21="","",ROUND(D21*M21,2)) | O21: =IF(E21="","",ROUND(E21*M21,2)) | P21: =IF(F21="","",ROUND(F21*M21,2)) | Q21: =IF(G21="","",ROUND(G21*M21,2)) | R21: =IF(H21="","",ROUND(H21*M21,2)) | S21: =IF(I21="","",ROUND(I21*M21,2)) | T21: =IF(J21="","",ROUND(J21*M21,2)) | U21: =IF(K21="","",ROUND(K21*M21,2)) | V21: =IF(N21="","",SUM(O21:U21)) | W21: =IF(N21="","",N21-V21)
A22: 001.002.001. . . . | B22: ADMINISTRAÇÃO LOCAL | L22: =IF(D22="","",SUM(E22:K22)) | N22: =IF(L22="","",ROUND(D22*M22,2)) | O22: =IF(E22="","",ROUND(E22*M22,2)) | P22: =IF(F22="","",ROUND(F22*M22,2)) | Q22: =IF(G22="","",ROUND(G22*M22,2)) | R22: =IF(H22="","",ROUND(H22*M22,2)) | S22: =IF(I22="","",ROUND(I22*M22,2)) | T22: =IF(J22="","",ROUND(J22*M22,2)) | U22: =IF(K22="","",ROUND(K22*M22,2)) | V22: =IF(N22="","",SUM(O22:U22)) | W22: =IF(N22="","",N22-V22)
A23: 001.002.001.001. . . | B23: Engenheiro civil de obra pleno com encargos complementares | C23: h | D23: 640 | E23: 147.2 | F23: 211.2 | L23: =IF(D23="","",SUM(E23:K23)) -> 358.4 | M23: 106.99 | N23: =IF(L23="","",ROUND(D23*M23,2)) -> 68473.6 | O23: =IF(E23="","",ROUND(E23*M23,2)) -> 15748.93 | P23: =IF(F23="","",ROUND(F23*M23,2)) -> 22596.29 | Q23: =IF(G23="","",ROUND(G23*M23,2)) | R23: =IF(H23="","",ROUND(H23*M23,2)) | S23: =IF(I23="","",ROUND(I23*M23,2)) | T23: =IF(J23="","",ROUND(J23*M23,2)) | U23: =IF(K23="","",ROUND(K23*M23,2)) | V23: =IF(N23="","",SUM(O23:U23)) -> 38345.22 | W23: =IF(N23="","",N23-V23) -> 30128.38
A24: 001.002.001.002. . . | B24: Encarregado geral com encargos complementares | C24: h | D24: 1056 | E24: 242.88 | F24: 348.48 | L24: =IF(D24="","",SUM(E24:K24)) -> 591.36 | M24: 28.63 | N24: =IF(L24="","",ROUND(D24*M24,2)) -> 30233.28 | O24: =IF(E24="","",ROUND(E24*M24,2)) -> 6953.65 | P24: =IF(F24="","",ROUND(F24*M24,2)) -> 9976.98 | Q24: =IF(G24="","",ROUND(G24*M24,2)) | R24: =IF(H24="","",ROUND(H24*M24,2)) | S24: =IF(I24="","",ROUND(I24*M24,2)) | T24: =IF(J24="","",ROUND(J24*M24,2)) | U24: =IF(K24="","",ROUND(K24*M24,2)) | V24: =IF(N24="","",SUM(O24:U24)) -> 16930.63 | W24: =IF(N24="","",N24-V24) -> 13302.65
A25: 001.003. . . . . | B25: ESTAÇÃO ELEVATÓRIA DE ÁGUA BRUTA 01 – EEAB1 | L25: =IF(D25="","",SUM(E25:K25)) | N25: =IF(L25="","",ROUND(D25*M25,2)) | O25: =IF(E25="","",ROUND(E25*M25,2)) | P25: =IF(F25="","",ROUND(F25*M25,2)) | Q25: =IF(G25="","",ROUND(G25*M25,2)) | R25: =IF(H25="","",ROUND(H25*M25,2)) | S25: =IF(I25="","",ROUND(I25*M25,2)) | T25: =IF(J25="","",ROUND(J25*M25,2)) | U25: =IF(K25="","",ROUND(K25*M25,2)) | V25: =IF(N25="","",SUM(O25:U25)) | W25: =IF(N25="","",N25-V25)
A26: 001.003.001. . . . | B26: SERVIÇOS PRELIMINARES | L26: =IF(D26="","",SUM(E26:K26)) | N26: =IF(L26="","",ROUND(D26*M26,2)) | O26: =IF(E26="","",ROUND(E26*M26,2)) | P26: =IF(F26="","",ROUND(F26*M26,2)) | Q26: =IF(G26="","",ROUND(G26*M26,2)) | R26: =IF(H26="","",ROUND(H26*M26,2)) | S26: =IF(I26="","",ROUND(I26*M26,2)) | T26: =IF(J26="","",ROUND(J26*M26,2)) | U26: =IF(K26="","",ROUND(K26*M26,2)) | V26: =IF(N26="","",SUM(O26:U26)) | W26: =IF(N26="","",N26-V26)
A27: 001.003.001.001. . . | B27: Locação de construção de edificação entre 200 e 1000 m2, inclusive execução de gabarito de madeira | C27: m2 | D27: 19.29 | L27: =IF(D27="","",SUM(E27:K27)) -> 0 | M27: 7.92 | N27: =IF(L27="","",ROUND(D27*M27,2)) -> 152.78 | O27: =IF(E27="","",ROUND(E27*M27,2)) | P27: =IF(F27="","",ROUND(F27*M27,2)) | Q27: =IF(G27="","",ROUND(G27*M27,2)) | R27: =IF(H27="","",ROUND(H27*M27,2)) | S27: =IF(I27="","",ROUND(I27*M27,2)) | T27: =IF(J27="","",ROUND(J27*M27,2)) | U27: =IF(K27="","",ROUND(K27*M27,2)) | V27: =IF(N27="","",SUM(O27:U27)) -> 0 | W27: =IF(N27="","",N27-V27) -> 152.78
A28: 001.003.001.002. . . | B28: Limpeza mecanizada do terreno c/ trator esteira (vegetação rasteira) inclusive carga e transporte - dmt até 1 km | C28: m2 | D28: 61.21 | L28: =IF(D28="","",SUM(E28:K28)) -> 0 | M28: 7.76 | N28: =IF(L28="","",ROUND(D28*M28,2)) -> 474.99 | O28: =IF(E28="","",ROUND(E28*M28,2)) | P28: =IF(F28="","",ROUND(F28*M28,2)) | Q28: =IF(G28="","",ROUND(G28*M28,2)) | R28: =IF(H28="","",ROUND(H28*M28,2)) | S28: =IF(I28="","",ROUND(I28*M28,2)) | T28: =IF(J28="","",ROUND(J28*M28,2)) | U28: =IF(K28="","",ROUND(K28*M28,2)) | V28: =IF(N28="","",SUM(O28:U28)) -> 0 | W28: =IF(N28="","",N28-V28) -> 474.99
A29: 001.003.001.003. . . | B29: Limpeza manual de terreno com vegetação rasteira, incluindo roçagem e queima | C29: m2 | D29: 3.8 | L29: =IF(D29="","",SUM(E29:K29)) -> 0 | M29: 4.29 | N29: =IF(L29="","",ROUND(D29*M29,2)) -> 16.3 | O29: =IF(E29="","",ROUND(E29*M29,2)) | P29: =IF(F29="","",ROUND(F29*M29,2)) | Q29: =IF(G29="","",ROUND(G29*M29,2)) | R29: =IF(H29="","",ROUND(H29*M29,2)) | S29: =IF(I29="","",ROUND(I29*M29,2)) | T29: =IF(J29="","",ROUND(J29*M29,2)) | U29: =IF(K29="","",ROUND(K29*M29,2)) | V29: =IF(N29="","",SUM(O29:U29)) -> 0 | W29: =IF(N29="","",N29-V29) -> 16.3
A30: 001.003.001.004. . . | B30: Regularização Manual | C30: m2 | D30: 309.6 | L30: =IF(D30="","",SUM(E30:K30)) -> 0 | M30: 5.16 | N30: =IF(L30="","",ROUND(D30*M30,2)) -> 1597.54 | O30: =IF(E30="","",ROUND(E30*M30,2)) | P30: =IF(F30="","",ROUND(F30*M30,2)) | Q30: =IF(G30="","",ROUND(G30*M30,2)) | R30: =IF(H30="","",ROUND(H30*M30,2)) | S30: =IF(I30="","",ROUND(I30*M30,2)) | T30: =IF(J30="","",ROUND(J30*M30,2)) | U30: =IF(K30="","",ROUND(K30*M30,2)) | V30: =IF(N30="","",SUM(O30:U30)) -> 0 | W30: =IF(N30="","",N30-V30) -> 1597.54
A31: 001.003.001.005. . . | B31: Cascalho (piçarra branca) aplicado | C31: m3 | D31: 16.44 | L31: =IF(D31="","",SUM(E31:K31)) -> 0 | M31: 125.76 | N31: =IF(L31="","",ROUND(D31*M31,2)) -> 2067.49 | O31: =IF(E31="","",ROUND(E31*M31,2)) | P31: =IF(F31="","",ROUND(F31*M31,2)) | Q31: =IF(G31="","",ROUND(G31*M31,2)) | R31: =IF(H31="","",ROUND(H31*M31,2)) | S31: =IF(I31="","",ROUND(I31*M31,2)) | T31: =IF(J31="","",ROUND(J31*M31,2)) | U31: =IF(K31="","",ROUND(K31*M31,2)) | V31: =IF(N31="","",SUM(O31:U31)) -> 0 | W31: =IF(N31="","",N31-V31) -> 2067.49
A32: 001.003.001.006. . . | B32: Grama esmeralda em mudas, fornecimento e plantio | C32: m2 | D32: 258.8 | L32: =IF(D32="","",SUM(E32:K32)) -> 0 | M32: 24.46 | N32: =IF(L32="","",ROUND(D32*M32,2)) -> 6330.25 | O32: =IF(E32="","",ROUND(E32*M32,2)) | P32: =IF(F32="","",ROUND(F32*M32,2)) | Q32: =IF(G32="","",ROUND(G32*M32,2)) | R32: =IF(H32="","",ROUND(H32*M32,2)) | S32: =IF(I32="","",ROUND(I32*M32,2)) | T32: =IF(J32="","",ROUND(J32*M32,2)) | U32: =IF(K32="","",ROUND(K32*M32,2)) | V32: =IF(N32="","",SUM(O32:U32)) -> 0 | W32: =IF(N32="","",N32-V32) -> 6330.25
A33: 001.003.001.007. . . | B33: Passeio em concreto simples c/ cimentado e=5cm | C33: m2 | D33: 71.34 | L33: =IF(D33="","",SUM(E33:K33)) -> 0 | M33: 36.23 | N33: =IF(L33="","",ROUND(D33*M33,2)) -> 2584.65 | O33: =IF(E33="","",ROUND(E33*M33,2)) | P33: =IF(F33="","",ROUND(F33*M33,2)) | Q33: =IF(G33="","",ROUND(G33*M33,2)) | R33: =IF(H33="","",ROUND(H33*M33,2)) | S33: =IF(I33="","",ROUND(I33*M33,2)) | T33: =IF(J33="","",ROUND(J33*M33,2)) | U33: =IF(K33="","",ROUND(K33*M33,2)) | V33: =IF(N33="","",SUM(O33:U33)) -> 0 | W33: =IF(N33="","",N33-V33) -> 2584.65
A34: 001.003.001.008. . . | B34: Pavimentação em paralelepípedo granítico sobre colchão de areia, rejuntado com argamassa de cimento e areia traço 1:3, inclusive frete do paralelepípedo granítico | C34: m2 | D34: 201.55 | L34: =IF(D34="","",SUM(E34:K34)) -> 0 | M34: 80.89 | N34: =IF(L34="","",ROUND(D34*M34,2)) -> 16303.38 | O34: =IF(E34="","",ROUND(E34*M34,2)) | P34: =IF(F34="","",ROUND(F34*M34,2)) | Q34: =IF(G34="","",ROUND(G34*M34,2)) | R34: =IF(H34="","",ROUND(H34*M34,2)) | S34: =IF(I34="","",ROUND(I34*M34,2)) | T34: =IF(J34="","",ROUND(J34*M34,2)) | U34: =IF(K34="","",ROUND(K34*M34,2)) | V34: =IF(N34="","",SUM(O34:U34)) -> 0 | W34: =IF(N34="","",N34-V34) -> 16303.38
A35: 001.003.001.009. . . | B35: Meio-fio de concreto simples, sobre base de concreto simples e rejuntado com argamassa de cimento e areia traço 1:3 | C35: m | D35: 52.5 | L35: =IF(D35="","",SUM(E35:K35)) -> 0 | M35: 29.96 | N35: =IF(L35="","",ROUND(D35*M35,2)) -> 1572.9 | O35: =IF(E35="","",ROUND(E35*M35,2)) | P35: =IF(F35="","",ROUND(F35*M35,2)) | Q35: =IF(G35="","",ROUND(G35*M35,2)) | R35: =IF(H35="","",ROUND(H35*M35,2)) | S35: =IF(I35="","",ROUND(I35*M35,2)) | T35: =IF(J35="","",ROUND(J35*M35,2)) | U35: =IF(K35="","",ROUND(K35*M35,2)) | V35: =IF(N35="","",SUM(O35:U35)) -> 0 | W35: =IF(N35="","",N35-V35) -> 1572.9
A36: 001.003.001.010. . . | B36: Calha meio-tubo de concreto simples d=600mm p/agua pluvial | C36: m | D36: 45.8 | L36: =IF(D36="","",SUM(E36:K36)) -> 0 | M36: 72.87 | N36: =IF(L36="","",ROUND(D36*M36,2)) -> 3337.45 | O36: =IF(E36="","",ROUND(E36*M36,2)) | P36: =IF(F36="","",ROUND(F36*M36,2)) | Q36: =IF(G36="","",ROUND(G36*M36,2)) | R36: =IF(H36="","",ROUND(H36*M36,2)) | S36: =IF(I36="","",ROUND(I36*M36,2)) | T36: =IF(J36="","",ROUND(J36*M36,2)) | U36: =IF(K36="","",ROUND(K36*M36,2)) | V36: =IF(N36="","",SUM(O36:U36)) -> 0 | W36: =IF(N36="","",N36-V36) -> 3337.45
A37: 001.003.002. . . . | B37: MOVIMENTO DE TERRA E ROCHA | E37: . | L37: =IF(D37="","",SUM(E37:K37)) | N37: =IF(L37="","",ROUND(D37*M37,2)) | P37: =IF(F37="","",ROUND(F37*M37,2)) | Q37: =IF(G37="","",ROUND(G37*M37,2)) | R37: =IF(H37="","",ROUND(H37*M37,2)) | S37: =IF(I37="","",ROUND(I37*M37,2)) | T37: =IF(J37="","",ROUND(J37*M37,2)) | U37: =IF(K37="","",ROUND(K37*M37,2)) | V37: =IF(N37="","",SUM(O37:U37)) | W37: =IF(N37="","",N37-V37)
A38: 001.003.002.001. . . | B38: Reaterro manual de valas ou áreas, com espalhamento e compactação, utilizando compactador à percussão sapinho, sem controle do grau de compactação | C38: m3 | D38: 2.49 | L38: =IF(D38="","",SUM(E38:K38)) -> 0 | M38: 16.61 | N38: =IF(L38="","",ROUND(D38*M38,2)) -> 41.36 | O38: =IF(E38="","",ROUND(E38*M38,2)) | P38: =IF(F38="","",ROUND(F38*M38,2)) | Q38: =IF(G38="","",ROUND(G38*M38,2)) | R38: =IF(H38="","",ROUND(H38*M38,2)) | S38: =IF(I38="","",ROUND(I38*M38,2)) | T38: =IF(J38="","",ROUND(J38*M38,2)) | U38: =IF(K38="","",ROUND(K38*M38,2)) | V38: =IF(N38="","",SUM(O38:U38)) -> 0 | W38: =IF(N38="","",N38-V38) -> 41.36
A39: 001.003.003. . . . | B39: TRANSPORTE DE SOLO, ROCHA E AGREGADOS | E39: . | L39: =IF(D39="","",SUM(E39:K39)) | N39: =IF(L39="","",ROUND(D39*M39,2)) | P39: =IF(F39="","",ROUND(F39*M39,2)) | Q39: =IF(G39="","",ROUND(G39*M39,2)) | R39: =IF(H39="","",ROUND(H39*M39,2)) | S39: =IF(I39="","",ROUND(I39*M39,2)) | T39: =IF(J39="","",ROUND(J39*M39,2)) | U39: =IF(K39="","",ROUND(K39*M39,2)) | V39: =IF(N39="","",SUM(O39:U39)) | W39: =IF(N39="","",N39-V39)
A40: 001.003.003.001. . . | B40: Transporte comercial com caminhão basculante de 10m³, em rodovia não pavimentada (densidade=1,5t/m³) | C40: tkm | D40: 210.31 | L40: =IF(D40="","",SUM(E40:K40)) -> 0 | M40: 1.64 | N40: =IF(L40="","",ROUND(D40*M40,2)) -> 344.91 | O40: =IF(E40="","",ROUND(E40*M40,2)) | P40: =IF(F40="","",ROUND(F40*M40,2)) | Q40: =IF(G40="","",ROUND(G40*M40,2)) | R40: =IF(H40="","",ROUND(H40*M40,2)) | S40: =IF(I40="","",ROUND(I40*M40,2)) | T40: =IF(J40="","",ROUND(J40*M40,2)) | U40: =IF(K40="","",ROUND(K40*M40,2)) | V40: =IF(N40="","",SUM(O40:U40)) -> 0 | W40: =IF(N40="","",N40-V40) -> 344.91
A41: 001.003.004. . . . | B41: ESCORAMENTO | E41: . | L41: =IF(D41="","",SUM(E41:K41)) | N41: =IF(L41="","",ROUND(D41*M41,2)) | P41: =IF(F41="","",ROUND(F41*M41,2)) | Q41: =IF(G41="","",ROUND(G41*M41,2)) | R41: =IF(H41="","",ROUND(H41*M41,2)) | S41: =IF(I41="","",ROUND(I41*M41,2)) | T41: =IF(J41="","",ROUND(J41*M41,2)) | U41: =IF(K41="","",ROUND(K41*M41,2)) | V41: =IF(N41="","",SUM(O41:U41)) | W41: =IF(N41="","",N41-V41)
A42: 001.003.004.001. . . | B42: Escoramento de valas tipo Contínuo Simples | C42: m2 | D42: 153.97 | L42: =IF(D42="","",SUM(E42:K42)) -> 0 | M42: 53.34 | N42: =IF(L42="","",ROUND(D42*M42,2)) -> 8212.76 | O42: =IF(E42="","",ROUND(E42*M42,2)) | P42: =IF(F42="","",ROUND(F42*M42,2)) | Q42: =IF(G42="","",ROUND(G42*M42,2)) | R42: =IF(H42="","",ROUND(H42*M42,2)) | S42: =IF(I42="","",ROUND(I42*M42,2)) | T42: =IF(J42="","",ROUND(J42*M42,2)) | U42: =IF(K42="","",ROUND(K42*M42,2)) | V42: =IF(N42="","",SUM(O42:U42)) -> 0 | W42: =IF(N42="","",N42-V42) -> 8212.76
A43: 001.003.005. . . . | B43: ESTRUTURAS E FUNDAÇÕES | E43: . | L43: =IF(D43="","",SUM(E43:K43)) | N43: =IF(L43="","",ROUND(D43*M43,2)) | P43: =IF(F43="","",ROUND(F43*M43,2)) | Q43: =IF(G43="","",ROUND(G43*M43,2)) | R43: =IF(H43="","",ROUND(H43*M43,2)) | S43: =IF(I43="","",ROUND(I43*M43,2)) | T43: =IF(J43="","",ROUND(J43*M43,2)) | U43: =IF(K43="","",ROUND(K43*M43,2)) | V43: =IF(N43="","",SUM(O43:U43)) | W43: =IF(N43="","",N43-V43)
A44: 001.003.005.001. . . | B44: Concreto simples fabricado na obra, fck=10 mpa, lançado e adensado | C44: m3 | D44: 0.39 | L44: =IF(D44="","",SUM(E44:K44)) -> 0 | M44: 487.19 | N44: =IF(L44="","",ROUND(D44*M44,2)) -> 190 | O44: =IF(E44="","",ROUND(E44*M44,2)) | P44: =IF(F44="","",ROUND(F44*M44,2)) | Q44: =IF(G44="","",ROUND(G44*M44,2)) | R44: =IF(H44="","",ROUND(H44*M44,2)) | S44: =IF(I44="","",ROUND(I44*M44,2)) | T44: =IF(J44="","",ROUND(J44*M44,2)) | U44: =IF(K44="","",ROUND(K44*M44,2)) | V44: =IF(N44="","",SUM(O44:U44)) -> 0 | W44: =IF(N44="","",N44-V44) -> 190
A45: 001.003.005.002. . . | B45: Concreto simples usinado fck=30mpa, bombeado, lançado e adensado em superestrutura | C45: m3 | D45: 0.88 | L45: =IF(D45="","",SUM(E45:K45)) -> 0 | M45: 461.1 | N45: =IF(L45="","",ROUND(D45*M45,2)) -> 405.77 | O45: =IF(E45="","",ROUND(E45*M45,2)) | P45: =IF(F45="","",ROUND(F45*M45,2)) | Q45: =IF(G45="","",ROUND(G45*M45,2)) | R45: =IF(H45="","",ROUND(H45*M45,2)) | S45: =IF(I45="","",ROUND(I45*M45,2)) | T45: =IF(J45="","",ROUND(J45*M45,2)) | U45: =IF(K45="","",ROUND(K45*M45,2)) | V45: =IF(N45="","",SUM(O45:U45)) -> 0 | W45: =IF(N45="","",N45-V45) -> 405.77
A46: 001.003.005.003. . . | B46: Forma plana para blocos sobre estacas, em compensado resinado de 12mm, 05 usos, inclusive escoramento | C46: m2 | D46: 4.54 | L46: =IF(D46="","",SUM(E46:K46)) -> 0 | M46: 56.35 | N46: =IF(L46="","",ROUND(D46*M46,2)) -> 255.83 | O46: =IF(E46="","",ROUND(E46*M46,2)) | P46: =IF(F46="","",ROUND(F46*M46,2)) | Q46: =IF(G46="","",ROUND(G46*M46,2)) | R46: =IF(H46="","",ROUND(H46*M46,2)) | S46: =IF(I46="","",ROUND(I46*M46,2)) | T46: =IF(J46="","",ROUND(J46*M46,2)) | U46: =IF(K46="","",ROUND(K46*M46,2)) | V46: =IF(N46="","",SUM(O46:U46)) -> 0 | W46: =IF(N46="","",N46-V46) -> 255.83
A47: 001.003.005.004. . . | B47: Aço CA - 50 Ø 6,3 a 12,5mm, inclusive corte, dobragem, montagem e colocacao de ferragens nas formas, para superestruturas e fundações - R1 | C47: kg | D47: 89.96 | L47: =IF(D47="","",SUM(E47:K47)) -> 0 | M47: 16.08 | N47: =IF(L47="","",ROUND(D47*M47,2)) -> 1446.56 | O47: =IF(E47="","",ROUND(E47*M47,2)) | P47: =IF(F47="","",ROUND(F47*M47,2)) | Q47: =IF(G47="","",ROUND(G47*M47,2)) | R47: =IF(H47="","",ROUND(H47*M47,2)) | S47: =IF(I47="","",ROUND(I47*M47,2)) | T47: =IF(J47="","",ROUND(J47*M47,2)) | U47: =IF(K47="","",ROUND(K47*M47,2)) | V47: =IF(N47="","",SUM(O47:U47)) -> 0 | W47: =IF(N47="","",N47-V47) -> 1446.56
A48: 001.003.005.005. . . | B48: Escoramento de fôrmas de laje em madeira não aparelhada, pé-direito duplo, incluso travamento, 4 utilizações. af_09/2020 | C48: m3 | D48: 4.55 | L48: =IF(D48="","",SUM(E48:K48)) -> 0 | M48: 33.81 | N48: =IF(L48="","",ROUND(D48*M48,2)) -> 153.84 | O48: =IF(E48="","",ROUND(E48*M48,2)) | P48: =IF(F48="","",ROUND(F48*M48,2)) | Q48: =IF(G48="","",ROUND(G48*M48,2)) | R48: =IF(H48="","",ROUND(H48*M48,2)) | S48: =IF(I48="","",ROUND(I48*M48,2)) | T48: =IF(J48="","",ROUND(J48*M48,2)) | U48: =IF(K48="","",ROUND(K48*M48,2)) | V48: =IF(N48="","",SUM(O48:U48)) -> 0 | W48: =IF(N48="","",N48-V48) -> 153.84
A49: 001.003.006. . . . | B49: EDIFICAÇÕES | E49: . | L49: =IF(D49="","",SUM(E49:K49)) | N49: =IF(L49="","",ROUND(D49*M49,2)) | P49: =IF(F49="","",ROUND(F49*M49,2)) | Q49: =IF(G49="","",ROUND(G49*M49,2)) | R49: =IF(H49="","",ROUND(H49*M49,2)) | S49: =IF(I49="","",ROUND(I49*M49,2)) | T49: =IF(J49="","",ROUND(J49*M49,2)) | U49: =IF(K49="","",ROUND(K49*M49,2)) | V49: =IF(N49="","",SUM(O49:U49)) | W49: =IF(N49="","",N49-V49)
A50: 001.003.006.001. . . | B50: Cobogó de cimento, tipo "escama", dim: 50 x 50cm | C50: m2 | D50: 3.15 | L50: =IF(D50="","",SUM(E50:K50)) -> 0 | M50: 135.94 | N50: =IF(L50="","",ROUND(D50*M50,2)) -> 428.21 | O50: =IF(E50="","",ROUND(E50*M50,2)) | P50: =IF(F50="","",ROUND(F50*M50,2)) | Q50: =IF(G50="","",ROUND(G50*M50,2)) | R50: =IF(H50="","",ROUND(H50*M50,2)) | S50: =IF(I50="","",ROUND(I50*M50,2)) | T50: =IF(J50="","",ROUND(J50*M50,2)) | U50: =IF(K50="","",ROUND(K50*M50,2)) | V50: =IF(N50="","",SUM(O50:U50)) -> 0 | W50: =IF(N50="","",N50-V50) -> 428.21
A51: 001.003.006.002. . . | B51: Alvenaria bloco cerâmico vedação, 9x19x24cm, e=9cm, com argamassa t5 - 1:2:8 (cimento/cal/areia), junta=1cm - Rev.09 | C51: m2 | D51: 23.54 | L51: =IF(D51="","",SUM(E51:K51)) -> 0 | M51: 46.17 | N51: =IF(L51="","",ROUND(D51*M51,2)) -> 1086.84 | O51: =IF(E51="","",ROUND(E51*M51,2)) | P51: =IF(F51="","",ROUND(F51*M51,2)) | Q51: =IF(G51="","",ROUND(G51*M51,2)) | R51: =IF(H51="","",ROUND(H51*M51,2)) | S51: =IF(I51="","",ROUND(I51*M51,2)) | T51: =IF(J51="","",ROUND(J51*M51,2)) | U51: =IF(K51="","",ROUND(K51*M51,2)) | V51: =IF(N51="","",SUM(O51:U51)) -> 0 | W51: =IF(N51="","",N51-V51) -> 1086.84
A52: 001.003.006.003. . . | B52: Alvenaria bloco concreto vedação 9x19x39cm, e= 0,09m, com argamassa traço t5 - 1:2:8 (cimento/cal/areia), junta de 1,0cm - Rev.06 | C52: m2 | D52: 29.98 | L52: =IF(D52="","",SUM(E52:K52)) -> 0 | M52: 63.55 | N52: =IF(L52="","",ROUND(D52*M52,2)) -> 1905.23 | O52: =IF(E52="","",ROUND(E52*M52,2)) | P52: =IF(F52="","",ROUND(F52*M52,2)) | Q52: =IF(G52="","",ROUND(G52*M52,2)) | R52: =IF(H52="","",ROUND(H52*M52,2)) | S52: =IF(I52="","",ROUND(I52*M52,2)) | T52: =IF(J52="","",ROUND(J52*M52,2)) | U52: =IF(K52="","",ROUND(K52*M52,2)) | V52: =IF(N52="","",SUM(O52:U52)) -> 0 | W52: =IF(N52="","",N52-V52) -> 1905.23
A53: 001.003.006.004. . . | B53: Chapisco em parede com argamassa traço t1 - 1:3 (cimento / areia) - Revisado 08/2015 | C53: m2 | D53: 53.51 | L53: =IF(D53="","",SUM(E53:K53)) -> 0 | M53: 6.45 | N53: =IF(L53="","",ROUND(D53*M53,2)) -> 345.14 | O53: =IF(E53="","",ROUND(E53*M53,2)) | P53: =IF(F53="","",ROUND(F53*M53,2)) | Q53: =IF(G53="","",ROUND(G53*M53,2)) | R53: =IF(H53="","",ROUND(H53*M53,2)) | S53: =IF(I53="","",ROUND(I53*M53,2)) | T53: =IF(J53="","",ROUND(J53*M53,2)) | U53: =IF(K53="","",ROUND(K53*M53,2)) | V53: =IF(N53="","",SUM(O53:U53)) -> 0 | W53: =IF(N53="","",N53-V53) -> 345.14
A54: 001.003.006.005. . . | B54: Reboco ou emboço interno, de parede, com argamassa traço t6 - 1:2:10 (cimento / cal / areia), espessura 1,5 cm | C54: m2 | D54: 23.54 | L54: =IF(D54="","",SUM(E54:K54)) -> 0 | M54: 30.03 | N54: =IF(L54="","",ROUND(D54*M54,2)) -> 706.91 | O54: =IF(E54="","",ROUND(E54*M54,2)) | P54: =IF(F54="","",ROUND(F54*M54,2)) | Q54: =IF(G54="","",ROUND(G54*M54,2)) | R54: =IF(H54="","",ROUND(H54*M54,2)) | S54: =IF(I54="","",ROUND(I54*M54,2)) | T54: =IF(J54="","",ROUND(J54*M54,2)) | U54: =IF(K54="","",ROUND(K54*M54,2)) | V54: =IF(N54="","",SUM(O54:U54)) -> 0 | W54: =IF(N54="","",N54-V54) -> 706.91
A55: 001.003.006.006. . . | B55: Reboco ou emboço externo, de parede, com argamassa traço t5 - 1:2:8 (cimento / cal / areia), espessura 2,5 cm | C55: m2 | D55: 25.47 | L55: =IF(D55="","",SUM(E55:K55)) -> 0 | M55: 36.56 | N55: =IF(L55="","",ROUND(D55*M55,2)) -> 931.18 | O55: =IF(E55="","",ROUND(E55*M55,2)) | P55: =IF(F55="","",ROUND(F55*M55,2)) | Q55: =IF(G55="","",ROUND(G55*M55,2)) | R55: =IF(H55="","",ROUND(H55*M55,2)) | S55: =IF(I55="","",ROUND(I55*M55,2)) | T55: =IF(J55="","",ROUND(J55*M55,2)) | U55: =IF(K55="","",ROUND(K55*M55,2)) | V55: =IF(N55="","",SUM(O55:U55)) -> 0 | W55: =IF(N55="","",N55-V55) -> 931.18
A56: 001.003.006.007. . . | B56: Pintura de acabamento com aplicação de 02 demãos de tinta PVA latex para interiores - cores convencionais | C56: m2 | D56: 23.54 | L56: =IF(D56="","",SUM(E56:K56)) -> 0 | M56: 15.18 | N56: =IF(L56="","",ROUND(D56*M56,2)) -> 357.34 | O56: =IF(E56="","",ROUND(E56*M56,2)) | P56: =IF(F56="","",ROUND(F56*M56,2)) | Q56: =IF(G56="","",ROUND(G56*M56,2)) | R56: =IF(H56="","",ROUND(H56*M56,2)) | S56: =IF(I56="","",ROUND(I56*M56,2)) | T56: =IF(J56="","",ROUND(J56*M56,2)) | U56: =IF(K56="","",ROUND(K56*M56,2)) | V56: =IF(N56="","",SUM(O56:U56)) -> 0 | W56: =IF(N56="","",N56-V56) -> 357.34
A57: 001.003.006.008. . . | B57: Pintura de acabamento com aplicação de 02 demãos de tinta PVA latex para exteriores - cores convencionais | C57: m2 | D57: 25.47 | L57: =IF(D57="","",SUM(E57:K57)) -> 0 | M57: 15.18 | N57: =IF(L57="","",ROUND(D57*M57,2)) -> 386.63 | O57: =IF(E57="","",ROUND(E57*M57,2)) | P57: =IF(F57="","",ROUND(F57*M57,2)) | Q57: =IF(G57="","",ROUND(G57*M57,2)) | R57: =IF(H57="","",ROUND(H57*M57,2)) | S57: =IF(I57="","",ROUND(I57*M57,2)) | T57: =IF(J57="","",ROUND(J57*M57,2)) | U57: =IF(K57="","",ROUND(K57*M57,2)) | V57: =IF(N57="","",SUM(O57:U57)) -> 0 | W57: =IF(N57="","",N57-V57) -> 386.63
A58: 001.003.006.009. . . | B58: Madeiramento em massaranduba/madeira de lei, acabamento aparelhado, c/ ripão 5 x 3 cm e ripa 4 x 1,5cm, exclusive peças principais | C58: m2 | D58: 62.53 | L58: =IF(D58="","",SUM(E58:K58)) -> 0 | M58: 117.52 | N58: =IF(L58="","",ROUND(D58*M58,2)) -> 7348.53 | O58: =IF(E58="","",ROUND(E58*M58,2)) | P58: =IF(F58="","",ROUND(F58*M58,2)) | Q58: =IF(G58="","",ROUND(G58*M58,2)) | R58: =IF(H58="","",ROUND(H58*M58,2)) | S58: =IF(I58="","",ROUND(I58*M58,2)) | T58: =IF(J58="","",ROUND(J58*M58,2)) | U58: =IF(K58="","",ROUND(K58*M58,2)) | V58: =IF(N58="","",SUM(O58:U58)) -> 0 | W58: =IF(N58="","",N58-V58) -> 7348.53
A59: 001.003.006.010. . . | B59: Madeiramento em massaranduba para telhado, peça principal serrada 8 x18cm com abertura de encaixes | C59: m | D59: 19.5 | L59: =IF(D59="","",SUM(E59:K59)) -> 0 | M59: 107.74 | N59: =IF(L59="","",ROUND(D59*M59,2)) -> 2100.93 | O59: =IF(E59="","",ROUND(E59*M59,2)) | P59: =IF(F59="","",ROUND(F59*M59,2)) | Q59: =IF(G59="","",ROUND(G59*M59,2)) | R59: =IF(H59="","",ROUND(H59*M59,2)) | S59: =IF(I59="","",ROUND(I59*M59,2)) | T59: =IF(J59="","",ROUND(J59*M59,2)) | U59: =IF(K59="","",ROUND(K59*M59,2)) | V59: =IF(N59="","",SUM(O59:U59)) -> 0 | W59: =IF(N59="","",N59-V59) -> 2100.93
A60: 001.003.006.011. . . | B60: Telhamento com telha cerâmica tipo canal, vermelha, 1ª qualidade - R1 | C60: m2 | D60: 62.53 | L60: =IF(D60="","",SUM(E60:K60)) -> 0 | M60: 66.08 | N60: =IF(L60="","",ROUND(D60*M60,2)) -> 4131.98 | O60: =IF(E60="","",ROUND(E60*M60,2)) | P60: =IF(F60="","",ROUND(F60*M60,2)) | Q60: =IF(G60="","",ROUND(G60*M60,2)) | R60: =IF(H60="","",ROUND(H60*M60,2)) | S60: =IF(I60="","",ROUND(I60*M60,2)) | T60: =IF(J60="","",ROUND(J60*M60,2)) | U60: =IF(K60="","",ROUND(K60*M60,2)) | V60: =IF(N60="","",SUM(O60:U60)) -> 0 | W60: =IF(N60="","",N60-V60) -> 4131.98
A61: 001.003.007. . . . | B61: PORTAS, PORTÕES E ESQUADRIAS | E61: . | L61: =IF(D61="","",SUM(E61:K61)) | N61: =IF(L61="","",ROUND(D61*M61,2)) | P61: =IF(F61="","",ROUND(F61*M61,2)) | Q61: =IF(G61="","",ROUND(G61*M61,2)) | R61: =IF(H61="","",ROUND(H61*M61,2)) | S61: =IF(I61="","",ROUND(I61*M61,2)) | T61: =IF(J61="","",ROUND(J61*M61,2)) | U61: =IF(K61="","",ROUND(K61*M61,2)) | V61: =IF(N61="","",SUM(O61:U61)) | W61: =IF(N61="","",N61-V61)
A62: 001.003.007.001. . . | B62: Porta em madeira de lei, almofadada, 0.80 x 2.10 m, inclusive batentes e ferragens | C62: un | D62: 1 | L62: =IF(D62="","",SUM(E62:K62)) -> 0 | M62: 1820.34 | N62: =IF(L62="","",ROUND(D62*M62,2)) -> 1820.34 | O62: =IF(E62="","",ROUND(E62*M62,2)) | P62: =IF(F62="","",ROUND(F62*M62,2)) | Q62: =IF(G62="","",ROUND(G62*M62,2)) | R62: =IF(H62="","",ROUND(H62*M62,2)) | S62: =IF(I62="","",ROUND(I62*M62,2)) | T62: =IF(J62="","",ROUND(J62*M62,2)) | U62: =IF(K62="","",ROUND(K62*M62,2)) | V62: =IF(N62="","",SUM(O62:U62)) -> 0 | W62: =IF(N62="","",N62-V62) -> 1820.34
A63: 001.003.007.002. . . | B63: Grade ferro tipo tijolinho, perfil 1/2 " x 1/8" | C63: m2 | D63: 2.1 | L63: =IF(D63="","",SUM(E63:K63)) -> 0 | M63: 167.88 | N63: =IF(L63="","",ROUND(D63*M63,2)) -> 352.55 | O63: =IF(E63="","",ROUND(E63*M63,2)) | P63: =IF(F63="","",ROUND(F63*M63,2)) | Q63: =IF(G63="","",ROUND(G63*M63,2)) | R63: =IF(H63="","",ROUND(H63*M63,2)) | S63: =IF(I63="","",ROUND(I63*M63,2)) | T63: =IF(J63="","",ROUND(J63*M63,2)) | U63: =IF(K63="","",ROUND(K63*M63,2)) | V63: =IF(N63="","",SUM(O63:U63)) -> 0 | W63: =IF(N63="","",N63-V63) -> 352.55
A64: 001.003.008. . . . | B64: CAIXAS DE PASSAGEM E ACESSÓRIOS | E64: . | L64: =IF(D64="","",SUM(E64:K64)) | N64: =IF(L64="","",ROUND(D64*M64,2)) | P64: =IF(F64="","",ROUND(F64*M64,2)) | Q64: =IF(G64="","",ROUND(G64*M64,2)) | R64: =IF(H64="","",ROUND(H64*M64,2)) | S64: =IF(I64="","",ROUND(I64*M64,2)) | T64: =IF(J64="","",ROUND(J64*M64,2)) | U64: =IF(K64="","",ROUND(K64*M64,2)) | V64: =IF(N64="","",SUM(O64:U64)) | W64: =IF(N64="","",N64-V64)
A65: 001.003.008.001. . . | B65: Guarda-corpo em tubos de aço galvanizado, h = 1,10m, com barras verticais a cada 0,75m (1 1/2"), 3 (tres) tubos horizontais intermediários (1 1/2") e tubo horizontal superior (2") | C65: m | D65: 39 | L65: =IF(D65="","",SUM(E65:K65)) -> 0 | M65: 651.24 | N65: =IF(L65="","",ROUND(D65*M65,2)) -> 25398.36 | O65: =IF(E65="","",ROUND(E65*M65,2)) | P65: =IF(F65="","",ROUND(F65*M65,2)) | Q65: =IF(G65="","",ROUND(G65*M65,2)) | R65: =IF(H65="","",ROUND(H65*M65,2)) | S65: =IF(I65="","",ROUND(I65*M65,2)) | T65: =IF(J65="","",ROUND(J65*M65,2)) | U65: =IF(K65="","",ROUND(K65*M65,2)) | V65: =IF(N65="","",SUM(O65:U65)) -> 0 | W65: =IF(N65="","",N65-V65) -> 25398.36
A66: 001.003.008.002. . . | B66: Caixa de passagem em alvenaria de tijolos maciços esp. = 0,12m, dim. int. = 0,30 x 0,30 x 0,30m | C66: un | D66: 7 | L66: =IF(D66="","",SUM(E66:K66)) -> 0 | M66: 133.13 | N66: =IF(L66="","",ROUND(D66*M66,2)) -> 931.91 | O66: =IF(E66="","",ROUND(E66*M66,2)) | P66: =IF(F66="","",ROUND(F66*M66,2)) | Q66: =IF(G66="","",ROUND(G66*M66,2)) | R66: =IF(H66="","",ROUND(H66*M66,2)) | S66: =IF(I66="","",ROUND(I66*M66,2)) | T66: =IF(J66="","",ROUND(J66*M66,2)) | U66: =IF(K66="","",ROUND(K66*M66,2)) | V66: =IF(N66="","",SUM(O66:U66)) -> 0 | W66: =IF(N66="","",N66-V66) -> 931.91
A67: 001.003.008.003. . . | B67: Caixa de passagem em alvenaria de tijolos maciços esp. = 0,12m, dim. int. = 1.00 x 1.00 x 0,60m | C67: un | D67: 2 | L67: =IF(D67="","",SUM(E67:K67)) -> 0 | M67: 962.59 | N67: =IF(L67="","",ROUND(D67*M67,2)) -> 1925.18 | O67: =IF(E67="","",ROUND(E67*M67,2)) | P67: =IF(F67="","",ROUND(F67*M67,2)) | Q67: =IF(G67="","",ROUND(G67*M67,2)) | R67: =IF(H67="","",ROUND(H67*M67,2)) | S67: =IF(I67="","",ROUND(I67*M67,2)) | T67: =IF(J67="","",ROUND(J67*M67,2)) | U67: =IF(K67="","",ROUND(K67*M67,2)) | V67: =IF(N67="","",SUM(O67:U67)) -> 0 | W67: =IF(N67="","",N67-V67) -> 1925.18
A68: 001.003.008.004. . . | B68: Concreto simples usinado fck=15mpa, bombeado, lançado e adensado em superestrura | C68: m3 | D68: 0.04 | L68: =IF(D68="","",SUM(E68:K68)) -> 0 | M68: 505.36 | N68: =IF(L68="","",ROUND(D68*M68,2)) -> 20.21 | O68: =IF(E68="","",ROUND(E68*M68,2)) | P68: =IF(F68="","",ROUND(F68*M68,2)) | Q68: =IF(G68="","",ROUND(G68*M68,2)) | R68: =IF(H68="","",ROUND(H68*M68,2)) | S68: =IF(I68="","",ROUND(I68*M68,2)) | T68: =IF(J68="","",ROUND(J68*M68,2)) | U68: =IF(K68="","",ROUND(K68*M68,2)) | V68: =IF(N68="","",SUM(O68:U68)) -> 0 | W68: =IF(N68="","",N68-V68) -> 20.21
A69: 001.003.008.005. . . | B69: Alvenaria tijolo cerâmico maciço (5x9x19), esp = 0,09m (singela), com argamassa traço t5 - 1:2:8 (cimento / cal / areia) c/ junta de 2,0cm - R1 | C69: m2 | D69: 4.8 | L69: =IF(D69="","",SUM(E69:K69)) -> 0 | M69: 98.42 | N69: =IF(L69="","",ROUND(D69*M69,2)) -> 472.42 | O69: =IF(E69="","",ROUND(E69*M69,2)) | P69: =IF(F69="","",ROUND(F69*M69,2)) | Q69: =IF(G69="","",ROUND(G69*M69,2)) | R69: =IF(H69="","",ROUND(H69*M69,2)) | S69: =IF(I69="","",ROUND(I69*M69,2)) | T69: =IF(J69="","",ROUND(J69*M69,2)) | U69: =IF(K69="","",ROUND(K69*M69,2)) | V69: =IF(N69="","",SUM(O69:U69)) -> 0 | W69: =IF(N69="","",N69-V69) -> 472.42
A70: 001.003.009. . . . | B70: INSTALAÇAO E MONTAGEM | E70: . | L70: =IF(D70="","",SUM(E70:K70)) | N70: =IF(L70="","",ROUND(D70*M70,2)) | P70: =IF(F70="","",ROUND(F70*M70,2)) | Q70: =IF(G70="","",ROUND(G70*M70,2)) | R70: =IF(H70="","",ROUND(H70*M70,2)) | S70: =IF(I70="","",ROUND(I70*M70,2)) | T70: =IF(J70="","",ROUND(J70*M70,2)) | U70: =IF(K70="","",ROUND(K70*M70,2)) | V70: =IF(N70="","",SUM(O70:U70)) | W70: =IF(N70="","",N70-V70)
A71: 001.003.009.001. . . | B71: Equipe de montagem hidromecânica - Instalacao de conj.moto bomba horizontal de 100 a 150 cv | C71: h | D71: 48 | L71: =IF(D71="","",SUM(E71:K71)) -> 0 | M71: 85.02 | N71: =IF(L71="","",ROUND(D71*M71,2)) -> 4080.96 | O71: =IF(E71="","",ROUND(E71*M71,2)) | P71: =IF(F71="","",ROUND(F71*M71,2)) | Q71: =IF(G71="","",ROUND(G71*M71,2)) | R71: =IF(H71="","",ROUND(H71*M71,2)) | S71: =IF(I71="","",ROUND(I71*M71,2)) | T71: =IF(J71="","",ROUND(J71*M71,2)) | U71: =IF(K71="","",ROUND(K71*M71,2)) | V71: =IF(N71="","",SUM(O71:U71)) -> 0 | W71: =IF(N71="","",N71-V71) -> 4080.96
A72: 001.003.009.002. . . | B72: Equipe de instalação elétrica | C72: h | D72: 176 | L72: =IF(D72="","",SUM(E72:K72)) -> 0 | M72: 72.37 | N72: =IF(L72="","",ROUND(D72*M72,2)) -> 12737.12 | O72: =IF(E72="","",ROUND(E72*M72,2)) | P72: =IF(F72="","",ROUND(F72*M72,2)) | Q72: =IF(G72="","",ROUND(G72*M72,2)) | R72: =IF(H72="","",ROUND(H72*M72,2)) | S72: =IF(I72="","",ROUND(I72*M72,2)) | T72: =IF(J72="","",ROUND(J72*M72,2)) | U72: =IF(K72="","",ROUND(K72*M72,2)) | V72: =IF(N72="","",SUM(O72:U72)) -> 0 | W72: =IF(N72="","",N72-V72) -> 12737.12
A73: 001.003.009.003. . . | B73: Montagem de Equipamentos e Materiais Diversos em Ferro Fundido ou Aço | C73: kg | D73: 6600 | L73: =IF(D73="","",SUM(E73:K73)) -> 0 | M73: 12.09 | N73: =IF(L73="","",ROUND(D73*M73,2)) -> 79794 | O73: =IF(E73="","",ROUND(E73*M73,2)) | P73: =IF(F73="","",ROUND(F73*M73,2)) | Q73: =IF(G73="","",ROUND(G73*M73,2)) | R73: =IF(H73="","",ROUND(H73*M73,2)) | S73: =IF(I73="","",ROUND(I73*M73,2)) | T73: =IF(J73="","",ROUND(J73*M73,2)) | U73: =IF(K73="","",ROUND(K73*M73,2)) | V73: =IF(N73="","",SUM(O73:U73)) -> 0 | W73: =IF(N73="","",N73-V73) -> 79794
A74: 001.003.010. . . . | B74: LIMPEZA | E74: . | L74: =IF(D74="","",SUM(E74:K74)) | N74: =IF(L74="","",ROUND(D74*M74,2)) | P74: =IF(F74="","",ROUND(F74*M74,2)) | Q74: =IF(G74="","",ROUND(G74*M74,2)) | R74: =IF(H74="","",ROUND(H74*M74,2)) | S74: =IF(I74="","",ROUND(I74*M74,2)) | T74: =IF(J74="","",ROUND(J74*M74,2)) | U74: =IF(K74="","",ROUND(K74*M74,2)) | V74: =IF(N74="","",SUM(O74:U74)) | W74: =IF(N74="","",N74-V74)
A75: 001.003.010.001. . . | B75: Limpeza geral | C75: m2 | D75: 531.52 | L75: =IF(D75="","",SUM(E75:K75)) -> 0 | M75: 2.09 | N75: =IF(L75="","",ROUND(D75*M75,2)) -> 1110.88 | O75: =IF(E75="","",ROUND(E75*M75,2)) | P75: =IF(F75="","",ROUND(F75*M75,2)) | Q75: =IF(G75="","",ROUND(G75*M75,2)) | R75: =IF(H75="","",ROUND(H75*M75,2)) | S75: =IF(I75="","",ROUND(I75*M75,2)) | T75: =IF(J75="","",ROUND(J75*M75,2)) | U75: =IF(K75="","",ROUND(K75*M75,2)) | V75: =IF(N75="","",SUM(O75:U75)) -> 0 | W75: =IF(N75="","",N75-V75) -> 1110.88
A76: 001.004. . . . . | B76: ESTAÇÃO ELEVATÓRIA DE ÁGUA BRUTA 02 – EEAB2 | E76: . | L76: =IF(D76="","",SUM(E76:K76)) | N76: =IF(L76="","",ROUND(D76*M76,2)) | P76: =IF(F76="","",ROUND(F76*M76,2)) | Q76: =IF(G76="","",ROUND(G76*M76,2)) | R76: =IF(H76="","",ROUND(H76*M76,2)) | S76: =IF(I76="","",ROUND(I76*M76,2)) | T76: =IF(J76="","",ROUND(J76*M76,2)) | U76: =IF(K76="","",ROUND(K76*M76,2)) | V76: =IF(N76="","",SUM(O76:U76)) | W76: =IF(N76="","",N76-V76)
A77: 001.004.001. . . . | B77: SERVIÇOS PRELIMINARES | E77: . | L77: =IF(D77="","",SUM(E77:K77)) | N77: =IF(L77="","",ROUND(D77*M77,2)) | P77: =IF(F77="","",ROUND(F77*M77,2)) | Q77: =IF(G77="","",ROUND(G77*M77,2)) | R77: =IF(H77="","",ROUND(H77*M77,2)) | S77: =IF(I77="","",ROUND(I77*M77,2)) | T77: =IF(J77="","",ROUND(J77*M77,2)) | U77: =IF(K77="","",ROUND(K77*M77,2)) | V77: =IF(N77="","",SUM(O77:U77)) | W77: =IF(N77="","",N77-V77)
A78: 001.004.001.001. . . | B78: Limpeza mecanizada do terreno c/ trator esteira (vegetação rasteira) inclusive carga e transporte - dmt até 1 km | C78: m2 | D78: 50.27 | E78: 50.27 | L78: =IF(D78="","",SUM(E78:K78)) -> 50.27 | M78: 7.76 | N78: =IF(L78="","",ROUND(D78*M78,2)) -> 390.1 | O78: =IF(E78="","",ROUND(E78*M78,2)) -> 390.1 | P78: =IF(F78="","",ROUND(F78*M78,2)) | Q78: =IF(G78="","",ROUND(G78*M78,2)) | R78: =IF(H78="","",ROUND(H78*M78,2)) | S78: =IF(I78="","",ROUND(I78*M78,2)) | T78: =IF(J78="","",ROUND(J78*M78,2)) | U78: =IF(K78="","",ROUND(K78*M78,2)) | V78: =IF(N78="","",SUM(O78:U78)) -> 390.1 | W78: =IF(N78="","",N78-V78) -> 0
A79: 001.004.001.002. . . | B79: Regularização Manual | C79: m2 | D79: 206.94 | E79: 206.94 | L79: =IF(D79="","",SUM(E79:K79)) -> 206.94 | M79: 5.16 | N79: =IF(L79="","",ROUND(D79*M79,2)) -> 1067.81 | O79: =IF(E79="","",ROUND(E79*M79,2)) -> 1067.81 | P79: =IF(F79="","",ROUND(F79*M79,2)) | Q79: =IF(G79="","",ROUND(G79*M79,2)) | R79: =IF(H79="","",ROUND(H79*M79,2)) | S79: =IF(I79="","",ROUND(I79*M79,2)) | T79: =IF(J79="","",ROUND(J79*M79,2)) | U79: =IF(K79="","",ROUND(K79*M79,2)) | V79: =IF(N79="","",SUM(O79:U79)) -> 1067.81 | W79: =IF(N79="","",N79-V79) -> 0
A80: 001.004.001.003. . . | B80: Cerca com estaca de concreto (espaçamento 1,50m) h = 2,00m, altura útil 1,60m, c/ 6 fios arame farpado - Rev. - 03 | C80: m | D80: 160 | E80: 160 | L80: =IF(D80="","",SUM(E80:K80)) -> 160 | M80: 101.81 | N80: =IF(L80="","",ROUND(D80*M80,2)) -> 16289.6 | O80: =IF(E80="","",ROUND(E80*M80,2)) -> 16289.6 | P80: =IF(F80="","",ROUND(F80*M80,2)) | Q80: =IF(G80="","",ROUND(G80*M80,2)) | R80: =IF(H80="","",ROUND(H80*M80,2)) | S80: =IF(I80="","",ROUND(I80*M80,2)) | T80: =IF(J80="","",ROUND(J80*M80,2)) | U80: =IF(K80="","",ROUND(K80*M80,2)) | V80: =IF(N80="","",SUM(O80:U80)) -> 16289.6 | W80: =IF(N80="","",N80-V80) -> 0
A81: 001.004.001.004. . . | B81: Grama esmeralda em placas, fornecimento e plantio | C81: m2 | D81: 206.94 | L81: =IF(D81="","",SUM(E81:K81)) -> 0 | M81: 26.78 | N81: =IF(L81="","",ROUND(D81*M81,2)) -> 5541.85 | O81: =IF(E81="","",ROUND(E81*M81,2)) | P81: =IF(F81="","",ROUND(F81*M81,2)) | Q81: =IF(G81="","",ROUND(G81*M81,2)) | R81: =IF(H81="","",ROUND(H81*M81,2)) | S81: =IF(I81="","",ROUND(I81*M81,2)) | T81: =IF(J81="","",ROUND(J81*M81,2)) | U81: =IF(K81="","",ROUND(K81*M81,2)) | V81: =IF(N81="","",SUM(O81:U81)) -> 0 | W81: =IF(N81="","",N81-V81) -> 5541.85
A82: 001.004.001.005. . . | B82: Passeio em concreto simples c/ cimentado e=5cm | C82: m2 | D82: 62.88 | L82: =IF(D82="","",SUM(E82:K82)) -> 0 | M82: 36.23 | N82: =IF(L82="","",ROUND(D82*M82,2)) -> 2278.14 | O82: =IF(E82="","",ROUND(E82*M82,2)) | P82: =IF(F82="","",ROUND(F82*M82,2)) | Q82: =IF(G82="","",ROUND(G82*M82,2)) | R82: =IF(H82="","",ROUND(H82*M82,2)) | S82: =IF(I82="","",ROUND(I82*M82,2)) | T82: =IF(J82="","",ROUND(J82*M82,2)) | U82: =IF(K82="","",ROUND(K82*M82,2)) | V82: =IF(N82="","",SUM(O82:U82)) -> 0 | W82: =IF(N82="","",N82-V82) -> 2278.14
A83: 001.004.001.006. . . | B83: Execução de pavimento em paralelepípedos, rejuntamento com argamassa traço 1:3 (cimento e areia). af_05/2020 | C83: m2 | D83: 153.12 | L83: =IF(D83="","",SUM(E83:K83)) -> 0 | M83: 84.81 | N83: =IF(L83="","",ROUND(D83*M83,2)) -> 12986.11 | O83: =IF(E83="","",ROUND(E83*M83,2)) | P83: =IF(F83="","",ROUND(F83*M83,2)) | Q83: =IF(G83="","",ROUND(G83*M83,2)) | R83: =IF(H83="","",ROUND(H83*M83,2)) | S83: =IF(I83="","",ROUND(I83*M83,2)) | T83: =IF(J83="","",ROUND(J83*M83,2)) | U83: =IF(K83="","",ROUND(K83*M83,2)) | V83: =IF(N83="","",SUM(O83:U83)) -> 0 | W83: =IF(N83="","",N83-V83) -> 12986.11
A84: 001.004.001.007. . . | B84: Meio-fio de concreto simples, sobre base de concreto simples e rejuntado com argamassa de cimento e areia traço 1:3 | C84: m | D84: 51.8 | L84: =IF(D84="","",SUM(E84:K84)) -> 0 | M84: 29.96 | N84: =IF(L84="","",ROUND(D84*M84,2)) -> 1551.93 | O84: =IF(E84="","",ROUND(E84*M84,2)) | P84: =IF(F84="","",ROUND(F84*M84,2)) | Q84: =IF(G84="","",ROUND(G84*M84,2)) | R84: =IF(H84="","",ROUND(H84*M84,2)) | S84: =IF(I84="","",ROUND(I84*M84,2)) | T84: =IF(J84="","",ROUND(J84*M84,2)) | U84: =IF(K84="","",ROUND(K84*M84,2)) | V84: =IF(N84="","",SUM(O84:U84)) -> 0 | W84: =IF(N84="","",N84-V84) -> 1551.93
A85: 001.004.001.008. . . | B85: Lastro de brita 1 | C85: m3 | D85: 49.91 | L85: =IF(D85="","",SUM(E85:K85)) -> 0 | M85: 167.76 | N85: =IF(L85="","",ROUND(D85*M85,2)) -> 8372.9 | O85: =IF(E85="","",ROUND(E85*M85,2)) | P85: =IF(F85="","",ROUND(F85*M85,2)) | Q85: =IF(G85="","",ROUND(G85*M85,2)) | R85: =IF(H85="","",ROUND(H85*M85,2)) | S85: =IF(I85="","",ROUND(I85*M85,2)) | T85: =IF(J85="","",ROUND(J85*M85,2)) | U85: =IF(K85="","",ROUND(K85*M85,2)) | V85: =IF(N85="","",SUM(O85:U85)) -> 0 | W85: =IF(N85="","",N85-V85) -> 8372.9
A86: 001.004.002. . . . | B86: MOVIMENTO DE TERRA E ROCHA | E86: . | L86: =IF(D86="","",SUM(E86:K86)) | N86: =IF(L86="","",ROUND(D86*M86,2)) | P86: =IF(F86="","",ROUND(F86*M86,2)) | Q86: =IF(G86="","",ROUND(G86*M86,2)) | R86: =IF(H86="","",ROUND(H86*M86,2)) | S86: =IF(I86="","",ROUND(I86*M86,2)) | T86: =IF(J86="","",ROUND(J86*M86,2)) | U86: =IF(K86="","",ROUND(K86*M86,2)) | V86: =IF(N86="","",SUM(O86:U86)) | W86: =IF(N86="","",N86-V86)
A87: 001.004.002.001. . . | B87: Escavação com retro-escavadeira de pneus, de valas, em material de 1ª categoria até 1,50m de profundidade | C87: m3 | D87: 31.47 | F87: 31.47 | L87: =IF(D87="","",SUM(E87:K87)) -> 31.47 | M87: 13.31 | N87: =IF(L87="","",ROUND(D87*M87,2)) -> 418.87 | O87: =IF(E87="","",ROUND(E87*M87,2)) | P87: =IF(F87="","",ROUND(F87*M87,2)) -> 418.87 | Q87: =IF(G87="","",ROUND(G87*M87,2)) | R87: =IF(H87="","",ROUND(H87*M87,2)) | S87: =IF(I87="","",ROUND(I87*M87,2)) | T87: =IF(J87="","",ROUND(J87*M87,2)) | U87: =IF(K87="","",ROUND(K87*M87,2)) | V87: =IF(N87="","",SUM(O87:U87)) -> 418.87 | W87: =IF(N87="","",N87-V87) -> 0
A88: 001.004.002.002. . . | B88: Regularização Manual | C88: m2 | D88: 145.88 | F88: 67.9 | L88: =IF(D88="","",SUM(E88:K88)) -> 67.9 | M88: 5.16 | N88: =IF(L88="","",ROUND(D88*M88,2)) -> 752.74 | O88: =IF(E88="","",ROUND(E88*M88,2)) | P88: =IF(F88="","",ROUND(F88*M88,2)) -> 350.36 | Q88: =IF(G88="","",ROUND(G88*M88,2)) | R88: =IF(H88="","",ROUND(H88*M88,2)) | S88: =IF(I88="","",ROUND(I88*M88,2)) | T88: =IF(J88="","",ROUND(J88*M88,2)) | U88: =IF(K88="","",ROUND(K88*M88,2)) | V88: =IF(N88="","",SUM(O88:U88)) -> 350.36 | W88: =IF(N88="","",N88-V88) -> 402.38
A89: 001.004.002.003. . . | B89: Escavação manual de vala ou cava em material de 1ª categoria, profundidade até 1,50m | C89: m3 | D89: 10.09 | F89: 10.09 | L89: =IF(D89="","",SUM(E89:K89)) -> 10.09 | M89: 51.73 | N89: =IF(L89="","",ROUND(D89*M89,2)) -> 521.96 | O89: =IF(E89="","",ROUND(E89*M89,2)) | P89: =IF(F89="","",ROUND(F89*M89,2)) -> 521.96 | Q89: =IF(G89="","",ROUND(G89*M89,2)) | R89: =IF(H89="","",ROUND(H89*M89,2)) | S89: =IF(I89="","",ROUND(I89*M89,2)) | T89: =IF(J89="","",ROUND(J89*M89,2)) | U89: =IF(K89="","",ROUND(K89*M89,2)) | V89: =IF(N89="","",SUM(O89:U89)) -> 521.96 | W89: =IF(N89="","",N89-V89) -> 0
A90: 001.004.002.004. . . | B90: Reaterro manual de valas ou áreas, com espalhamento e compactação, utilizando compactador à percussão sapinho, sem controle do grau de compactação | C90: m3 | D90: 73.55 | F90: 73.55 | L90: =IF(D90="","",SUM(E90:K90)) -> 73.55 | M90: 16.61 | N90: =IF(L90="","",ROUND(D90*M90,2)) -> 1221.67 | O90: =IF(E90="","",ROUND(E90*M90,2)) | P90: =IF(F90="","",ROUND(F90*M90,2)) -> 1221.67 | Q90: =IF(G90="","",ROUND(G90*M90,2)) | R90: =IF(H90="","",ROUND(H90*M90,2)) | S90: =IF(I90="","",ROUND(I90*M90,2)) | T90: =IF(J90="","",ROUND(J90*M90,2)) | U90: =IF(K90="","",ROUND(K90*M90,2)) | V90: =IF(N90="","",SUM(O90:U90)) -> 1221.67 | W90: =IF(N90="","",N90-V90) -> 0
A91: 001.004.003. . . . | B91: ESTRUTURAS E FUNDAÇÕES | E91: . | L91: =IF(D91="","",SUM(E91:K91)) | N91: =IF(L91="","",ROUND(D91*M91,2)) | P91: =IF(F91="","",ROUND(F91*M91,2)) | Q91: =IF(G91="","",ROUND(G91*M91,2)) | R91: =IF(H91="","",ROUND(H91*M91,2)) | S91: =IF(I91="","",ROUND(I91*M91,2)) | T91: =IF(J91="","",ROUND(J91*M91,2)) | U91: =IF(K91="","",ROUND(K91*M91,2)) | V91: =IF(N91="","",SUM(O91:U91)) | W91: =IF(N91="","",N91-V91)
A92: 001.004.003.001. . . | B92: Concreto simples fabricado na obra, fck=10 mpa, lançado e adensado | C92: m3 | D92: 0.58 | F92: 0.58 | L92: =IF(D92="","",SUM(E92:K92)) -> 0.58 | M92: 487.19 | N92: =IF(L92="","",ROUND(D92*M92,2)) -> 282.57 | O92: =IF(E92="","",ROUND(E92*M92,2)) | P92: =IF(F92="","",ROUND(F92*M92,2)) -> 282.57 | Q92: =IF(G92="","",ROUND(G92*M92,2)) | R92: =IF(H92="","",ROUND(H92*M92,2)) | S92: =IF(I92="","",ROUND(I92*M92,2)) | T92: =IF(J92="","",ROUND(J92*M92,2)) | U92: =IF(K92="","",ROUND(K92*M92,2)) | V92: =IF(N92="","",SUM(O92:U92)) -> 282.57 | W92: =IF(N92="","",N92-V92) -> 0
A93: 001.004.003.002. . . | B93: Concreto simples usinado fck=30mpa, bombeado, lançado e adensado em superestrutura | C93: m3 | D93: 13.05 | F93: 13.05 | L93: =IF(D93="","",SUM(E93:K93)) -> 13.05 | M93: 461.1 | N93: =IF(L93="","",ROUND(D93*M93,2)) -> 6017.36 | O93: =IF(E93="","",ROUND(E93*M93,2)) | P93: =IF(F93="","",ROUND(F93*M93,2)) -> 6017.36 | Q93: =IF(G93="","",ROUND(G93*M93,2)) | R93: =IF(H93="","",ROUND(H93*M93,2)) | S93: =IF(I93="","",ROUND(I93*M93,2)) | T93: =IF(J93="","",ROUND(J93*M93,2)) | U93: =IF(K93="","",ROUND(K93*M93,2)) | V93: =IF(N93="","",SUM(O93:U93)) -> 6017.36 | W93: =IF(N93="","",N93-V93) -> 0
A94: 001.004.003.003. . . | B94: Forma plana para blocos sobre estacas, em compensado resinado de 12mm, 05 usos, inclusive escoramento | C94: m2 | D94: 8.65 | F94: 8.65 | L94: =IF(D94="","",SUM(E94:K94)) -> 8.65 | M94: 56.35 | N94: =IF(L94="","",ROUND(D94*M94,2)) -> 487.43 | O94: =IF(E94="","",ROUND(E94*M94,2)) | P94: =IF(F94="","",ROUND(F94*M94,2)) -> 487.43 | Q94: =IF(G94="","",ROUND(G94*M94,2)) | R94: =IF(H94="","",ROUND(H94*M94,2)) | S94: =IF(I94="","",ROUND(I94*M94,2)) | T94: =IF(J94="","",ROUND(J94*M94,2)) | U94: =IF(K94="","",ROUND(K94*M94,2)) | V94: =IF(N94="","",SUM(O94:U94)) -> 487.43 | W94: =IF(N94="","",N94-V94) -> 0
A95: 001.004.003.004. . . | B95: Fornecimento e instalação de tela aço soldada nervurada CA-60, Q-283, malha 10x10cm, ferro 6.02mm (4,48 kg/m2), painel 2,45x6,0m, Telcon ou similar | C95: m2 | D95: 64.85 | F95: 64.85 | L95: =IF(D95="","",SUM(E95:K95)) -> 64.85 | M95: 71.97 | N95: =IF(L95="","",ROUND(D95*M95,2)) -> 4667.25 | O95: =IF(E95="","",ROUND(E95*M95,2)) | P95: =IF(F95="","",ROUND(F95*M95,2)) -> 4667.25 | Q95: =IF(G95="","",ROUND(G95*M95,2)) | R95: =IF(H95="","",ROUND(H95*M95,2)) | S95: =IF(I95="","",ROUND(I95*M95,2)) | T95: =IF(J95="","",ROUND(J95*M95,2)) | U95: =IF(K95="","",ROUND(K95*M95,2)) | V95: =IF(N95="","",SUM(O95:U95)) -> 4667.25 | W95: =IF(N95="","",N95-V95) -> 0
A96: 001.004.004. . . . | B96: EDIFICAÇÕES | E96: . | P96: =IF(F96="","",ROUND(F96*M96,2)) | Q96: =IF(G96="","",ROUND(G96*M96,2)) | R96: =IF(H96="","",ROUND(H96*M96,2)) | S96: =IF(I96="","",ROUND(I96*M96,2)) | T96: =IF(J96="","",ROUND(J96*M96,2)) | U96: =IF(K96="","",ROUND(K96*M96,2)) | V96: =IF(N96="","",SUM(O96:U96)) | W96: =IF(N96="","",N96-V96)
A97: 001.004.004.001. . . | B97: Cobogó de cimento, tipo "escama", dim: 50 x 50cm | C97: m2 | D97: 30.3 | E97: 30.3 | L97: =IF(D97="","",SUM(E97:K97)) -> 30.3 | M97: 135.94 | N97: =IF(L97="","",ROUND(D97*M97,2)) -> 4118.98 | O97: =IF(E97="","",ROUND(E97*M97,2)) -> 4118.98 | P97: =IF(F97="","",ROUND(F97*M97,2)) | Q97: =IF(G97="","",ROUND(G97*M97,2)) | R97: =IF(H97="","",ROUND(H97*M97,2)) | S97: =IF(I97="","",ROUND(I97*M97,2)) | T97: =IF(J97="","",ROUND(J97*M97,2)) | U97: =IF(K97="","",ROUND(K97*M97,2)) | V97: =IF(N97="","",SUM(O97:U97)) -> 4118.98 | W97: =IF(N97="","",N97-V97) -> 0
A98: 001.004.004.002. . . | B98: Alvenaria bloco cerâmico vedação, 9x19x24cm, e=9cm, com argamassa t5 - 1:2:8 (cimento/cal/areia), junta=1cm - Rev.09 | C98: m2 | D98: 41.36 | E98: 15.3 | L98: =IF(D98="","",SUM(E98:K98)) -> 15.3 | M98: 46.17 | N98: =IF(L98="","",ROUND(D98*M98,2)) -> 1909.59 | O98: =IF(E98="","",ROUND(E98*M98,2)) -> 706.4 | P98: =IF(F98="","",ROUND(F98*M98,2)) | Q98: =IF(G98="","",ROUND(G98*M98,2)) | R98: =IF(H98="","",ROUND(H98*M98,2)) | S98: =IF(I98="","",ROUND(I98*M98,2)) | T98: =IF(J98="","",ROUND(J98*M98,2)) | U98: =IF(K98="","",ROUND(K98*M98,2)) | V98: =IF(N98="","",SUM(O98:U98)) -> 706.4 | W98: =IF(N98="","",N98-V98) -> 1203.19
A99: 001.004.004.003. . . | B99: Chapisco em parede com argamassa traço t1 - 1:3 (cimento / areia) - Revisado 08/2015 | C99: m2 | D99: 14.4 | E99: 14.4 | L99: =IF(D99="","",SUM(E99:K99)) -> 14.4 | M99: 6.45 | N99: =IF(L99="","",ROUND(D99*M99,2)) -> 92.88 | O99: =IF(E99="","",ROUND(E99*M99,2)) -> 92.88 | P99: =IF(F99="","",ROUND(F99*M99,2)) | Q99: =IF(G99="","",ROUND(G99*M99,2)) | R99: =IF(H99="","",ROUND(H99*M99,2)) | S99: =IF(I99="","",ROUND(I99*M99,2)) | T99: =IF(J99="","",ROUND(J99*M99,2)) | U99: =IF(K99="","",ROUND(K99*M99,2)) | V99: =IF(N99="","",SUM(O99:U99)) -> 92.88 | W99: =IF(N99="","",N99-V99) -> 0
A100: 001.004.004.004. . . | B100: Reboco ou emboço interno, de parede, com argamassa traço t6 - 1:2:10 (cimento / cal / areia), espessura 1,5 cm | C100: m2 | D100: 1.21 | E100: 1.21 | L100: =IF(D100="","",SUM(E100:K100)) -> 1.21 | M100: 30.03 | N100: =IF(L100="","",ROUND(D100*M100,2)) -> 36.34 | O100: =IF(E100="","",ROUND(E100*M100,2)) -> 36.34 | P100: =IF(F100="","",ROUND(F100*M100,2)) | Q100: =IF(G100="","",ROUND(G100*M100,2)) | R100: =IF(H100="","",ROUND(H100*M100,2)) | S100: =IF(I100="","",ROUND(I100*M100,2)) | T100: =IF(J100="","",ROUND(J100*M100,2)) | U100: =IF(K100="","",ROUND(K100*M100,2)) | V100: =IF(N100="","",SUM(O100:U100)) -> 36.34 | W100: =IF(N100="","",N100-V100) -> 0
...

Sheet BMs_Cronograma
A1: COMPLEMENTAÇÃO DA CONSTRUÇÃO DE BARRAGEM DE CAPTAÇÃO NO RIACHO GUARAREMA E DAS ESTAÇÕES ELEVATÓRIAS DE ÁGUA BRUTA 01 E 02, NO MUNICÍPIO DE SANTA LUZIA DO ITANHY, ESTADO DE SERGIPE. | D1: BM’S PREVISTOS – CRONOGRAMA | M1: CONTRATO Nº: | N1: =#REF! -> #REF! | W1: GERAL
M2: DATA CONTR. | N2: =#REF! -> #REF!
M3: INICIO: | N3: =#REF! -> #REF! | O3: =#REF! -> #REF!
A4: ITEM | B4: DESCRIÇÃO | C4: UN | D4: Quantidades | N4: Valores ( R$ ) | X4: % med acum
D5: Contratada atualizada | E5: BM01 | F5: BM02 | G5: BM03 | H5: BM04 | I5: BM05 | J5: BM06 | K5: BM07 | L5: QNT ACUM MED | M5: Preço Unitário (R$) | N5: Contratada atualizada | O5: BM01 | P5: BM02 | Q5: BM03 | R5: BM04 | S5: BM05 | T5: BM06 | U5: BM07 | V5: Acumulada Atual | W5: Saldo à Medir
A6: . | B6: GERAL | N6: =SUM(N8:N260) -> 2005906.2 | O6: =SUM(O7,O154) -> 551737.36 | P6: =SUM(P7,P154) -> 360158.36 | Q6: =SUM(Q7,Q154) -> 380308.16 | R6: =SUM(R7,R154) -> 299997.25 | S6: =SUM(S7,S154) -> 278867.19 | T6: =SUM(T7,T154) -> 134837.85 | U6: =SUM(U8:U260) -> 0 | V6: =SUM(V8:V260) -> 2005906.2 | W6: =SUM(W8:W260) -> 2.8137492e-12 | X6: =V6/N6 -> 1
A7: 001. . . . . . | B7: SERVIÇOS | O7: =SUM(O10:O153) -> 347954.29 | P7: =SUM(P10:P153) -> 326340.23 | Q7: =SUM(Q10:Q153) -> 350958.98 | R7: =SUM(R10:R153) -> 184952.63 | S7: =SUM(S10:S153) -> 148632.86 | T7: =SUM(T10:T153) -> 102341.35 | U7: =SUM(U10:U153) -> 0
A8: 001.001. . . . . | B8: INSTALAÇÃO E MANUTENÇÃO DO CANTEIRO DE OBRAS
A9: 001.001.001. . . . | B9: CANTEIRO DE OBRA
A10: 001.001.001.001. . . | B10: Locação de container - Escritório com banheiro - 6,20 x 2,20m | C10: mês | D10: 6 | E10: =$D$10*0.165 -> 0.99 | F10: =$D$10*0.165 -> 0.99 | G10: =$D$10*0.165 -> 0.99 | H10: =$D$10*0.165 -> 0.99 | I10: =$D$10*0.165 -> 0.99 | J10: 1.05001 | L10: =IF(D10="","",SUM(E10:K10)) -> 6.00001 | M10: 1480.68 | N10: =IF(L10="","",ROUND(D10*M10,2)) -> 8884.08 | O10: =IF(E10="","",ROUND(E10*M10,2)) -> 1465.87 | P10: =IF(F10="","",ROUND(F10*M10,2)) -> 1465.87 | Q10: =IF(G10="","",ROUND(G10*M10,2)) -> 1465.87 | R10: =IF(H10="","",ROUND(H10*M10,2)) -> 1465.87 | S10: =IF(I10="","",ROUND(I10*M10,2)) -> 1465.87 | T10: =IF(J10="","",ROUND(J10*M10,2)) -> 1554.73 | U10: =IF(K10="","",ROUND(K10*M10,2)) | V10: =IF(N10="","",SUM(O10:U10)) -> 8884.08 | W10: =IF(N10="","",N10-V10) -> 0
A11: 001.001.001.002. . . | B11: Conjunto de tenda plástica com 3 mesas, 12 cadeiras e 3 garrafas térmicas | C11: un | D11: 1 | E11: =$D$11*0.165 -> 0.165 | F11: =$D$11*0.165 -> 0.165 | G11: =$D$11*0.165 -> 0.165 | H11: =$D$11*0.165 -> 0.165 | I11: =$D$11*0.165 -> 0.165 | J11: 0.17502 | L11: =IF(D11="","",SUM(E11:K11)) -> 1.00002 | M11: 1214.45 | N11: =IF(L11="","",ROUND(D11*M11,2)) -> 1214.45 | O11: =IF(E11="","",ROUND(E11*M11,2)) -> 200.38 | P11: =IF(F11="","",ROUND(F11*M11,2)) -> 200.38 | Q11: =IF(G11="","",ROUND(G11*M11,2)) -> 200.38 | R11: =IF(H11="","",ROUND(H11*M11,2)) -> 200.38 | S11: =IF(I11="","",ROUND(I11*M11,2)) -> 200.38 | T11: =IF(J11="","",ROUND(J11*M11,2)) -> 212.55 | U11: =IF(K11="","",ROUND(K11*M11,2)) | V11: =IF(N11="","",SUM(O11:U11)) -> 1214.45 | W11: =IF(N11="","",N11-V11) -> 0
A12: 001.001.001.003. . . | B12: Demolição de Barracão de Obra | C12: m2 | D12: 100 | J12: 100 | L12: =IF(D12="","",SUM(E12:K12)) -> 100 | M12: 5.7 | N12: =IF(L12="","",ROUND(D12*M12,2)) -> 570 | O12: =IF(E12="","",ROUND(E12*M12,2)) | P12: =IF(F12="","",ROUND(F12*M12,2)) | Q12: =IF(G12="","",ROUND(G12*M12,2)) | R12: =IF(H12="","",ROUND(H12*M12,2)) | S12: =IF(I12="","",ROUND(I12*M12,2)) | T12: =IF(J12="","",ROUND(J12*M12,2)) -> 570 | U12: =IF(K12="","",ROUND(K12*M12,2)) | V12: =IF(N12="","",SUM(O12:U12)) -> 570 | W12: =IF(N12="","",N12-V12) -> 0
A13: 001.001.001.004. . . | B13: Placa de obra em chapa aço galvanizado, instalada | C13: m2 | D13: 6 | E13: 6 | L13: =IF(D13="","",SUM(E13:K13)) -> 6 | M13: 453.32 | N13: =IF(L13="","",ROUND(D13*M13,2)) -> 2719.92 | O13: =IF(E13="","",ROUND(E13*M13,2)) -> 2719.92 | P13: =IF(F13="","",ROUND(F13*M13,2)) | Q13: =IF(G13="","",ROUND(G13*M13,2)) | R13: =IF(H13="","",ROUND(H13*M13,2)) | S13: =IF(I13="","",ROUND(I13*M13,2)) | T13: =IF(J13="","",ROUND(J13*M13,2)) | U13: =IF(K13="","",ROUND(K13*M13,2)) | V13: =IF(N13="","",SUM(O13:U13)) -> 2719.92 | W13: =IF(N13="","",N13-V13) -> 0
A14: 001.001.001.005. . . | B14: Barracão aberto para apoio à produção (carpintaria, central de armação, oficina, etc.) c/ tesouras, telha 4mm, piso em concreto desempolado | C14: m2 | D14: 50 | E14: =$D$14*0.165 -> 8.25 | F14: =$D$14*0.165 -> 8.25 | G14: =$D$14*0.165 -> 8.25 | H14: =$D$14*0.165 -> 8.25 | I14: =$D$14*0.165 -> 8.25 | J14: 8.75005 | L14: =IF(D14="","",SUM(E14:K14)) -> 50.00005 | M14: 210.21 | N14: =IF(L14="","",ROUND(D14*M14,2)) -> 10510.5 | O14: =IF(E14="","",ROUND(E14*M14,2)) -> 1734.23 | P14: =IF(F14="","",ROUND(F14*M14,2)) -> 1734.23 | Q14: =IF(G14="","",ROUND(G14*M14,2)) -> 1734.23 | R14: =IF(H14="","",ROUND(H14*M14,2)) -> 1734.23 | S14: =IF(I14="","",ROUND(I14*M14,2)) -> 1734.23 | T14: =IF(J14="","",ROUND(J14*M14,2)) -> 1839.35 | U14: =IF(K14="","",ROUND(K14*M14,2)) | V14: =IF(N14="","",SUM(O14:U14)) -> 10510.5 | W14: =IF(N14="","",N14-V14) -> 0
A15: 001.001.002. . . . | B15: MANUTENÇÃO DO CANTEIRO | L15: =IF(D15="","",SUM(E15:K15)) | N15: =IF(L15="","",ROUND(D15*M15,2)) | O15: =IF(E15="","",ROUND(E15*M15,2)) | P15: =IF(F15="","",ROUND(F15*M15,2)) | Q15: =IF(G15="","",ROUND(G15*M15,2)) | R15: =IF(H15="","",ROUND(H15*M15,2)) | S15: =IF(I15="","",ROUND(I15*M15,2)) | T15: =IF(J15="","",ROUND(J15*M15,2)) | U15: =IF(K15="","",ROUND(K15*M15,2)) | V15: =IF(N15="","",SUM(O15:U15)) | W15: =IF(N15="","",N15-V15)
A16: 001.001.002.001. . . | B16: Água - dispêndio mensal | C16: mês | D16: 6 | E16: =$D$16*0.165 -> 0.99 | F16: =$D$16*0.165 -> 0.99 | G16: =$D$16*0.165 -> 0.99 | H16: =$D$16*0.165 -> 0.99 | I16: =$D$16*0.165 -> 0.99 | J16: 1.04997 | L16: =IF(D16="","",SUM(E16:K16)) -> 5.99997 | M16: 487.38 | N16: =IF(L16="","",ROUND(D16*M16,2)) -> 2924.28 | O16: =IF(E16="","",ROUND(E16*M16,2)) -> 482.51 | P16: =IF(F16="","",ROUND(F16*M16,2)) -> 482.51 | Q16: =IF(G16="","",ROUND(G16*M16,2)) -> 482.51 | R16: =IF(H16="","",ROUND(H16*M16,2)) -> 482.51 | S16: =IF(I16="","",ROUND(I16*M16,2)) -> 482.51 | T16: =IF(J16="","",ROUND(J16*M16,2)) -> 511.73 | U16: =IF(K16="","",ROUND(K16*M16,2)) | V16: =IF(N16="","",SUM(O16:U16)) -> 2924.28 | W16: =IF(N16="","",N16-V16) -> 0
A17: 001.001.002.002. . . | B17: Consumo de energia elétrica | C17: mês | D17: 6 | E17: =$D$17*0.165 -> 0.99 | F17: =$D$17*0.165 -> 0.99 | G17: =$D$17*0.165 -> 0.99 | H17: =$D$17*0.165 -> 0.99 | I17: =$D$17*0.165 -> 0.99 | J17: 1.04999 | L17: =IF(D17="","",SUM(E17:K17)) -> 5.99999 | M17: 222.1 | N17: =IF(L17="","",ROUND(D17*M17,2)) -> 1332.6 | O17: =IF(E17="","",ROUND(E17*M17,2)) -> 219.88 | P17: =IF(F17="","",ROUND(F17*M17,2)) -> 219.88 | Q17: =IF(G17="","",ROUND(G17*M17,2)) -> 219.88 | R17: =IF(H17="","",ROUND(H17*M17,2)) -> 219.88 | S17: =IF(I17="","",ROUND(I17*M17,2)) -> 219.88 | T17: =IF(J17="","",ROUND(J17*M17,2)) -> 233.2 | U17: =IF(K17="","",ROUND(K17*M17,2)) | V17: =IF(N17="","",SUM(O17:U17)) -> 1332.6 | W17: =IF(N17="","",N17-V17) -> -2.2737368e-13
A18: 001.001.002.003. . . | B18: Material de limpeza | C18: mês | D18: 6 | E18: =$D$18*0.165 -> 0.99 | F18: =$D$18*0.165 -> 0.99 | G18: =$D$18*0.165 -> 0.99 | H18: =$D$18*0.165 -> 0.99 | I18: =$D$18*0.165 -> 0.99 | J18: 1.05007 | L18: =IF(D18="","",SUM(E18:K18)) -> 6.00007 | M18: 140.85 | N18: =IF(L18="","",ROUND(D18*M18,2)) -> 845.1 | O18: =IF(E18="","",ROUND(E18*M18,2)) -> 139.44 | P18: =IF(F18="","",ROUND(F18*M18,2)) -> 139.44 | Q18: =IF(G18="","",ROUND(G18*M18,2)) -> 139.44 | R18: =IF(H18="","",ROUND(H18*M18,2)) -> 139.44 | S18: =IF(I18="","",ROUND(I18*M18,2)) -> 139.44 | T18: =IF(J18="","",ROUND(J18*M18,2)) -> 147.9 | U18: =IF(K18="","",ROUND(K18*M18,2)) | V18: =IF(N18="","",SUM(O18:U18)) -> 845.1 | W18: =IF(N18="","",N18-V18) -> 0
A19: 001.001.002.004. . . | B19: Transportes de máquinas e equipamentos por caminhão munck | C19: km | D19: 400 | E19: 200 | J19: 200 | L19: =IF(D19="","",SUM(E19:K19)) -> 400 | M19: 12.34 | N19: =IF(L19="","",ROUND(D19*M19,2)) -> 4936 | O19: =IF(E19="","",ROUND(E19*M19,2)) -> 2468 | P19: =IF(F19="","",ROUND(F19*M19,2)) | Q19: =IF(G19="","",ROUND(G19*M19,2)) | R19: =IF(H19="","",ROUND(H19*M19,2)) | S19: =IF(I19="","",ROUND(I19*M19,2)) | T19: =IF(J19="","",ROUND(J19*M19,2)) -> 2468 | U19: =IF(K19="","",ROUND(K19*M19,2)) | V19: =IF(N19="","",SUM(O19:U19)) -> 4936 | W19: =IF(N19="","",N19-V19) -> 0
A20: 001.001.002.005. . . | B20: Transporte de máquinas e equipamentos por prancha rebaixada | C20: km | D20: 300 | E20: 150 | J20: 150 | L20: =IF(D20="","",SUM(E20:K20)) -> 300 | M20: 12.34 | N20: =IF(L20="","",ROUND(D20*M20,2)) -> 3702 | O20: =IF(E20="","",ROUND(E20*M20,2)) -> 1851 | P20: =IF(F20="","",ROUND(F20*M20,2)) | Q20: =IF(G20="","",ROUND(G20*M20,2)) | R20: =IF(H20="","",ROUND(H20*M20,2)) | S20: =IF(I20="","",ROUND(I20*M20,2)) | T20: =IF(J20="","",ROUND(J20*M20,2)) -> 1851 | U20: =IF(K20="","",ROUND(K20*M20,2)) | V20: =IF(N20="","",SUM(O20:U20)) -> 3702 | W20: =IF(N20="","",N20-V20) -> 0
A21: 001.002. . . . . | B21: ADMINISTRAÇÃO LOCAL DE OBRA | L21: =IF(D21="","",SUM(E21:K21)) | N21: =IF(L21="","",ROUND(D21*M21,2)) | O21: =IF(E21="","",ROUND(E21*M21,2)) | P21: =IF(F21="","",ROUND(F21*M21,2)) | Q21: =IF(G21="","",ROUND(G21*M21,2)) | R21: =IF(H21="","",ROUND(H21*M21,2)) | S21: =IF(I21="","",ROUND(I21*M21,2)) | T21: =IF(J21="","",ROUND(J21*M21,2)) | U21: =IF(K21="","",ROUND(K21*M21,2)) | V21: =IF(N21="","",SUM(O21:U21)) | W21: =IF(N21="","",N21-V21)
A22: 001.002.001. . . . | B22: ADMINISTRAÇÃO LOCAL | L22: =IF(D22="","",SUM(E22:K22)) | N22: =IF(L22="","",ROUND(D22*M22,2)) | O22: =IF(E22="","",ROUND(E22*M22,2)) | P22: =IF(F22="","",ROUND(F22*M22,2)) | Q22: =IF(G22="","",ROUND(G22*M22,2)) | R22: =IF(H22="","",ROUND(H22*M22,2)) | S22: =IF(I22="","",ROUND(I22*M22,2)) | T22: =IF(J22="","",ROUND(J22*M22,2)) | U22: =IF(K22="","",ROUND(K22*M22,2)) | V22: =IF(N22="","",SUM(O22:U22)) | W22: =IF(N22="","",N22-V22)
A23: 001.002.001.001. . . | B23: Engenheiro civil de obra pleno com encargos complementares | C23: h | D23: 640 | E23: =$D$23*0.165 -> 105.6 | F23: =$D$23*0.165 -> 105.6 | G23: =$D$23*0.165 -> 105.6 | H23: =$D$23*0.165 -> 105.6 | I23: =$D$23*0.165 -> 105.6 | J23: =$D$23*0.175 -> 112 | L23: =IF(D23="","",SUM(E23:K23)) -> 640 | M23: 106.99 | N23: =IF(L23="","",ROUND(D23*M23,2)) -> 68473.6 | O23: =IF(E23="","",ROUND(E23*M23,2)) -> 11298.14 | P23: =IF(F23="","",ROUND(F23*M23,2)) -> 11298.14 | Q23: =IF(G23="","",ROUND(G23*M23,2)) -> 11298.14 | R23: =IF(H23="","",ROUND(H23*M23,2)) -> 11298.14 | S23: =IF(I23="","",ROUND(I23*M23,2)) -> 11298.14 | T23: =IF(J23="","",ROUND(J23*M23,2)) -> 11982.88 | U23: =IF(K23="","",ROUND(K23*M23,2)) | V23: =IF(N23="","",SUM(O23:U23)) -> 68473.58 | W23: =IF(N23="","",N23-V23) -> 0.02
A24: 001.002.001.002. . . | B24: Encarregado geral com encargos complementares | C24: h | D24: 1056 | E24: =$D$24*0.165 -> 174.24 | F24: =$D$24*0.165 -> 174.24 | G24: =$D$24*0.165 -> 174.24 | H24: =$D$24*0.165 -> 174.24 | I24: =$D$24*0.165 -> 174.24 | J24: =$D$24*0.1750001 -> 184.80011 | L24: =IF(D24="","",SUM(E24:K24)) -> 1056.0001 | M24: 28.63 | N24: =IF(L24="","",ROUND(D24*M24,2)) -> 30233.28 | O24: =IF(E24="","",ROUND(E24*M24,2)) -> 4988.49 | P24: =IF(F24="","",ROUND(F24*M24,2)) -> 4988.49 | Q24: =IF(G24="","",ROUND(G24*M24,2)) -> 4988.49 | R24: =IF(H24="","",ROUND(H24*M24,2)) -> 4988.49 | S24: =IF(I24="","",ROUND(I24*M24,2)) -> 4988.49 | T24: =IF(J24="","",ROUND(J24*M24,2)) -> 5290.83 | U24: =IF(K24="","",ROUND(K24*M24,2)) | V24: =IF(N24="","",SUM(O24:U24)) -> 30233.28 | W24: =IF(N24="","",N24-V24) -> 0
A25: 001.003. . . . . | B25: ESTAÇÃO ELEVATÓRIA DE ÁGUA BRUTA 01 – EEAB1 | L25: =IF(D25="","",SUM(E25:K25)) | N25: =IF(L25="","",ROUND(D25*M25,2)) | O25: =IF(E25="","",ROUND(E25*M25,2)) | P25: =IF(F25="","",ROUND(F25*M25,2)) | Q25: =IF(G25="","",ROUND(G25*M25,2)) | R25: =IF(H25="","",ROUND(H25*M25,2)) | S25: =IF(I25="","",ROUND(I25*M25,2)) | T25: =IF(J25="","",ROUND(J25*M25,2)) | U25: =IF(K25="","",ROUND(K25*M25,2)) | V25: =IF(N25="","",SUM(O25:U25)) | W25: =IF(N25="","",N25-V25)
A26: 001.003.001. . . . | B26: SERVIÇOS PRELIMINARES | L26: =IF(D26="","",SUM(E26:K26)) | N26: =IF(L26="","",ROUND(D26*M26,2)) | O26: =IF(E26="","",ROUND(E26*M26,2)) | P26: =IF(F26="","",ROUND(F26*M26,2)) | Q26: =IF(G26="","",ROUND(G26*M26,2)) | R26: =IF(H26="","",ROUND(H26*M26,2)) | S26: =IF(I26="","",ROUND(I26*M26,2)) | T26: =IF(J26="","",ROUND(J26*M26,2)) | U26: =IF(K26="","",ROUND(K26*M26,2)) | V26: =IF(N26="","",SUM(O26:U26)) | W26: =IF(N26="","",N26-V26)
A27: 001.003.001.001. . . | B27: Locação de construção de edificação entre 200 e 1000 m2, inclusive execução de gabarito de madeira | C27: m2 | D27: 19.29 | E27: =D27*0.5 -> 9.645 | F27: =E27 -> 9.645 | L27: =IF(D27="","",SUM(E27:K27)) -> 19.29 | M27: 7.92 | N27: =IF(L27="","",ROUND(D27*M27,2)) -> 152.78 | O27: =IF(E27="","",ROUND(E27*M27,2)) -> 76.39 | P27: =IF(F27="","",ROUND(F27*M27,2)) -> 76.39 | Q27: =IF(G27="","",ROUND(G27*M27,2)) | R27: =IF(H27="","",ROUND(H27*M27,2)) | S27: =IF(I27="","",ROUND(I27*M27,2)) | T27: =IF(J27="","",ROUND(J27*M27,2)) | U27: =IF(K27="","",ROUND(K27*M27,2)) | V27: =IF(N27="","",SUM(O27:U27)) -> 152.78 | W27: =IF(N27="","",N27-V27) -> 0
A28: 001.003.001.002. . . | B28: Limpeza mecanizada do terreno c/ trator esteira (vegetação rasteira) inclusive carga e transporte - dmt até 1 km | C28: m2 | D28: 61.21 | E28: 61.21 | L28: =IF(D28="","",SUM(E28:K28)) -> 61.21 | M28: 7.76 | N28: =IF(L28="","",ROUND(D28*M28,2)) -> 474.99 | O28: =IF(E28="","",ROUND(E28*M28,2)) -> 474.99 | P28: =IF(F28="","",ROUND(F28*M28,2)) | Q28: =IF(G28="","",ROUND(G28*M28,2)) | R28: =IF(H28="","",ROUND(H28*M28,2)) | S28: =IF(I28="","",ROUND(I28*M28,2)) | T28: =IF(J28="","",ROUND(J28*M28,2)) | U28: =IF(K28="","",ROUND(K28*M28,2)) | V28: =IF(N28="","",SUM(O28:U28)) -> 474.99 | W28: =IF(N28="","",N28-V28) -> 0
A29: 001.003.001.003. . . | B29: Limpeza manual de terreno com vegetação rasteira, incluindo roçagem e queima | C29: m2 | D29: 3.8 | E29: 3.8 | L29: =IF(D29="","",SUM(E29:K29)) -> 3.8 | M29: 4.29 | N29: =IF(L29="","",ROUND(D29*M29,2)) -> 16.3 | O29: =IF(E29="","",ROUND(E29*M29,2)) -> 16.3 | P29: =IF(F29="","",ROUND(F29*M29,2)) | Q29: =IF(G29="","",ROUND(G29*M29,2)) | R29: =IF(H29="","",ROUND(H29*M29,2)) | S29: =IF(I29="","",ROUND(I29*M29,2)) | T29: =IF(J29="","",ROUND(J29*M29,2)) | U29: =IF(K29="","",ROUND(K29*M29,2)) | V29: =IF(N29="","",SUM(O29:U29)) -> 16.3 | W29: =IF(N29="","",N29-V29) -> 0
A30: 001.003.001.004. . . | B30: Regularização Manual | C30: m2 | D30: 309.6 | E30: 309.6 | L30: =IF(D30="","",SUM(E30:K30)) -> 309.6 | M30: 5.16 | N30: =IF(L30="","",ROUND(D30*M30,2)) -> 1597.54 | O30: =IF(E30="","",ROUND(E30*M30,2)) -> 1597.54 | P30: =IF(F30="","",ROUND(F30*M30,2)) | Q30: =IF(G30="","",ROUND(G30*M30,2)) | R30: =IF(H30="","",ROUND(H30*M30,2)) | S30: =IF(I30="","",ROUND(I30*M30,2)) | T30: =IF(J30="","",ROUND(J30*M30,2)) | U30: =IF(K30="","",ROUND(K30*M30,2)) | V30: =IF(N30="","",SUM(O30:U30)) -> 1597.54 | W30: =IF(N30="","",N30-V30) -> 0
A31: 001.003.001.005. . . | B31: Cascalho (piçarra branca) aplicado | C31: m3 | D31: 16.44 | E31: =D31*0.3 -> 4.932 | F31: =D31*0.3 -> 4.932 | G31: =D31*0.4 -> 6.576 | L31: =IF(D31="","",SUM(E31:K31)) -> 16.44 | M31: 125.76 | N31: =IF(L31="","",ROUND(D31*M31,2)) -> 2067.49 | O31: =IF(E31="","",ROUND(E31*M31,2)) -> 620.25 | P31: =IF(F31="","",ROUND(F31*M31,2)) -> 620.25 | Q31: =IF(G31="","",ROUND(G31*M31,2)) -> 827 | R31: =IF(H31="","",ROUND(H31*M31,2)) | S31: =IF(I31="","",ROUND(I31*M31,2)) | T31: =IF(J31="","",ROUND(J31*M31,2)) | U31: =IF(K31="","",ROUND(K31*M31,2)) | V31: =IF(N31="","",SUM(O31:U31)) -> 2067.5 | W31: =IF(N31="","",N31-V31) -> -0.01
A32: 001.003.001.006. . . | B32: Grama esmeralda em mudas, fornecimento e plantio | C32: m2 | D32: 258.8 | J32: 258.8 | L32: =IF(D32="","",SUM(E32:K32)) -> 258.8 | M32: 24.46 | N32: =IF(L32="","",ROUND(D32*M32,2)) -> 6330.25 | O32: =IF(E32="","",ROUND(E32*M32,2)) | P32: =IF(F32="","",ROUND(F32*M32,2)) | Q32: =IF(G32="","",ROUND(G32*M32,2)) | R32: =IF(H32="","",ROUND(H32*M32,2)) | S32: =IF(I32="","",ROUND(I32*M32,2)) | T32: =IF(J32="","",ROUND(J32*M32,2)) -> 6330.25 | U32: =IF(K32="","",ROUND(K32*M32,2)) | V32: =IF(N32="","",SUM(O32:U32)) -> 6330.25 | W32: =IF(N32="","",N32-V32) -> 0
A33: 001.003.001.007. . . | B33: Passeio em concreto simples c/ cimentado e=5cm | C33: m2 | D33: 71.34 | G33: =D33*0.5 -> 35.67 | H33: =G33 -> 35.67 | L33: =IF(D33="","",SUM(E33:K33)) -> 71.34 | M33: 36.23 | N33: =IF(L33="","",ROUND(D33*M33,2)) -> 2584.65 | O33: =IF(E33="","",ROUND(E33*M33,2)) | P33: =IF(F33="","",ROUND(F33*M33,2)) | Q33: =IF(G33="","",ROUND(G33*M33,2)) -> 1292.32 | R33: =IF(H33="","",ROUND(H33*M33,2)) -> 1292.32 | S33: =IF(I33="","",ROUND(I33*M33,2)) | T33: =IF(J33="","",ROUND(J33*M33,2)) | U33: =IF(K33="","",ROUND(K33*M33,2)) | V33: =IF(N33="","",SUM(O33:U33)) -> 2584.64 | W33: =IF(N33="","",N33-V33) -> 0.01
A34: 001.003.001.008. . . | B34: Pavimentação em paralelepípedo granítico sobre colchão de areia, rejuntado com argamassa de cimento e areia traço 1:3, inclusive frete do paralelepípedo granítico | C34: m2 | D34: 201.55 | F34: =D34*0.3 -> 60.465 | G34: =D34*0.5 -> 100.775 | H34: =D34*0.2 -> 40.31 | L34: =IF(D34="","",SUM(E34:K34)) -> 201.55 | M34: 80.89 | N34: =IF(L34="","",ROUND(D34*M34,2)) -> 16303.38 | O34: =IF(E34="","",ROUND(E34*M34,2)) | P34: =IF(F34="","",ROUND(F34*M34,2)) -> 4891.01 | Q34: =IF(G34="","",ROUND(G34*M34,2)) -> 8151.69 | R34: =IF(H34="","",ROUND(H34*M34,2)) -> 3260.68 | S34: =IF(I34="","",ROUND(I34*M34,2)) | T34: =IF(J34="","",ROUND(J34*M34,2)) | U34: =IF(K34="","",ROUND(K34*M34,2)) | V34: =IF(N34="","",SUM(O34:U34)) -> 16303.38 | W34: =IF(N34="","",N34-V34) -> -1.8189894e-12
A35: 001.003.001.009. . . | B35: Meio-fio de concreto simples, sobre base de concreto simples e rejuntado com argamassa de cimento e areia traço 1:3 | C35: m | D35: 52.5 | F35: =D35*0.5 -> 26.25 | G35: =F35 -> 26.25 | L35: =IF(D35="","",SUM(E35:K35)) -> 52.5 | M35: 29.96 | N35: =IF(L35="","",ROUND(D35*M35,2)) -> 1572.9 | O35: =IF(E35="","",ROUND(E35*M35,2)) | P35: =IF(F35="","",ROUND(F35*M35,2)) -> 786.45 | Q35: =IF(G35="","",ROUND(G35*M35,2)) -> 786.45 | R35: =IF(H35="","",ROUND(H35*M35,2)) | S35: =IF(I35="","",ROUND(I35*M35,2)) | T35: =IF(J35="","",ROUND(J35*M35,2)) | U35: =IF(K35="","",ROUND(K35*M35,2)) | V35: =IF(N35="","",SUM(O35:U35)) -> 1572.9 | W35: =IF(N35="","",N35-V35) -> 0
A36: 001.003.001.010. . . | B36: Calha meio-tubo de concreto simples d=600mm p/agua pluvial | C36: m | D36: 45.8 | I36: 45.8 | L36: =IF(D36="","",SUM(E36:K36)) -> 45.8 | M36: 72.87 | N36: =IF(L36="","",ROUND(D36*M36,2)) -> 3337.45 | O36: =IF(E36="","",ROUND(E36*M36,2)) | P36: =IF(F36="","",ROUND(F36*M36,2)) | Q36: =IF(G36="","",ROUND(G36*M36,2)) | R36: =IF(H36="","",ROUND(H36*M36,2)) | S36: =IF(I36="","",ROUND(I36*M36,2)) -> 3337.45 | T36: =IF(J36="","",ROUND(J36*M36,2)) | U36: =IF(K36="","",ROUND(K36*M36,2)) | V36: =IF(N36="","",SUM(O36:U36)) -> 3337.45 | W36: =IF(N36="","",N36-V36) -> 0
A37: 001.003.002. . . . | B37: MOVIMENTO DE TERRA E ROCHA | L37: =IF(D37="","",SUM(E37:K37)) | N37: =IF(L37="","",ROUND(D37*M37,2)) | O37: =IF(E37="","",ROUND(E37*M37,2)) | P37: =IF(F37="","",ROUND(F37*M37,2)) | Q37: =IF(G37="","",ROUND(G37*M37,2)) | R37: =IF(H37="","",ROUND(H37*M37,2)) | S37: =IF(I37="","",ROUND(I37*M37,2)) | T37: =IF(J37="","",ROUND(J37*M37,2)) | U37: =IF(K37="","",ROUND(K37*M37,2)) | V37: =IF(N37="","",SUM(O37:U37)) | W37: =IF(N37="","",N37-V37)
A38: 001.003.002.001. . . | B38: Reaterro manual de valas ou áreas, com espalhamento e compactação, utilizando compactador à percussão sapinho, sem controle do grau de compactação | C38: m3 | D38: 2.49 | E38: =D38*0.3 -> 0.747 | F38: =E38 -> 0.747 | G38: =D38*0.4 -> 0.996 | L38: =IF(D38="","",SUM(E38:K38)) -> 2.49 | M38: 16.61 | N38: =IF(L38="","",ROUND(D38*M38,2)) -> 41.36 | O38: =IF(E38="","",ROUND(E38*M38,2)) -> 12.41 | P38: =IF(F38="","",ROUND(F38*M38,2)) -> 12.41 | Q38: =IF(G38="","",ROUND(G38*M38,2)) -> 16.54 | R38: =IF(H38="","",ROUND(H38*M38,2)) | S38: =IF(I38="","",ROUND(I38*M38,2)) | T38: =IF(J38="","",ROUND(J38*M38,2)) | U38: =IF(K38="","",ROUND(K38*M38,2)) | V38: =IF(N38="","",SUM(O38:U38)) -> 41.36 | W38: =IF(N38="","",N38-V38) -> 0
A39: 001.003.003. . . . | B39: TRANSPORTE DE SOLO, ROCHA E AGREGADOS | L39: =IF(D39="","",SUM(E39:K39)) | N39: =IF(L39="","",ROUND(D39*M39,2)) | O39: =IF(E39="","",ROUND(E39*M39,2)) | P39: =IF(F39="","",ROUND(F39*M39,2)) | Q39: =IF(G39="","",ROUND(G39*M39,2)) | R39: =IF(H39="","",ROUND(H39*M39,2)) | S39: =IF(I39="","",ROUND(I39*M39,2)) | T39: =IF(J39="","",ROUND(J39*M39,2)) | U39: =IF(K39="","",ROUND(K39*M39,2)) | V39: =IF(N39="","",SUM(O39:U39)) | W39: =IF(N39="","",N39-V39)
A40: 001.003.003.001. . . | B40: Transporte comercial com caminhão basculante de 10m³, em rodovia não pavimentada (densidade=1,5t/m³) | C40: tkm | D40: 210.31 | E40: =D40*0.3 -> 63.093 | F40: =E40 -> 63.093 | G40: =D40*0.4 -> 84.124 | L40: =IF(D40="","",SUM(E40:K40)) -> 210.31 | M40: 1.64 | N40: =IF(L40="","",ROUND(D40*M40,2)) -> 344.91 | O40: =IF(E40="","",ROUND(E40*M40,2)) -> 103.47 | P40: =IF(F40="","",ROUND(F40*M40,2)) -> 103.47 | Q40: =IF(G40="","",ROUND(G40*M40,2)) -> 137.96 | R40: =IF(H40="","",ROUND(H40*M40,2)) | S40: =IF(I40="","",ROUND(I40*M40,2)) | T40: =IF(J40="","",ROUND(J40*M40,2)) | U40: =IF(K40="","",ROUND(K40*M40,2)) | V40: =IF(N40="","",SUM(O40:U40)) -> 344.9 | W40: =IF(N40="","",N40-V40) -> 0.01
A41: 001.003.004. . . . | B41: ESCORAMENTO | L41: =IF(D41="","",SUM(E41:K41)) | N41: =IF(L41="","",ROUND(D41*M41,2)) | O41: =IF(E41="","",ROUND(E41*M41,2)) | P41: =IF(F41="","",ROUND(F41*M41,2)) | Q41: =IF(G41="","",ROUND(G41*M41,2)) | R41: =IF(H41="","",ROUND(H41*M41,2)) | S41: =IF(I41="","",ROUND(I41*M41,2)) | T41: =IF(J41="","",ROUND(J41*M41,2)) | U41: =IF(K41="","",ROUND(K41*M41,2)) | V41: =IF(N41="","",SUM(O41:U41)) | W41: =IF(N41="","",N41-V41)
A42: 001.003.004.001. . . | B42: Escoramento de valas tipo Contínuo Simples | C42: m2 | D42: 153.97 | E42: =D42*0.3 -> 46.191 | F42: =E42 -> 46.191 | G42: =D42*0.4 -> 61.588 | L42: =IF(D42="","",SUM(E42:K42)) -> 153.97 | M42: 53.34 | N42: =IF(L42="","",ROUND(D42*M42,2)) -> 8212.76 | O42: =IF(E42="","",ROUND(E42*M42,2)) -> 2463.83 | P42: =IF(F42="","",ROUND(F42*M42,2)) -> 2463.83 | Q42: =IF(G42="","",ROUND(G42*M42,2)) -> 3285.1 | R42: =IF(H42="","",ROUND(H42*M42,2)) | S42: =IF(I42="","",ROUND(I42*M42,2)) | T42: =IF(J42="","",ROUND(J42*M42,2)) | U42: =IF(K42="","",ROUND(K42*M42,2)) | V42: =IF(N42="","",SUM(O42:U42)) -> 8212.76 | W42: =IF(N42="","",N42-V42) -> 0
A43: 001.003.005. . . . | B43: ESTRUTURAS E FUNDAÇÕES | L43: =IF(D43="","",SUM(E43:K43)) | N43: =IF(L43="","",ROUND(D43*M43,2)) | O43: =IF(E43="","",ROUND(E43*M43,2)) | P43: =IF(F43="","",ROUND(F43*M43,2)) | Q43: =IF(G43="","",ROUND(G43*M43,2)) | R43: =IF(H43="","",ROUND(H43*M43,2)) | S43: =IF(I43="","",ROUND(I43*M43,2)) | T43: =IF(J43="","",ROUND(J43*M43,2)) | U43: =IF(K43="","",ROUND(K43*M43,2)) | V43: =IF(N43="","",SUM(O43:U43)) | W43: =IF(N43="","",N43-V43)
A44: 001.003.005.001. . . | B44: Concreto simples fabricado na obra, fck=10 mpa, lançado e adensado | C44: m3 | D44: 0.39 | G44: 0.39 | L44: =IF(D44="","",SUM(E44:K44)) -> 0.39 | M44: 487.19 | N44: =IF(L44="","",ROUND(D44*M44,2)) -> 190 | O44: =IF(E44="","",ROUND(E44*M44,2)) | P44: =IF(F44="","",ROUND(F44*M44,2)) | Q44: =IF(G44="","",ROUND(G44*M44,2)) -> 190 | R44: =IF(H44="","",ROUND(H44*M44,2)) | S44: =IF(I44="","",ROUND(I44*M44,2)) | T44: =IF(J44="","",ROUND(J44*M44,2)) | U44: =IF(K44="","",ROUND(K44*M44,2)) | V44: =IF(N44="","",SUM(O44:U44)) -> 190 | W44: =IF(N44="","",N44-V44) -> 0
A45: 001.003.005.002. . . | B45: Concreto simples usinado fck=30mpa, bombeado, lançado e adensado em superestrutura | C45: m3 | D45: 0.88 | G45: 0.88 | L45: =IF(D45="","",SUM(E45:K45)) -> 0.88 | M45: 461.1 | N45: =IF(L45="","",ROUND(D45*M45,2)) -> 405.77 | O45: =IF(E45="","",ROUND(E45*M45,2)) | P45: =IF(F45="","",ROUND(F45*M45,2)) | Q45: =IF(G45="","",ROUND(G45*M45,2)) -> 405.77 | R45: =IF(H45="","",ROUND(H45*M45,2)) | S45: =IF(I45="","",ROUND(I45*M45,2)) | T45: =IF(J45="","",ROUND(J45*M45,2)) | U45: =IF(K45="","",ROUND(K45*M45,2)) | V45: =IF(N45="","",SUM(O45:U45)) -> 405.77 | W45: =IF(N45="","",N45-V45) -> 0
A46: 001.003.005.003. . . | B46: Forma plana para blocos sobre estacas, em compensado resinado de 12mm, 05 usos, inclusive escoramento | C46: m2 | D46: 4.54 | G46: 4.54 | L46: =IF(D46="","",SUM(E46:K46)) -> 4.54 | M46: 56.35 | N46: =IF(L46="","",ROUND(D46*M46,2)) -> 255.83 | O46: =IF(E46="","",ROUND(E46*M46,2)) | P46: =IF(F46="","",ROUND(F46*M46,2)) | Q46: =IF(G46="","",ROUND(G46*M46,2)) -> 255.83 | R46: =IF(H46="","",ROUND(H46*M46,2)) | S46: =IF(I46="","",ROUND(I46*M46,2)) | T46: =IF(J46="","",ROUND(J46*M46,2)) | U46: =IF(K46="","",ROUND(K46*M46,2)) | V46: =IF(N46="","",SUM(O46:U46)) -> 255.83 | W46: =IF(N46="","",N46-V46) -> 0
A47: 001.003.005.004. . . | B47: Aço CA - 50 Ø 6,3 a 12,5mm, inclusive corte, dobragem, montagem e colocacao de ferragens nas formas, para superestruturas e fundações - R1 | C47: kg | D47: 89.96 | G47: 89.96 | L47: =IF(D47="","",SUM(E47:K47)) -> 89.96 | M47: 16.08 | N47: =IF(L47="","",ROUND(D47*M47,2)) -> 1446.56 | O47: =IF(E47="","",ROUND(E47*M47,2)) | P47: =IF(F47="","",ROUND(F47*M47,2)) | Q47: =IF(G47="","",ROUND(G47*M47,2)) -> 1446.56 | R47: =IF(H47="","",ROUND(H47*M47,2)) | S47: =IF(I47="","",ROUND(I47*M47,2)) | T47: =IF(J47="","",ROUND(J47*M47,2)) | U47: =IF(K47="","",ROUND(K47*M47,2)) | V47: =IF(N47="","",SUM(O47:U47)) -> 1446.56 | W47: =IF(N47="","",N47-V47) -> 0
A48: 001.003.005.005. . . | B48: Escoramento de fôrmas de laje em madeira não aparelhada, pé-direito duplo, incluso travamento, 4 utilizações. af_09/2020 | C48: m3 | D48: 4.55 | G48: 4.55 | L48: =IF(D48="","",SUM(E48:K48)) -> 4.55 | M48: 33.81 | N48: =IF(L48="","",ROUND(D48*M48,2)) -> 153.84 | O48: =IF(E48="","",ROUND(E48*M48,2)) | P48: =IF(F48="","",ROUND(F48*M48,2)) | Q48: =IF(G48="","",ROUND(G48*M48,2)) -> 153.84 | R48: =IF(H48="","",ROUND(H48*M48,2)) | S48: =IF(I48="","",ROUND(I48*M48,2)) | T48: =IF(J48="","",ROUND(J48*M48,2)) | U48: =IF(K48="","",ROUND(K48*M48,2)) | V48: =IF(N48="","",SUM(O48:U48)) -> 153.84 | W48: =IF(N48="","",N48-V48) -> 0
A49: 001.003.006. . . . | B49: EDIFICAÇÕES | L49: =IF(D49="","",SUM(E49:K49)) | N49: =IF(L49="","",ROUND(D49*M49,2)) | O49: =IF(E49="","",ROUND(E49*M49,2)) | P49: =IF(F49="","",ROUND(F49*M49,2)) | Q49: =IF(G49="","",ROUND(G49*M49,2)) | R49: =IF(H49="","",ROUND(H49*M49,2)) | S49: =IF(I49="","",ROUND(I49*M49,2)) | T49: =IF(J49="","",ROUND(J49*M49,2)) | U49: =IF(K49="","",ROUND(K49*M49,2)) | V49: =IF(N49="","",SUM(O49:U49)) | W49: =IF(N49="","",N49-V49)
A50: 001.003.006.001. . . | B50: Cobogó de cimento, tipo "escama", dim: 50 x 50cm | C50: m2 | D50: 3.15 | I50: 3.15 | L50: =IF(D50="","",SUM(E50:K50)) -> 3.15 | M50: 135.94 | N50: =IF(L50="","",ROUND(D50*M50,2)) -> 428.21 | O50: =IF(E50="","",ROUND(E50*M50,2)) | P50: =IF(F50="","",ROUND(F50*M50,2)) | Q50: =IF(G50="","",ROUND(G50*M50,2)) | R50: =IF(H50="","",ROUND(H50*M50,2)) | S50: =IF(I50="","",ROUND(I50*M50,2)) -> 428.21 | T50: =IF(J50="","",ROUND(J50*M50,2)) | U50: =IF(K50="","",ROUND(K50*M50,2)) | V50: =IF(N50="","",SUM(O50:U50)) -> 428.21 | W50: =IF(N50="","",N50-V50) -> 0
A51: 001.003.006.002. . . | B51: Alvenaria bloco cerâmico vedação, 9x19x24cm, e=9cm, com argamassa t5 - 1:2:8 (cimento/cal/areia), junta=1cm - Rev.09 | C51: m2 | D51: 23.54 | I51: 23.54 | L51: =IF(D51="","",SUM(E51:K51)) -> 23.54 | M51: 46.17 | N51: =IF(L51="","",ROUND(D51*M51,2)) -> 1086.84 | O51: =IF(E51="","",ROUND(E51*M51,2)) | P51: =IF(F51="","",ROUND(F51*M51,2)) | Q51: =IF(G51="","",ROUND(G51*M51,2)) | R51: =IF(H51="","",ROUND(H51*M51,2)) | S51: =IF(I51="","",ROUND(I51*M51,2)) -> 1086.84 | T51: =IF(J51="","",ROUND(J51*M51,2)) | U51: =IF(K51="","",ROUND(K51*M51,2)) | V51: =IF(N51="","",SUM(O51:U51)) -> 1086.84 | W51: =IF(N51="","",N51-V51) -> 0
A52: 001.003.006.003. . . | B52: Alvenaria bloco concreto vedação 9x19x39cm, e= 0,09m, com argamassa traço t5 - 1:2:8 (cimento/cal/areia), junta de 1,0cm - Rev.06 | C52: m2 | D52: 29.98 | I52: 29.98 | L52: =IF(D52="","",SUM(E52:K52)) -> 29.98 | M52: 63.55 | N52: =IF(L52="","",ROUND(D52*M52,2)) -> 1905.23 | O52: =IF(E52="","",ROUND(E52*M52,2)) | P52: =IF(F52="","",ROUND(F52*M52,2)) | Q52: =IF(G52="","",ROUND(G52*M52,2)) | R52: =IF(H52="","",ROUND(H52*M52,2)) | S52: =IF(I52="","",ROUND(I52*M52,2)) -> 1905.23 | T52: =IF(J52="","",ROUND(J52*M52,2)) | U52: =IF(K52="","",ROUND(K52*M52,2)) | V52: =IF(N52="","",SUM(O52:U52)) -> 1905.23 | W52: =IF(N52="","",N52-V52) -> 0
A53: 001.003.006.004. . . | B53: Chapisco em parede com argamassa traço t1 - 1:3 (cimento / areia) - Revisado 08/2015 | C53: m2 | D53: 53.51 | I53: 53.51 | L53: =IF(D53="","",SUM(E53:K53)) -> 53.51 | M53: 6.45 | N53: =IF(L53="","",ROUND(D53*M53,2)) -> 345.14 | O53: =IF(E53="","",ROUND(E53*M53,2)) | P53: =IF(F53="","",ROUND(F53*M53,2)) | Q53: =IF(G53="","",ROUND(G53*M53,2)) | R53: =IF(H53="","",ROUND(H53*M53,2)) | S53: =IF(I53="","",ROUND(I53*M53,2)) -> 345.14 | T53: =IF(J53="","",ROUND(J53*M53,2)) | U53: =IF(K53="","",ROUND(K53*M53,2)) | V53: =IF(N53="","",SUM(O53:U53)) -> 345.14 | W53: =IF(N53="","",N53-V53) -> 0
A54: 001.003.006.005. . . | B54: Reboco ou emboço interno, de parede, com argamassa traço t6 - 1:2:10 (cimento / cal / areia), espessura 1,5 cm | C54: m2 | D54: 23.54 | I54: 23.54 | L54: =IF(D54="","",SUM(E54:K54)) -> 23.54 | M54: 30.03 | N54: =IF(L54="","",ROUND(D54*M54,2)) -> 706.91 | O54: =IF(E54="","",ROUND(E54*M54,2)) | P54: =IF(F54="","",ROUND(F54*M54,2)) | Q54: =IF(G54="","",ROUND(G54*M54,2)) | R54: =IF(H54="","",ROUND(H54*M54,2)) | S54: =IF(I54="","",ROUND(I54*M54,2)) -> 706.91 | T54: =IF(J54="","",ROUND(J54*M54,2)) | U54: =IF(K54="","",ROUND(K54*M54,2)) | V54: =IF(N54="","",SUM(O54:U54)) -> 706.91 | W54: =IF(N54="","",N54-V54) -> 0
A55: 001.003.006.006. . . | B55: Reboco ou emboço externo, de parede, com argamassa traço t5 - 1:2:8 (cimento / cal / areia), espessura 2,5 cm | C55: m2 | D55: 25.47 | I55: 25.47 | L55: =IF(D55="","",SUM(E55:K55)) -> 25.47 | M55: 36.56 | N55: =IF(L55="","",ROUND(D55*M55,2)) -> 931.18 | O55: =IF(E55="","",ROUND(E55*M55,2)) | P55: =IF(F55="","",ROUND(F55*M55,2)) | Q55: =IF(G55="","",ROUND(G55*M55,2)) | R55: =IF(H55="","",ROUND(H55*M55,2)) | S55: =IF(I55="","",ROUND(I55*M55,2)) -> 931.18 | T55: =IF(J55="","",ROUND(J55*M55,2)) | U55: =IF(K55="","",ROUND(K55*M55,2)) | V55: =IF(N55="","",SUM(O55:U55)) -> 931.18 | W55: =IF(N55="","",N55-V55) -> 0
A56: 001.003.006.007. . . | B56: Pintura de acabamento com aplicação de 02 demãos de tinta PVA latex para interiores - cores convencionais | C56: m2 | D56: 23.54 | I56: 23.54 | L56: =IF(D56="","",SUM(E56:K56)) -> 23.54 | M56: 15.18 | N56: =IF(L56="","",ROUND(D56*M56,2)) -> 357.34 | O56: =IF(E56="","",ROUND(E56*M56,2)) | P56: =IF(F56="","",ROUND(F56*M56,2)) | Q56: =IF(G56="","",ROUND(G56*M56,2)) | R56: =IF(H56="","",ROUND(H56*M56,2)) | S56: =IF(I56="","",ROUND(I56*M56,2)) -> 357.34 | T56: =IF(J56="","",ROUND(J56*M56,2)) | U56: =IF(K56="","",ROUND(K56*M56,2)) | V56: =IF(N56="","",SUM(O56:U56)) -> 357.34 | W56: =IF(N56="","",N56-V56) -> 0
A57: 001.003.006.008. . . | B57: Pintura de acabamento com aplicação de 02 demãos de tinta PVA latex para exteriores - cores convencionais | C57: m2 | D57: 25.47 | I57: 25.47 | L57: =IF(D57="","",SUM(E57:K57)) -> 25.47 | M57: 15.18 | N57: =IF(L57="","",ROUND(D57*M57,2)) -> 386.63 | O57: =IF(E57="","",ROUND(E57*M57,2)) | P57: =IF(F57="","",ROUND(F57*M57,2)) | Q57: =IF(G57="","",ROUND(G57*M57,2)) | R57: =IF(H57="","",ROUND(H57*M57,2)) | S57: =IF(I57="","",ROUND(I57*M57,2)) -> 386.63 | T57: =IF(J57="","",ROUND(J57*M57,2)) | U57: =IF(K57="","",ROUND(K57*M57,2)) | V57: =IF(N57="","",SUM(O57:U57)) -> 386.63 | W57: =IF(N57="","",N57-V57) -> 0
A58: 001.003.006.009. . . | B58: Madeiramento em massaranduba/madeira de lei, acabamento aparelhado, c/ ripão 5 x 3 cm e ripa 4 x 1,5cm, exclusive peças principais | C58: m2 | D58: 62.53 | I58: 62.53 | L58: =IF(D58="","",SUM(E58:K58)) -> 62.53 | M58: 117.52 | N58: =IF(L58="","",ROUND(D58*M58,2)) -> 7348.53 | O58: =IF(E58="","",ROUND(E58*M58,2)) | P58: =IF(F58="","",ROUND(F58*M58,2)) | Q58: =IF(G58="","",ROUND(G58*M58,2)) | R58: =IF(H58="","",ROUND(H58*M58,2)) | S58: =IF(I58="","",ROUND(I58*M58,2)) -> 7348.53 | T58: =IF(J58="","",ROUND(J58*M58,2)) | U58: =IF(K58="","",ROUND(K58*M58,2)) | V58: =IF(N58="","",SUM(O58:U58)) -> 7348.53 | W58: =IF(N58="","",N58-V58) -> 0
A59: 001.003.006.010. . . | B59: Madeiramento em massaranduba para telhado, peça principal serrada 8 x18cm com abertura de encaixes | C59: m | D59: 19.5 | I59: 19.5 | L59: =IF(D59="","",SUM(E59:K59)) -> 19.5 | M59: 107.74 | N59: =IF(L59="","",ROUND(D59*M59,2)) -> 2100.93 | O59: =IF(E59="","",ROUND(E59*M59,2)) | P59: =IF(F59="","",ROUND(F59*M59,2)) | Q59: =IF(G59="","",ROUND(G59*M59,2)) | R59: =IF(H59="","",ROUND(H59*M59,2)) | S59: =IF(I59="","",ROUND(I59*M59,2)) -> 2100.93 | T59: =IF(J59="","",ROUND(J59*M59,2)) | U59: =IF(K59="","",ROUND(K59*M59,2)) | V59: =IF(N59="","",SUM(O59:U59)) -> 2100.93 | W59: =IF(N59="","",N59-V59) -> 0
A60: 001.003.006.011. . . | B60: Telhamento com telha cerâmica tipo canal, vermelha, 1ª qualidade - R1 | C60: m2 | D60: 62.53 | I60: 62.53 | L60: =IF(D60="","",SUM(E60:K60)) -> 62.53 | M60: 66.08 | N60: =IF(L60="","",ROUND(D60*M60,2)) -> 4131.98 | O60: =IF(E60="","",ROUND(E60*M60,2)) | P60: =IF(F60="","",ROUND(F60*M60,2)) | Q60: =IF(G60="","",ROUND(G60*M60,2)) | R60: =IF(H60="","",ROUND(H60*M60,2)) | S60: =IF(I60="","",ROUND(I60*M60,2)) -> 4131.98 | T60: =IF(J60="","",ROUND(J60*M60,2)) | U60: =IF(K60="","",ROUND(K60*M60,2)) | V60: =IF(N60="","",SUM(O60:U60)) -> 4131.98 | W60: =IF(N60="","",N60-V60) -> 0
A61: 001.003.007. . . . | B61: PORTAS, PORTÕES E ESQUADRIAS | L61: =IF(D61="","",SUM(E61:K61)) | N61: =IF(L61="","",ROUND(D61*M61,2)) | O61: =IF(E61="","",ROUND(E61*M61,2)) | P61: =IF(F61="","",ROUND(F61*M61,2)) | Q61: =IF(G61="","",ROUND(G61*M61,2)) | R61: =IF(H61="","",ROUND(H61*M61,2)) | S61: =IF(I61="","",ROUND(I61*M61,2)) | T61: =IF(J61="","",ROUND(J61*M61,2)) | U61: =IF(K61="","",ROUND(K61*M61,2)) | V61: =IF(N61="","",SUM(O61:U61)) | W61: =IF(N61="","",N61-V61)
A62: 001.003.007.001. . . | B62: Porta em madeira de lei, almofadada, 0.80 x 2.10 m, inclusive batentes e ferragens | C62: un | D62: 1 | J62: 1 | L62: =IF(D62="","",SUM(E62:K62)) -> 1 | M62: 1820.34 | N62: =IF(L62="","",ROUND(D62*M62,2)) -> 1820.34 | O62: =IF(E62="","",ROUND(E62*M62,2)) | P62: =IF(F62="","",ROUND(F62*M62,2)) | Q62: =IF(G62="","",ROUND(G62*M62,2)) | R62: =IF(H62="","",ROUND(H62*M62,2)) | S62: =IF(I62="","",ROUND(I62*M62,2)) | T62: =IF(J62="","",ROUND(J62*M62,2)) -> 1820.34 | U62: =IF(K62="","",ROUND(K62*M62,2)) | V62: =IF(N62="","",SUM(O62:U62)) -> 1820.34 | W62: =IF(N62="","",N62-V62) -> 0
A63: 001.003.007.002. . . | B63: Grade ferro tipo tijolinho, perfil 1/2 " x 1/8" | C63: m2 | D63: 2.1 | J63: 2.1 | L63: =IF(D63="","",SUM(E63:K63)) -> 2.1 | M63: 167.88 | N63: =IF(L63="","",ROUND(D63*M63,2)) -> 352.55 | O63: =IF(E63="","",ROUND(E63*M63,2)) | P63: =IF(F63="","",ROUND(F63*M63,2)) | Q63: =IF(G63="","",ROUND(G63*M63,2)) | R63: =IF(H63="","",ROUND(H63*M63,2)) | S63: =IF(I63="","",ROUND(I63*M63,2)) | T63: =IF(J63="","",ROUND(J63*M63,2)) -> 352.55 | U63: =IF(K63="","",ROUND(K63*M63,2)) | V63: =IF(N63="","",SUM(O63:U63)) -> 352.55 | W63: =IF(N63="","",N63-V63) -> 0
A64: 001.003.008. . . . | B64: CAIXAS DE PASSAGEM E ACESSÓRIOS | L64: =IF(D64="","",SUM(E64:K64)) | N64: =IF(L64="","",ROUND(D64*M64,2)) | O64: =IF(E64="","",ROUND(E64*M64,2)) | P64: =IF(F64="","",ROUND(F64*M64,2)) | Q64: =IF(G64="","",ROUND(G64*M64,2)) | R64: =IF(H64="","",ROUND(H64*M64,2)) | S64: =IF(I64="","",ROUND(I64*M64,2)) | T64: =IF(J64="","",ROUND(J64*M64,2)) | U64: =IF(K64="","",ROUND(K64*M64,2)) | V64: =IF(N64="","",SUM(O64:U64)) | W64: =IF(N64="","",N64-V64)
A65: 001.003.008.001. . . | B65: Guarda-corpo em tubos de aço galvanizado, h = 1,10m, com barras verticais a cada 0,75m (1 1/2"), 3 (tres) tubos horizontais intermediários (1 1/2") e tubo horizontal superior (2") | C65: m | D65: 39 | H65: 39 | L65: =IF(D65="","",SUM(E65:K65)) -> 39 | M65: 651.24 | N65: =IF(L65="","",ROUND(D65*M65,2)) -> 25398.36 | O65: =IF(E65="","",ROUND(E65*M65,2)) | P65: =IF(F65="","",ROUND(F65*M65,2)) | Q65: =IF(G65="","",ROUND(G65*M65,2)) | R65: =IF(H65="","",ROUND(H65*M65,2)) -> 25398.36 | S65: =IF(I65="","",ROUND(I65*M65,2)) | T65: =IF(J65="","",ROUND(J65*M65,2)) | U65: =IF(K65="","",ROUND(K65*M65,2)) | V65: =IF(N65="","",SUM(O65:U65)) -> 25398.36 | W65: =IF(N65="","",N65-V65) -> 0
A66: 001.003.008.002. . . | B66: Caixa de passagem em alvenaria de tijolos maciços esp. = 0,12m, dim. int. = 0,30 x 0,30 x 0,30m | C66: un | D66: 7 | H66: 7 | L66: =IF(D66="","",SUM(E66:K66)) -> 7 | M66: 133.13 | N66: =IF(L66="","",ROUND(D66*M66,2)) -> 931.91 | O66: =IF(E66="","",ROUND(E66*M66,2)) | P66: =IF(F66="","",ROUND(F66*M66,2)) | Q66: =IF(G66="","",ROUND(G66*M66,2)) | R66: =IF(H66="","",ROUND(H66*M66,2)) -> 931.91 | S66: =IF(I66="","",ROUND(I66*M66,2)) | T66: =IF(J66="","",ROUND(J66*M66,2)) | U66: =IF(K66="","",ROUND(K66*M66,2)) | V66: =IF(N66="","",SUM(O66:U66)) -> 931.91 | W66: =IF(N66="","",N66-V66) -> 0
A67: 001.003.008.003. . . | B67: Caixa de passagem em alvenaria de tijolos maciços esp. = 0,12m, dim. int. = 1.00 x 1.00 x 0,60m | C67: un | D67: 2 | H67: 2 | L67: =IF(D67="","",SUM(E67:K67)) -> 2 | M67: 962.59 | N67: =IF(L67="","",ROUND(D67*M67,2)) -> 1925.18 | O67: =IF(E67="","",ROUND(E67*M67,2)) | P67: =IF(F67="","",ROUND(F67*M67,2)) | Q67: =IF(G67="","",ROUND(G67*M67,2)) | R67: =IF(H67="","",ROUND(H67*M67,2)) -> 1925.18 | S67: =IF(I67="","",ROUND(I67*M67,2)) | T67: =IF(J67="","",ROUND(J67*M67,2)) | U67: =IF(K67="","",ROUND(K67*M67,2)) | V67: =IF(N67="","",SUM(O67:U67)) -> 1925.18 | W67: =IF(N67="","",N67-V67) -> 0
A68: 001.003.008.004. . . | B68: Concreto simples usinado fck=15mpa, bombeado, lançado e adensado em superestrura | C68: m3 | D68: 0.04 | H68: 0.04 | L68: =IF(D68="","",SUM(E68:K68)) -> 0.04 | M68: 505.36 | N68: =IF(L68="","",ROUND(D68*M68,2)) -> 20.21 | O68: =IF(E68="","",ROUND(E68*M68,2)) | P68: =IF(F68="","",ROUND(F68*M68,2)) | Q68: =IF(G68="","",ROUND(G68*M68,2)) | R68: =IF(H68="","",ROUND(H68*M68,2)) -> 20.21 | S68: =IF(I68="","",ROUND(I68*M68,2)) | T68: =IF(J68="","",ROUND(J68*M68,2)) | U68: =IF(K68="","",ROUND(K68*M68,2)) | V68: =IF(N68="","",SUM(O68:U68)) -> 20.21 | W68: =IF(N68="","",N68-V68) -> 0
A69: 001.003.008.005. . . | B69: Alvenaria tijolo cerâmico maciço (5x9x19), esp = 0,09m (singela), com argamassa traço t5 - 1:2:8 (cimento / cal / areia) c/ junta de 2,0cm - R1 | C69: m2 | D69: 4.8 | H69: 4.8 | L69: =IF(D69="","",SUM(E69:K69)) -> 4.8 | M69: 98.42 | N69: =IF(L69="","",ROUND(D69*M69,2)) -> 472.42 | O69: =IF(E69="","",ROUND(E69*M69,2)) | P69: =IF(F69="","",ROUND(F69*M69,2)) | Q69: =IF(G69="","",ROUND(G69*M69,2)) | R69: =IF(H69="","",ROUND(H69*M69,2)) -> 472.42 | S69: =IF(I69="","",ROUND(I69*M69,2)) | T69: =IF(J69="","",ROUND(J69*M69,2)) | U69: =IF(K69="","",ROUND(K69*M69,2)) | V69: =IF(N69="","",SUM(O69:U69)) -> 472.42 | W69: =IF(N69="","",N69-V69) -> 0
A70: 001.003.009. . . . | B70: INSTALAÇAO E MONTAGEM | L70: =IF(D70="","",SUM(E70:K70)) | N70: =IF(L70="","",ROUND(D70*M70,2)) | O70: =IF(E70="","",ROUND(E70*M70,2)) | P70: =IF(F70="","",ROUND(F70*M70,2)) | Q70: =IF(G70="","",ROUND(G70*M70,2)) | R70: =IF(H70="","",ROUND(H70*M70,2)) | S70: =IF(I70="","",ROUND(I70*M70,2)) | T70: =IF(J70="","",ROUND(J70*M70,2)) | U70: =IF(K70="","",ROUND(K70*M70,2)) | V70: =IF(N70="","",SUM(O70:U70)) | W70: =IF(N70="","",N70-V70)
A71: 001.003.009.001. . . | B71: Equipe de montagem hidromecânica - Instalacao de conj.moto bomba horizontal de 100 a 150 cv | C71: h | D71: 48 | H71: =D71*0.5 -> 24 | I71: =H71 -> 24 | L71: =IF(D71="","",SUM(E71:K71)) -> 48 | M71: 85.02 | N71: =IF(L71="","",ROUND(D71*M71,2)) -> 4080.96 | O71: =IF(E71="","",ROUND(E71*M71,2)) | P71: =IF(F71="","",ROUND(F71*M71,2)) | Q71: =IF(G71="","",ROUND(G71*M71,2)) | R71: =IF(H71="","",ROUND(H71*M71,2)) -> 2040.48 | S71: =IF(I71="","",ROUND(I71*M71,2)) -> 2040.48 | T71: =IF(J71="","",ROUND(J71*M71,2)) | U71: =IF(K71="","",ROUND(K71*M71,2)) | V71: =IF(N71="","",SUM(O71:U71)) -> 4080.96 | W71: =IF(N71="","",N71-V71) -> 0
A72: 001.003.009.002. . . | B72: Equipe de instalação elétrica | C72: h | D72: 176 | H72: =D72*0.5 -> 88 | I72: =H72 -> 88 | L72: =IF(D72="","",SUM(E72:K72)) -> 176 | M72: 72.37 | N72: =IF(L72="","",ROUND(D72*M72,2)) -> 12737.12 | O72: =IF(E72="","",ROUND(E72*M72,2)) | P72: =IF(F72="","",ROUND(F72*M72,2)) | Q72: =IF(G72="","",ROUND(G72*M72,2)) | R72: =IF(H72="","",ROUND(H72*M72,2)) -> 6368.56 | S72: =IF(I72="","",ROUND(I72*M72,2)) -> 6368.56 | T72: =IF(J72="","",ROUND(J72*M72,2)) | U72: =IF(K72="","",ROUND(K72*M72,2)) | V72: =IF(N72="","",SUM(O72:U72)) -> 12737.12 | W72: =IF(N72="","",N72-V72) -> 0
A73: 001.003.009.003. . . | B73: Montagem de Equipamentos e Materiais Diversos em Ferro Fundido ou Aço | C73: kg | D73: 6600 | H73: =D73*0.5 -> 3300 | I73: =H73 -> 3300 | L73: =IF(D73="","",SUM(E73:K73)) -> 6600 | M73: 12.09 | N73: =IF(L73="","",ROUND(D73*M73,2)) -> 79794 | O73: =IF(E73="","",ROUND(E73*M73,2)) | P73: =IF(F73="","",ROUND(F73*M73,2)) | Q73: =IF(G73="","",ROUND(G73*M73,2)) | R73: =IF(H73="","",ROUND(H73*M73,2)) -> 39897 | S73: =IF(I73="","",ROUND(I73*M73,2)) -> 39897 | T73: =IF(J73="","",ROUND(J73*M73,2)) | U73: =IF(K73="","",ROUND(K73*M73,2)) | V73: =IF(N73="","",SUM(O73:U73)) -> 79794 | W73: =IF(N73="","",N73-V73) -> 0
A74: 001.003.010. . . . | B74: LIMPEZA | L74: =IF(D74="","",SUM(E74:K74)) | N74: =IF(L74="","",ROUND(D74*M74,2)) | O74: =IF(E74="","",ROUND(E74*M74,2)) | P74: =IF(F74="","",ROUND(F74*M74,2)) | Q74: =IF(G74="","",ROUND(G74*M74,2)) | R74: =IF(H74="","",ROUND(H74*M74,2)) | S74: =IF(I74="","",ROUND(I74*M74,2)) | T74: =IF(J74="","",ROUND(J74*M74,2)) | U74: =IF(K74="","",ROUND(K74*M74,2)) | V74: =IF(N74="","",SUM(O74:U74)) | W74: =IF(N74="","",N74-V74)
